 Dungeon Crawl Stone Soup version 0.24-a0-361-g57161393b2 (webtiles) character file.

Game seed: 5741080487012354789

1727999 JellyEater the Conqueror (level 27, -5/298 HPs)
             Began as a Gargoyle Earth Elementalist on May 22, 2019.
             Was the Champion of Vehumet.
             Killed by divine providence
             ... invoked by a balrug
             ... summoned by Pilackaq
              (7 damage)
             ... on level 23 of a ziggurat on May 26, 2019.
             The game lasted 15:01:51 (143021 turns).

JellyEater the Conqueror (GrEE)                   Turns: 143021, Time: 15:01:52

Health: -5/298     AC: 34    Str: 14    XL:     27
Magic:  64/72      EV:  2    Int: 39    God:    Vehumet [******]
Gold:   37519      SH:  9    Dex: 10    Spells: 0/80 levels left

rFire    + + +     SeeInvis +   e - +3 Elemental Staff {rElec rF++ rC++ MR++ AC+5}
rCold    + + +     Gourm    .   F - -1 buckler of Loss {Int+4 SInv}
rNeg     + + +     Faith    .   (armour currently unavailable)
rPois    ∞         Spirit   .   (helmet currently unavailable)
rElec    +         Reflect  .   (cloak currently unavailable)
rCorr    .         Harm     .   (gloves currently unavailable)
MR       +++++     Clarity  +   (boots currently unavailable) Stlth +++++++++.NoTele +
                                Y - macabre finger necklace {rN+}
HPRegen  0.59/turn              v - ring of Igocunn {+Inv rF+ rC+ Int+2 SInv}
MPRegen  0.43/turn              O - ring "Dahu" {rN+ MP+9 Int+6}
                                A - ring "Haesoirph" {rPois rF+ MR+ MP+9 Slay+2}

@: tree-form (expiring), no potions, corroded, very slightly contaminated,
silenced
A: clarity, negative energy resistance 1, petrification resistance, rot
immunity, AC +20
}: 11/15 runes: barnacled, slimy, silver, golden, abyssal, demonic, glowing,
magical, fiery, dark, gossamer
a: Renounce Religion, Evoke Invisibility


You were on level 23 of a ziggurat.
You worshipped Vehumet.
Vehumet was exalted by your worship.
You were completely stuffed.
You were a tree.
You visited 14 branches of the dungeon, and saw 62 of its levels.
You visited Pandemonium 1 time, and saw 18 of its levels.
You visited the Abyss 3 times.
You visited 1 bazaar.
You visited 9 ziggurats (completing 7), and saw 228 of their levels.
You also visited: Bailey, Gauntlet, Ice Cave and Wizlab.

You collected 44958 gold pieces.
You spent 7439 gold pieces at shops.

Inventory:

Hand Weapons
 e - the +3 Elemental Staff (weapon) {rElec rF++ rC++ MR++ AC+5}
   (You found it on level 18 of a ziggurat)

   It affects your AC (+5).
   It greatly protects you from fire.
   It greatly protects you from cold.
   It insulates you from electricity.
   It affects your resistance to hostile enchantments.
 f - a +9 eudemon blade of holy wrath
 g - the +18 lance "Wyrmbane" {slay drac, rPois rF+ rC+ AC+3}
   (You found it on level 18 of a ziggurat)

   It affects your AC (+3).
   It protects you from fire.
   It protects you from cold.
   It protects you from poison.
 l - the +3 sling "Punk" {acid, rCorr}
   (You found it on level 9 of a ziggurat)

   It provides partial protection from all sources of acid and corrosion.
 s - the +6 Majin-Bo {vamp, Archmagi MP+6 Int+6}
   (You found it on level 20 of a ziggurat)

   It inflicts no extra harm, but heals its wielder when it wounds a living foe.
   It affects your intelligence (+6).
   It affects your magic capacity (+6).
 w - the +6 shillelagh "Devastator" {shatter}
   (You found it on level 16 of a ziggurat)
Missiles
 p - 1378 silver javelins (quivered)
 C - 68 throwing nets
Armour
 j - the +3 crown of Dyrovepreva (melded) {rElec Int+2 SInv}
   (You found it on level 3 of the Elven Halls)

   It affects your intelligence (+2).
   It insulates you from electricity.
   It lets you see invisible.
 u - the +0 pair of gloves of Resourcefulness (melded) {Str+5}
   (You found it on level 27 of a ziggurat)

   It affects your strength (+5).
 x - the +4 moon troll leather armour (melded) {Spirit, Regen++ MP+5}
   (You found it on level 3 of the Spider Nest)

   It affects your magic capacity (+5).
   It increases your rate of regeneration.
 F - the -1 buckler of Loss (worn) {Int+4 SInv}
   (You found it on level 9 of the Dungeon)

   It affects your intelligence (+4).
   It lets you see invisible.
 U - a +2 cloak of magic resistance (melded)
 W - the +2 pair of boots of the Assassin (melded) {Detection Stab+ Stlth++}
   (You found it on level 27 of a ziggurat)

   It makes you much more stealthy.
Magical Staves
 T - an uncursed staff of energy
Jewellery
 t - the ring "Zigot" {*Tele Stlth+, unknown}
   (You found it on level 21 of a ziggurat)

   [ring of teleportation]

   It may teleport you next to monsters.
   It makes you more stealthy.
 v - the ring of Igocunn (left branch) {+Inv rF+ rC+ Int+2 SInv}
   (You found it on level 4 of the Shoals)

   [ring of see invisible]

   It affects your intelligence (+2).
   It protects you from fire.
   It protects you from cold.
   It lets you see invisible.
   It lets you turn invisible.
 z - the ring "Voagusauvi" {+Inv MR+++ Int+3 Dex-2 Slay+2}
   (You found it on level 13 of a ziggurat)

   [ring of intelligence]

   It affects your intelligence (+3).
   It affects your dexterity (-2).
   It affects your accuracy and damage with ranged weapons and melee attacks
   (+2).
   It affects your resistance to hostile enchantments.
   It lets you turn invisible.
 A - the ring "Haesoirph" (on amulet) {rPois rF+ MR+ MP+9 Slay+2}
   (You bought it in a shop on level 1 of the Depths)

   [ring of magical power]

   It affects your accuracy and damage with ranged weapons and melee attacks
   (+2).
   It protects you from fire.
   It protects you from poison.
   It affects your resistance to hostile enchantments.
   It affects your magic capacity (+9).
 E - the ring of the Raven {rCorr Int+4 SInv}
   (You found it on level 22 of a ziggurat)

   [ring of resist corrosion]

   It affects your intelligence (+4).
   It lets you see invisible.
   It provides partial protection from all sources of acid and corrosion.
 O - the ring "Dahu" (right branch) {rN+ MP+9 Int+6}
   (You found it on level 17 of a ziggurat)

   [ring of magical power]

   It affects your intelligence (+6).
   It protects you from negative energy.
   It affects your magic capacity (+9).
 Y - the macabre finger necklace (around neck) {rN+}
   (You found it on level 5 of the Vaults)

   [amulet of nothing]

   It protects you from negative energy.
Wands
 n - a wand of clouds (3)
 y - a wand of acid (80)
Scrolls
 a - 172 scrolls of remove curse
 m - 143 scrolls of teleportation
 D - 54 scrolls of amnesia
 I - 13 scrolls of blinking
 K - 7 scrolls of summoning
 M - 123 scrolls of fog
 R - 48 scrolls of magic mapping
 Z - 60 scrolls of holy word
Potions
 b - 2 potions of might
 c - 126 potions of mutation
 h - 20 potions of curing
 i - 11 potions of experience
 k - 9 potions of berserk rage
 o - 17 potions of haste
 q - 9 potions of heal wounds
 r - 2 potions of agility
 B - 3 potions of magic
 P - 8 potions of resistance
 Q - 10 potions of brilliance
 S - a potion of cancellation
Miscellaneous
 J - 61 boxes of beasts
 L - 81 phantom mirrors
Comestibles
 d - 123 rations


   Skills:
 O Level 27 Fighting
 O Level 27 Short Blades
 O Level 27 Long Blades
 O Level 27 Axes
 O Level 27 Maces & Flails
 O Level 27 Polearms
 O Level 27 Staves
 O Level 27 Slings
 O Level 27 Bows
 O Level 27 Crossbows
 O Level 27 Throwing
 O Level 27 Armour
 O Level 27 Dodging
 O Level 27 Stealth
 O Level 27 Shields
 O Level 27 Unarmed Combat
 O Level 27 Spellcasting
 O Level 27 Conjurations
 O Level 27 Hexes
 O Level 27 Charms
 O Level 27 Summonings
 O Level 27 Necromancy
 O Level 27 Translocations
 O Level 27 Transmutations
 O Level 27 Fire Magic
 O Level 27 Ice Magic
 O Level 27 Air Magic
 O Level 27 Earth Magic
 O Level 27 Poison Magic
 O Level 27 Invocations
 O Level 27 Evocations


You couldn't memorise any spells.
You knew the following spells:

 Your Spells              Type           Power        Failure   Level  Hunger
a - Shatter               Erth           ########..   1%          9    None
b - Tornado               Air            ########..   1%          9    None
c - Lehudib's Crystal Sp  Conj/Erth      ########..   1%          8    None
d - Iron Shot             Conj/Erth      ########..   0%          6    None
f - Bolt of Fire          Conj/Fire      ########..   0%          6    None
g - Ignition              Fire           ########..   1%          8    None
h - Fire Storm            Conj/Fire      ########..   1%          9    None
i - Glaciate              Conj/Ice       ########..   1%          9    None
j - Necromutation         Tmut/Necr      ########..   1%          8    None
k - Controlled Blink      Tloc           N/A          1%          8    None

Your spell library contained the following spells:

 Spells                   Type           Power        Failure   Level  Hunger
 Chain Lightning          Conj/Air       ########..   1%          8    None
 Animate Skeleton         Necr           N/A          0%          1    None
 Apportation              Tloc           ######       0%          1    None
 Beastly Appendage        Tmut           ######       0%          1    None
 Confusing Touch          Hex            ######       0%          1    None
 Corona                   Hex            #######      0%          1    None
 Flame Tongue             Conj/Fire      #####        0%          1    None
 Freeze                   Ice            ####         0%          1    None
 Infusion                 Chrm           ####         0%          1    None
 Magic Dart               Conj           ####         0%          1    None
 Pain                     Necr           ####         0%          1    None
 Sandblast                Erth           ######       0%          1    None
 Shock                    Conj/Air       ####         0%          1    None
 Sting                    Conj/Pois      ####         0%          1    None
 Summon Butterflies       Summ           ########     0%          1    None
 Summon Small Mammal      Summ           ####         0%          1    None
 Blink                    Tloc           N/A          0%          2    None
 Call Imp                 Summ           ########     0%          2    None
 Corpse Rot               Necr           N/A          0%          2    None
 Ensorcelled Hibernation  Hex/Ice        ######       0%          2    None
 Passwall                 Tmut/Erth      ########     0%          2    None
 Poisonous Vapours        Pois/Air       ######       0%          2    None
 Searing Ray              Conj           ######       0%          2    None
 Shroud of Golubria       Chrm/Tloc      ########..   0%          2    None
 Slow                     Hex            ########     0%          2    None
 Song of Slaying          Chrm           ########     0%          2    None
 Sticks to Snakes         Tmut           ########     0%          2    None
 Swiftness                Chrm/Air       ########     0%          2    None
 Throw Flame              Conj/Fire      ######       0%          2    None
 Throw Frost              Conj/Ice       ######       0%          2    None
 Call Canine Familiar     Summ           ########     0%          3    None
 Confuse                  Hex            ########     0%          3    None
 Conjure Flame            Conj/Fire      ########     0%          3    None
 Dazzling Spray           Conj/Hex       ######       0%          3    None
 Gell's Gravitas          Tloc           ########..   0%          3    None
 Ignite Poison            Fire/Tmut/Pois ########     0%          3    None
 Inner Flame              Hex/Fire       ########     0%          3    None
 Lesser Beckoning         Tloc           ########..   0%          3    None
 Mephitic Cloud           Conj/Pois/Air  ########     0%          3    None
 Ozocubu's Armour         Chrm/Ice       ########     0%          3    None
 Portal Projectile        Hex/Tloc       ######       0%          3    None
 Recall                   Summ/Tloc      N/A          0%          3    None
 Regeneration             Chrm/Necr      ########..   0%          3    None
 Spectral Weapon          Hex/Chrm       ########     0%          3    None
 Spider Form              Tmut/Pois      ########..   0%          3    None
 Static Discharge         Conj/Air       ########     0%          3    None
 Stone Arrow              Conj/Erth      ######       0%          3    None
 Summon Guardian Golem    Hex/Summ       ########     0%          3    None
 Teleport Other           Tloc           ########     0%          3    None
 Tukima's Dance           Hex            ########     0%          3    None
 Vampiric Draining        Necr           ########..   0%          3    None
 Airstrike                Air            ########..   0%          4    None
 Animate Dead             Necr           N/A          0%          4    None
 Cause Fear               Hex            ########..   0%          4    None
 Force Lance              Conj/Tloc      ########     0%          4    None
 Fulminant Prism          Conj/Hex       ########..   0%          4    None
 Ice Form                 Ice/Tmut       ########     0%          4    None
 Iskenderun's Mystic Bla  Conj           ########     0%          4    None
 Leda's Liquefaction      Hex/Erth       ########..   0%          4    None
 Olgreb's Toxic Radiance  Pois           ########     0%          4    None
 Passage of Golubria      Tloc           N/A          0%          4    None
 Petrify                  Tmut/Erth      ########     0%          4    None
 Sticky Flame             Conj/Fire      ########     0%          4    None
 Summon Ice Beast         Ice/Summ       ########     0%          4    None
 Summon Lightning Spire   Summ/Air       ########     0%          4    None
 Throw Icicle             Conj/Ice       ########     0%          4    None
 Agony                    Necr           ########     0%          5    None
 Alistair's Intoxication  Tmut/Pois      ########     0%          5    None
 Aura of Abjuration       Summ           ########..   0%          5    None
 Blade Hands              Tmut           ########..   0%          5    None
 Bolt of Draining         Conj/Necr      ########..   0%          5    None
 Bolt of Magma            Conj/Fire/Erth ########..   0%          5    None
 Borgnjor's Vile Clutch   Necr/Erth      ########..   0%          5    None
 Dispel Undead            Necr           ########     0%          5    None
 Excruciating Wounds      Chrm/Necr      ########..   0%          5    None
 Fireball                 Conj/Fire      ########..   0%          5    None
 Irradiate                Conj/Tmut      ########..   0%          5    None
 Iskenderun's Battlesphe  Conj/Chrm      ########     0%          5    None
 Lee's Rapid Deconstruct  Erth           ########..   0%          5    None
 Lightning Bolt           Conj/Air       ########..   0%          5    None
 Metabolic Englaciation   Hex/Ice        ########..   0%          5    None
 Silence                  Hex/Air        ########..   0%          5    None
 Summon Demon             Summ           ########..   0%          5    None
 Summon Forest            Summ/Tloc      ########..   0%          5    None
 Summon Mana Viper        Hex/Summ       ########     0%          5    None
 Venom Bolt               Conj/Pois      ########..   0%          5    None
 Yara's Violent Unravell  Hex/Tmut       ########..   0%          5    None
 Bolt of Cold             Conj/Ice       ########..   0%          6    None
 Conjure Ball Lightning   Conj/Air       ########..   0%          6    None
 Darkness                 Hex            ########..   0%          6    None
 Death Channel            Necr           ########..   0%          6    None
 Deflect Missiles         Chrm/Air       ########..   0%          6    None
 Dispersal                Tloc           ########..   0%          6    None
 Freezing Cloud           Conj/Ice/Air   ########..   0%          6    None
 Hydra Form               Tmut           ########..   0%          6    None
 Invisibility             Hex            ########     0%          6    None
 Ozocubu's Refrigeration  Ice            ########..   0%          6    None
 Poison Arrow             Conj/Pois      ########..   0%          6    None
 Shadow Creatures         Summ           N/A          0%          6    None
 Simulacrum               Ice/Necr       ########..   0%          6    None
 Dragon Form              Tmut           ########..   0%          7    None
 Haunt                    Necr/Summ      ########..   0%          7    None
 Malign Gateway           Summ/Tloc      ########..   0%          7    None
 Monstrous Menagerie      Summ           ########..   0%          7    None
 Orb of Destruction       Conj           ########..   0%          7    None
 Ring of Flames           Chrm/Fire      ########..   0%          7    None
 Spellforged Servitor     Conj/Summ      ########..   0%          7    None
 Summon Greater Demon     Summ           ########..   0%          7    None
 Summon Hydra             Summ           ########..   0%          7    None
 Borgnjor's Revivificati  Necr           ########..   1%          8    None
 Death's Door             Chrm/Necr      ########..   1%          8    None
 Discord                  Hex            ########..   1%          8    None
 Disjunction              Tloc           ########..   1%          8    None
 Infestation              Necr           ########..   1%          8    None
 Summon Horrible Things   Summ           ########..   1%          8    None
 Dragon's Call            Summ           ########..   1%          9    None
 Sublimation of Blood     Necr           Unusable     N/A         2    N/A
 Statue Form              Tmut/Erth      Unusable     N/A         6    N/A

Dungeon Overview and Level Annotations

Branches:
Dungeon (15/15)            Temple (1/1) D:7            Lair (6/6) D:8
 Shoals (4/4) Lair:4       Spider (4/4) Lair:2        Slime (5/5) Lair:5
    Orc (2/2) D:10            Elf (3/3) Orc:2        Vaults (5/5) D:13
  Crypt (3/3) Vaults:3       Tomb (3/3) Crypt:3      Depths (5/5) D:15
   Hell (1/1)                 Zot (5/5) Depths:5
    Dis: Hell:1         Geh: Hell:1         Coc: Hell:1         Tar: Hell:1

Altars:
Ashenzari
Cheibriados
Dithmenos
Elyvilon
Fedhas
Gozag
Hepliaklqana
Kikubaaqudgha
Makhleb
Nemelex Xobeh
Okawaru
Qazlal
Ru
Sif Muna
Trog
Uskayaw
Vehumet
Wu Jian
Xom
Yredelemnul
Zin
The Shining One
Beogh

Shops:
D:4 }[[   D:8 }(!*   D:11 (?:[*   Orc:2 **[*   Elf:1 ?   Elf:2 =   Elf:3 }
Shoals:1 *   Shoals:4 ?   Vaults:1 (   Vaults:2 =   Vaults:3 *   Depths:1 *(}==

Portals:
Hell: Depths:1 Depths:2 Depths:3 Depths:4 Depths:5
Abyss: Depths:4
Pandemonium: Depths:2 Depths:3
Trove: Depths:3 (give 12 potions of heal wounds)

Annotations:
Elf:1 6 runed translucent doors
Elf:2 3 runed translucent doors


Innate Abilities, Weirdness & Mutations

You are resistant to torment.
((Your stone body is resilient. (AC +20)))
You are immune to poison.
((Your large and strong wings let you fly indefinitely.))
You resist negative energy. (rN+)
((You are resistant to electric shocks. (rElec)))
((You can survive without breathing.))
You are immune to petrification.
You are immune to rotting.
((You have a pair of small horns on your head.))
You possess an exceptional clarity of mind.
((Your flesh is heat resistant. (rF+)))
((Your movements are slightly less encumbered by armour. (ER -2)))


Message History

The cyan very ugly thing is engulfed in freezing vapours.
The quicksilver dragon is engulfed in freezing vapours.
Teuzo is engulfed in freezing vapours.
The Killer Klown is engulfed in freezing vapours.
Muegeplo is engulfed in freezing vapours.
Piad hits you but does no damage.
The shock serpent is engulfed in freezing vapours.
The shock serpent seems to slow down.
The shock serpent's electric aura discharges, shocking you!
You resist.
Cupn is engulfed in freezing vapours.
Zevy is engulfed in freezing vapours.
Zevy hits you!!
* * * LOW HITPOINT WARNING * * *
The Brimstone Fiend is engulfed in acidic fog.
The Brimstone Fiend is splashed with acid.
Vustryiq is engulfed in acidic fog.
Vustryiq is splashed with acid.
Vustryiq seems to be corroded for longer.
The balrug is engulfed in freezing vapours.
The balrug gestures at you. Something smites you!
You die...

▓▓▓▓▓▓▓▓▓▓▓.)..u.§§§§§p§
................☼○°°u○2&
............u..u°☼°§☼2#
...............u§pu2s○#§
.............†.hT○&&3D°u
............u...p&&Su&°u
...............Gu&&D&p&§
∩.............).♣&&&&§u§
...............&&&1&&t4§
...............††&&.&§D§
................b&uH.3G§
............#......&4D..
...........#.#..)...t#..
........................
▓▓▓▓▓▓▓▓▓▓▓............


You could see Acviacy, Angitt, Aqufuegh (invisible), Cupn, Duotsaty, Fuakkosch,
Fulac, Fuups, Fypsibra, Hinwost, Jestrec (invisible), Jeyloegg, Kaobueti,
Kebovem, Muegeplo, Nuroyhoz, Piad, Pilackaq, Teuzo, Tulenk, Vustryiq, Zevy,
Ziamam, Zyezutt, 4 Killer Klowns, 2 shadow dragons, an emperor scorpion shaped
shifter, 10 very ugly things, a Brimstone Fiend, a cacodemon, 2 quicksilver
dragons, a balrug, 3 ugly things, a shining eye, an eye of devastation, a deep
troll, a sun demon, a shadow demon, a shock serpent, 2 apocalypse crabs, a polar
bear, a rust devil, a hippogriff, a ynoxinul and a chaos spawn.

Vanquished Creatures
  Cerebov (Pan)
  the Royal Jelly (Slime:5)
  Mnoleg (Pan)
  Gloorx Vloq (Pan)
  Lom Lobon (Pan)
  187 ancient liches
  Khufu (Tomb:3)
  33 orbs of fire
  The ghost of Ysinom the Conqueror, a legendary OgBe of Trog (Zot:1)
  Mara (Vaults:5)
  172 greater mummies
  97 juggernauts
  Bai Suzhen (Crypt:3)
  29 shard shrikes
  The ghost of Ciddah the Axe Maniac, a veteran MiBe of Trog (Crypt:3)
  Margery (Depths:1)
  Saint Roka (Vaults:4)
  77 Killer Klowns
  7 curse toes
  Xtahua (Crypt:2)
  22 caustic shrikes
  Geryon (Hell)
  A golden dragon (shapeshifter) (Zig:19)
  259 golden dragons
  19 profane servitors
  73 bone dragons
  the Enchantress (Depths:4)
  Nikola (Spider:1)
  Jory (Crypt:3)
  46 pearl dragons
  36 Tzitzimimeh
  116 pandemonium lords
  9 electric golems
  2 doom hounds (Zig:20)
  76 Brimstone Fiends
  111 iron giants
  102 Hell Sentinels
  An iron giant (shapeshifter) (Zig:19)
  65 Ice Fiends
  24 hellephants
  154 tentacled monstrosities
  77 liches
  25 Orb Guardians (Zot:5)
  3 quicksilver dragons (shapeshifter)
  203 titans
  Asterion (Spider:4)
  109 quicksilver dragons
  43 deep elf blademasters
  An acid blob (shapeshifter) (Zig:14)
  7 sphinxes (shapeshifter)
  70 Executioners
  33 ancient champions
  80 deep elf master archers
  71 sphinxes
  173 acid blobs
  9 death cobs
  A kraken (Shoals:2)
  74 tentacled starspawn
  14 thorn hunters
  Gastronok (D:11)
  The ghost of JellyEater the Geomancer, an adept GrEE of Vehumet (Elf:3)
  49 storm dragons
  37 warmongers
  4 shadow dragons (shapeshifter)
  38 daevas
  50 revenants
  140 draconian monks
  13 tengu reavers
  Roxanne (D:14)
  9 fire giants (shapeshifter)
  555 nagarajas
  Ilsuiw (Shoals:4)
  Donald (Spider:1)
  4 azure jellies (shapeshifter)
  84 azure jellies
  48 shadow dragons
  83 fire giants
  124 draconian knights
  4 frost giants (shapeshifter)
  2 ghost moths (shapeshifter)
  The ghost of Wopheate the Severer, a journeyman FoFi of Makhleb (Orc:1)
  55 vault wardens
  245 ghost moths
  139 draconian scorchers
  57 frost giants
  45 juggernaut zombies
  132 orc warlords
  Aizul (Depths:2)
  11 deep elf sorcerers
  170 emperor scorpions
  9 ghouls
  47 cacodemons
  35 curse skulls
  76 iron dragons
  124 draconian shifters
  17 angels
  8 deep elf elementalists
  123 balrugs
  202 stone giants
  59 ironheart preservers
  100 war gargoyles
  39 blood saints
  168 reapers
  147 draconian annihilators
  43 caustic shrike zombies
  27 juggernaut skeletons
  150 draconian stormcallers
  24 caustic shrike skeletons
  77 very ugly things
  33 ophanim
  2 spriggan defenders (Depths:4)
  102 corrupters
  An entropy weaver (shapeshifter) (Zig:21)
  4 stone giants (shapeshifter)
  192 entropy weavers
  68 bennus
  79 green draconians
  95 black draconians
  50 deep elf demonologists
  32 lorocyprocas
  42 black suns
  29 apis
  A minotaur (shapeshifter) (Zig:9)
  81 red draconians
  A minotaur (Gauntlet)
  60 deep elf annihilators
  33 vampire knights
  86 yellow draconians
  110 white draconians
  8 dire elephants
  29 spark wasps
  7 dire elephants (shapeshifter)
  163 merfolk javelineers
  The ghost of Gassoqo the Basher, a journeyman GrGl of Okawaru (Lair:5)
  24 eidola
  Snorg (Orc:1)
  92 purple draconians
  57 merfolk impalers
  26 jiangshi
  112 blizzard demons
  3 ettins (shapeshifter)
  136 mummy priests
  Josephine (D:13)
  51 deep elf high priests
  11 crystal guardians
  53 ogre magi
  159 green deaths
  18 quicksilver dragon zombies
  60 ettins
  54 fire dragons
  23 death oozes
  57 great orbs of eyes
  22 deep elf death magi
  An ice dragon (shapeshifter) (Zig:11)
  33 vault guards
  A spectral golden dragon (Zig:10)
  12 quicksilver dragon skeletons
  115 naga warriors
  101 yaktaur captains
  A caustic shrike simulacrum (Zig:18)
  20 rakshasas
  126 hydras
  Harold (Lair:2)
  28 hell beasts
  A juggernaut simulacrum (Zig:23)
  11 ghost crabs
  8 spriggan air magi
  13 catoblepae
  48 ice dragons
  A hydra (shapeshifter) (Zig:26)
  54 two-headed ogres
  10 monstrous demonspawn
  92 shambling mangroves
  34 alligator snapping turtles
  17 merfolk avatars
  59 centaur warriors
  6 anacondas (shapeshifter)
  2 queen ants (shapeshifter)
  35 alligators
  72 anacondas
  16 death knights
  114 dancing weapons
  9 deep troll shamans
  5 alligator snapping turtles (shapeshifter)
  3 two-headed ogres (shapeshifter)
  103 merfolk aquamancers
  73 satyrs
  2 alligators (shapeshifter)
  A spectral frost giant (Zig:10)
  2 death yaks (shapeshifter) (Zig:23)
  A satyr (shapeshifter) (Zig:24)
  Urug (D:13)
  2 death yaks
  8 deep troll earth magi
  40 titan zombies
  46 hell hogs
  89 thrashing horrors
  5 tengu warriors
  108 death scarabs
  32 soul eaters
  8 spriggan berserkers
  42 vampire magi
  185 naga sharpshooters
  19 iron golems
  163 orc high priests
  Nergalle (Lair:2)
  24 titan skeletons
  5 shock serpents (shapeshifter)
  35 sun demons
  Sonja (Orc:2)
  10 fire crabs
  134 shock serpents
  103 deep elf knights
  29 storm dragon zombies
  127 wretched stars
  4 fire crabs (shapeshifter)
  9 spark wasp zombies
  30 salamander mystics
  48 iron trolls
  2 unseen horrors (shapeshifter)
  104 skeletal warriors
  27 shadow wraiths
  3 iron trolls (shapeshifter)
  8 death drakes (shapeshifter)
  52 hell knights
  36 sixfirhies
  25 spatial maelstroms
  71 sea snakes
  5 gelid demonspawn
  39 spriggan druids
  87 death drakes
  7 torturous demonspawn
  2 iron giant zombies
  11 obsidian statues
  131 swamp dragons
  19 storm dragon skeletons
  12 sea snakes (shapeshifter)
  31 deep trolls
  6 swamp dragons (shapeshifter)
  37 glowing orange brains
  23 cherubim
  9 unseen horrors
  6 glowing orange brains (shapeshifter)
  64 naga ritualists
  13 wizards
  49 flayed ghosts
  42 golden dragon zombies
  22 shadow demons
  4 deep trolls (shapeshifter)
  49 tengu zombies
  92 deep elf archers
  3 lindwurms
  29 phantasmal warriors
  60 ironbrand convokers
  5 lindwurms (shapeshifter)
  15 orange crystal statues
  43 harpies
  2 infernal demonspawn (Pan)
  Pikel (D:7)
  A harpy (shapeshifter) (Vaults:3)
  37 iron dragon zombies
  230 orb spiders
  90 orc knights
  37 golden dragon skeletons
  2 orb spiders (shapeshifter)
  An anaconda skeleton (Tomb:1)
  100 orc sorcerers
  41 shadow dragon zombies
  29 necromancers
  68 mana vipers
  35 sphinx zombies
  59 manticores
  3 draconians (Abyss:3)
  8 wolf spiders (shapeshifter)
  6 manticores (shapeshifter)
  5 stone giant zombies
  3 mana vipers (shapeshifter)
  3 oklob plants
  285 deep elf magi
  67 fauns
  6 fauns (shapeshifter)
  30 tengu skeletons
  5 salamanders (shapeshifter)
  72 ugly things
  5 moths of wrath (shapeshifter)
  6 shining eyes (shapeshifter)
  46 shining eyes
  15 worldbinders
  16 fire giant zombies
  150 moths of wrath
  83 cyclopes
  154 wolf spiders
  24 salamanders
  10 fire giant skeletons
  346 black mambas
  8 cyclopes (shapeshifter)
  9 elephants (shapeshifter)
  17 frost giant zombies
  23 sphinx skeletons
  13 frost giant skeletons
  20 shadow dragon skeletons
  62 apocalypse crabs
  20 ice statues
  2 stone giant skeletons
  17 elephants
  48 merfolk sirens
  104 rust devils
  A toenail golem (Zig:16)
  5 black mambas (shapeshifter)
  127 torpor snails
  8 water nymphs (shapeshifter)
  146 guardian serpents
  19 iron dragon skeletons
  Joseph (D:8)
  65 vault sentinels
  117 elf zombies
  29 eyes of devastation
  106 water nymphs
  A titan simulacrum (Zig:19)
  3 guardian serpents (shapeshifter)
  5 torpor snails (shapeshifter)
  8 gargoyles
  49 spriggan zombies
  53 spiny frogs
  A spiny frog (shapeshifter) (Zig:21)
  6 eyes of devastation (shapeshifter)
  A storm dragon simulacrum (Zig:16)
  186 naga magi
  94 smoke demons
  A shock serpent skeleton (Pan)
  48 orange demons
  A death yak zombie (Crypt:1)
  An elephant slug zombie (Crypt:2)
  25 rime drakes
  21 efreet
  8 human zombies
  2 kobold demonologists (D:12)
  A centaur skeleton (D:15)
  A sea snake zombie (Crypt:1)
  115 freezing wraiths
  146 hellions
  90 yaktaurs
  A yaktaur (shapeshifter) (Zig:26)
  A swamp worm zombie (Crypt:1)
  A spectral glowing shapeshifter (Zig:10)
  4 tengu conjurers
  An anaconda simulacrum (IceCv)
  19 komodo dragons
  A ghost moth simulacrum (Tomb:3)
  27 hellwings
  186 tormentors
  2 komodo dragons (shapeshifter)
  149 demonic crawlers
  95 ice devils
  A yellow draconian skeleton (Crypt:1)
  A golden dragon simulacrum (Zig:16)
  68 red devils
  A troll (shapeshifter) (Zig:26)
  75 ancient zymes
  A hydra zombie (Crypt:3)
  292 guardian mummies
  2 jumping spiders (shapeshifter)
  153 jumping spiders
  2 polar bears (shapeshifter)
  2 shadow dragon simulacra
  4 meliai (shapeshifter)
  4 meliai
  3 merfolk (shapeshifter)
  A wind drake (shapeshifter) (Zig:19)
  A yaktaur skeleton (Zig:3)
  5 silent spectres
  A fire dragon zombie (Crypt:3)
  34 trolls
  A tyrant leech (shapeshifter) (Zig:19)
  A hornet (shapeshifter) (Zig:9)
  14 polar bears
  30 tyrant leeches
  A blink frog (shapeshifter) (Zig:26)
  A queen bee (shapeshifter) (Vaults:5)
  219 hornets
  28 bog bodies
  4 hippogriffs (shapeshifter)
  7 snapping turtles (shapeshifter)
  40 wind drakes
  2 slime creatures (shapeshifter)
  97 raiju
  A harpy skeleton (Pan)
  25 blink frogs
  245 merfolk
  A hydra skeleton (Abyss:2)
  228 large abominations
  258 slime creatures
  25 hippogriffs
  7 dream sheep (shapeshifter)
  9 dream sheep
  2 raiju (shapeshifter)
  5 ettin zombies
  48 snapping turtles
  2 deep troll zombies (Zig:3)
  238 redbacks
  A guardian serpent skeleton (Crypt:1)
  An ice dragon zombie (Crypt:3)
  31 air elementals
  2 ice dragon skeletons
  276 starcursed masses
  7 ettin skeletons
  2 fire dragon skeletons
  168 flying skulls
  32 shadows
  A spriggan (shapeshifter) (Zig:14)
  32 vampires
  117 wraiths
  A tarantella (shapeshifter) (Zig:26)
  An alligator skeleton (Pan)
  37 spriggan skeletons
  48 ynoxinuls
  46 spriggans
  58 elf skeletons
  11 redbacks (shapeshifter)
  88 water elementals
  161 tarantellas
  2 yaks (shapeshifter)
  2 fire bats (Zig:14)
  A wind drake zombie (Crypt:2)
  19 wyverns
  A hog (shapeshifter) (Zig:14)
  92 small abominations
  A black mamba skeleton (Crypt:2)
  120 ushabtiu
  52 yaks
  2 basilisks (shapeshifter)
  29 fire elementals
  108 chaos spawn
  3 humans (shapeshifter)
  49 neqoxecs
  19 steam dragons
  18 golden eyes
  3 golden eyes (shapeshifter)
  6 basilisks
  13 hungry ghosts
  A catoblepas simulacrum (Lair:5)
  18 vampire mosquitoes
  A human simulacrum (Vaults:2)
  Edmund (D:4)
  10 insubstantial wisps
  2 spriggan simulacra
  41 wargs
  5 swamp worms (shapeshifter)
  5 two-headed ogre zombies (WizLab)
  2 iron troll simulacra (IceCv)
  2 soldier ants (D:14)
  4 harpy simulacra (IceCv)
  7 swamp worms
  A water moccasin (shapeshifter) (Vaults:5)
  An acid dragon (shapeshifter) (Zig:25)
  A naga (shapeshifter) (Zig:17)
  A soldier ant (shapeshifter) (Zig:25)
  8 spatial vortices
  A merfolk zombie (Crypt:1)
  A faun skeleton (Crypt:2)
  105 nagas
  3 hydra simulacra
  23 water moccasins
  5 floating eyes (shapeshifter)
  8 porcupines
  96 hell hounds
  12 floating eyes
  24 acid dragons
  2 deep troll skeletons
  220 orc warriors
  A sky beast (shapeshifter) (Zig:21)
  59 swamp drakes
  14 black bears
  A merfolk skeleton (Abyss:2)
  8 phantoms
  15 necrophages
  2 black bears (shapeshifter)
  An ettin simulacrum (IceCv)
  3 eyes of draining (shapeshifter)
  A hornet zombie (D:7)
  14 ice beasts
  6 sky beasts
  20 wolves
  2 black mamba simulacra (Lair:5)
  A slave (D:7)
  3 boggarts (Depths:2)
  43 centaurs
  4 elf simulacra
  51 eyes of draining
  2 human skeletons
  124 ogres
  An elephant skeleton (Crypt:3)
  4 big kobolds
  20 crocodiles
  15 bullfrogs
  A glowing shapeshifter simulacrum (Zig:22)
  A wyvern zombie (Crypt:3)
  38 earth elementals
  2 gnoll sergeants
  A salamander skeleton (Crypt:2)
  2 wyvern skeletons
  3 scorpions
  A scorpion (shapeshifter) (Zig:24)
  A yak zombie (Crypt:1)
  6 troll zombies (WizLab)
  9 killer bees
  A dream sheep simulacrum (Lair:5)
  30 wights
  A yak skeleton (Crypt:3)
  A rime drake simulacrum (Lair:5)
  A torpor snail simulacrum (Lair:5)
  3 electric eels
  3 howler monkeys
  34 crimson imps
  A bullfrog zombie (Crypt:1)
  6 centaur zombies
  4 quasits
  97 iron imps
  7 hounds
  45 orc priests
  3 bullfrog skeletons
  A gnoll shaman (Zig:6)
  8 jellies
  77 orc wizards
  A hell rat (Zig:5)
  Ijyb (D:5)
  13 worker ants
  5 iguanas
  A basilisk skeleton (Crypt:3)
  4 lightning spires (Zig:16)
  A statue (D:9)
  4 ogre zombies (WizLab)
  485 mummies
  2 worker ant zombies
  Robin (D:3)
  7 gnolls
  13 adders
  2 howler monkey skeletons
  12 shadow imps
  A steam dragon skeleton (Crypt:2)
  53 white imps
  2 ufetubi
  2 oozes
  A halfling zombie (Crypt:1)
  An adder skeleton (D:9)
  An adder zombie (D:7)
  A halfling skeleton (Crypt:3)
  3 worms
  12 ball lightnings (Pan)
  2 dart slugs
  4 leopard geckos
  125 orcs
  A bat zombie (D:3)
  6 giant cockroaches
  9 goblins
  11 hobgoblins
  4 jackals
  2 quokkas
  A ball python zombie (Crypt:3)
  10 bats
  8 frilled lizards
  A frilled lizard zombie (Crypt:3)
  37 kobolds
  8 rats
  A rat skeleton (Crypt:3)
  3 rat zombies (D:3)
  606 blocks of ice
  94 briar patches
  2 bushes (Depths:4)
  25 crawling corpses
  428 fire vortices
  2 fungi (Lair:5)
  A lurking horror (Abyss:4)
  14 plants
  45 starspawn tentacles
  2 tentacles (Shoals:2)
24108 creatures vanquished.

Vanquished Creatures (collateral kills)
  An ancient lich (WizLab)
  2 greater mummies
  A quicksilver dragon (Zig:9)
  6 acid blobs
  A lich (Zig:15)
  A sphinx (Tomb:1)
  An azure jelly (shapeshifter) (Zig:14)
  An iron dragon (Zig:9)
  A ghost moth (Zig:21)
  An emperor scorpion (Zig:3)
  A draconian shifter (Zot:4)
  2 apis (Zig:18)
  A red draconian (Zot:4)
  A merfolk javelineer (Zig:22)
  A death ooze (Slime:5)
  2 yaktaur captains
  A blizzard demon (Zig:12)
  2 great orbs of eyes
  A titan zombie (Zig:4)
  A storm dragon zombie (Zig:17)
  A shadow wraith (Zig:10)
  A cherub (Zig:18)
  A tengu zombie (Zig:12)
  A shadow dragon zombie (Zig:27)
  A deep elf mage (Zig:17)
  A harpy (shapeshifter) (Zig:21)
  2 shining eyes
  A tengu skeleton (Zig:16)
  A water nymph (Zig:15)
  A demonic crawler (Zig:21)
  A freezing wraith (Zig:22)
  A guardian mummy (Zig:4)
  3 slime creatures
  A snapping turtle (Zig:22)
  A hippogriff (Zig:9)
  2 elf zombies
  A wraith (Zig:20)
  A water elemental (Zig:22)
  A neqoxec (Pan)
  A human zombie (Zig:12)
  A floating eye (Zig:24)
  4 starcursed masses
  6 mummies
  A ball lightning (Pan)
65 creatures vanquished.

Vanquished Creatures (others)
  A pandemonium lord (Zig:19)
  An ancient lich (Zig:26)
  3 Killer Klowns
  A golden dragon (Zig:26)
  A Tzitzimitl (Zig:12)
  An Ice Fiend (Zig:11)
  A deep elf blademaster (Zig:17)
  A titan (Zig:21)
  A sphinx (Zig:21)
  2 eldritch tentacles
  3 Executioners
  2 storm dragons (Zig:22)
  A blood saint (Zig:7)
  3 draconian monks
  A deep elf sorcerer (Elf:3)
  3 draconian scorchers
  4 draconian shifters
  A cacodemon (Zig:12)
  An ironheart preserver (Zig:21)
  3 draconian stormcallers
  2 draconian annihilators
  A red draconian (Zig:20)
  A white draconian (Zig:18)
  A black draconian (Zot:3)
  2 green deaths
  A merfolk javelineer (Zig:24)
  A fire dragon (Zig:22)
  A rakshasa (Pan)
  A merfolk aquamancer (Zig:22)
  An ogre mage (Zig:21)
  A dancing weapon (Zig:17)
  A shock serpent (Zig:3)
  A thrashing horror (Abyss:4)
  2 wretched stars
  A golden dragon zombie (Zig:19)
  A death drake (Zig:27)
  A glowing orange brain (Pan)
  A deep troll (Depths:3)
  An unseen horror (D:13)
  A shining eye (Abyss:4)
  A salamander (Zig:17)
  2 black mambas
  A torpor snail (Spider:1)
  A smoke demon (Abyss:4)
  A rime drake (Lair:5)
  A freezing wraith (Zig:24)
  An ancient zyme (Abyss:4)
  4 hornets
  An elf zombie (Zig:27)
  A redback (Spider:1)
  2 tarantellas
  A fire elemental (Elf:1)
  2 chaos spawn
  A large abomination (Abyss:4)
  2 acid dragons
  A swamp drake (Zig:20)
  An orc warrior (D:10)
  2 ogres
  4 small abominations (Abyss:4)
  A crimson imp (Depths:2)
  A white imp (Abyss:1)
  6 ball lightnings (Pan)
  2 orcs (D:10)
  287 blocks of ice
  10 briar patches
  639 fire vortices
  4 fungi
  24 plants
  30 starspawn tentacles
  5 tentacles (Shoals:2)
1097 creatures vanquished.

Grand Total: 25270 creatures vanquished

Notes
Turn   | Place    | Note
-------+----------+-------------------------------------------
     0 | D:1      | JellyEater the Gargoyle Earth Elementalist began the quest
                  | for the Orb.
     0 | D:1      | Reached XP level 1. HP: 10/10 MP: 3/3
   111 | D:1      | Reached XP level 2. HP: 12/15 MP: 5/5
   600 | D:1      | Reached XP level 3. HP: 12/19 MP: 6/6
   730 | D:1      | Learned a level 3 spell: Stone Arrow
  1386 | D:2      | Reached skill level 1 in Conjurations
  1410 | D:2      | Reached XP level 4. HP: 22/24 MP: 8/8
  1582 | D:2      | Found an ornate altar of the Wu Jian Council.
  2032 | D:2      | Reached skill level 5 in Earth Magic
  2433 | D:3      | Reached XP level 5. HP: 28/28 MP: 7/9
  2440 | D:3      | Learned a level 5 spell: Lee's Rapid Deconstruction
  2465 | D:3      | Found an opulent altar of Gozag.
  2894 | D:3      | Found an ancient bone altar of Kikubaaqudgha.
  2971 | D:3      | Noticed Robin
  2988 | D:3      | Killed Robin
  3321 | D:4      | Found Afutoydiuck's Antique Armour Boutique.
  3350 | D:4      | Reached XP level 6. HP: 32/32 MP: 8/11
  3539 | D:4      | Found Bunaqure's Gadget Boutique.
  3569 | D:4      | Found a deep blue altar of Sif Muna.
  3969 | D:4      | Found Etut's Magic Scroll Shoppe.
  3972 | D:4      | Bought 3 scrolls of identify for 72 gold pieces
  3972 | D:4      | Bought a scroll of identify for 24 gold pieces
  3972 | D:4      | Bought a scroll of identify for 24 gold pieces
  3972 | D:4      | Bought a scroll of identify for 24 gold pieces
  3985 | D:4      | Reached XP level 7. HP: 34/36 MP: 2/13
  4109 | D:4      | Found a shattered altar of Ashenzari.
  4141 | D:4      | Found a sacrificial altar of Ru.
  4293 | D:4      | Found a basalt altar of Yredelemnul.
  4439 | D:4      | Found Gemuihuu's Armour Shop.
  4452 | D:5      | Entered Level 5 of the Dungeon
  4499 | D:5      | Noticed Edmund
  4528 | D:4      | Killed Edmund
  4833 | D:5      | Reached skill level 5 in Spellcasting
  4973 | D:5      | Reached XP level 8. HP: 31/41 MP: 5/15
  4976 | D:5      | Reached skill level 5 in Conjurations
  5388 | D:5      | Noticed Ijyb
  5389 | D:5      | Found a bloodstained altar of Trog.
  5590 | D:5      | Killed Ijyb
  5900 | D:5      | Found a burning altar of Makhleb.
  6831 | D:6      | Reached skill level 1 in Armour
  6831 | D:6      | Reached XP level 9. HP: 41/46 MP: 1/18
  7120 | D:6      | Reached skill level 1 in Fighting
  7120 | D:6      | Reached skill level 1 in Maces & Flails
  7120 | D:6      | Reached skill level 1 in Evocations
  7726 | D:7      | Found a shimmering altar of Xom.
  7874 | D:7      | Noticed a +0 dagger
  7875 | D:7      | Noticed a +0 dagger
  7877 | D:7      | Found a hide-covered altar of Uskayaw.
  8221 | D:7      | Found a staircase to the Ecumenical Temple.
  8231 | Temple   | Entered the Ecumenical Temple
  8572 | D:8      | Found Zafo's General Store.
  8572 | D:8      | Noticed Joseph
  8573 | D:8      | Noticed a hornet
  8581 | D:7      | Killed a hornet
  8743 | D:7      | Reached XP level 10. HP: 37/56 MP: 15/20
  8906 | D:8      | Killed Joseph
  8921 | D:8      | Bought a potion of heal wounds for 60 gold pieces
  8921 | D:8      | Bought a potion of heal wounds for 60 gold pieces
  8921 | D:8      | Bought a scroll of teleportation for 36 gold pieces
  8921 | D:8      | Bought a potion of curing for 36 gold pieces
  8921 | D:8      | Bought a scroll of magic mapping for 42 gold pieces
  8927 | D:8      | Learned a level 5 spell: Fireball
  8967 | D:8      | Found Pummazih's Distillery.
  8972 | D:8      | Found a staircase to the Lair.
  8975 | D:8      | Noticed Pikel
  8998 | D:7      | Killed Pikel
  8998 | D:7      | Reached skill level 1 in Fire Magic
  9061 | D:8      | Found Xuevvoun's Antique Weapon Shop.
  9097 | D:8      | Found Betzear's Gadget Shop.
  9490 | D:8      | Found a stormy altar of Qazlal.
  9773 | D:9      | Got an ancient buckler
  9779 | D:9      | Identified the -1 buckler of Loss {Int+4 SInv} (You found
                  | it on level 9 of the Dungeon)
  9794 | D:9      | Noticed a two-headed ogre
  9909 | D:9      | Killed a two-headed ogre
 10369 | D:9      | Identified a scroll of acquirement
 10377 | D:9      | Found a hazy altar of Hepliaklqana.
 10452 | D:8      | Bought a fine morningstar for 198 gold pieces
 10452 | D:8      | Identified the +2 morningstar "Hywnokio" {venom, rPois rF+
                  | rC+ Dex+2} (You bought it in a shop on level 8 of the
                  | Dungeon)
 10521 | D:4      | Bought a +2 helmet of intelligence for 215 gold pieces
 10521 | D:4      | Bought the +1 pair of gloves "Baveisso" {Str+3} for 228
                  | gold pieces
 10564 | D:4      | Bought a scroll of teleportation for 36 gold pieces
 10564 | D:4      | Bought a scroll of magic mapping for 42 gold pieces
 10564 | D:4      | Bought a scroll of enchant weapon for 90 gold pieces
 10564 | D:4      | Bought a scroll of summoning for 114 gold pieces
 10564 | D:4      | Bought a scroll of enchant armour for 90 gold pieces
 10564 | D:4      | Bought a scroll of fog for 24 gold pieces
 10564 | D:4      | Bought a scroll of brand weapon for 240 gold pieces
 10564 | D:4      | Bought a scroll of teleportation for 36 gold pieces
 10649 | D:8      | Bought a potion of berserk rage for 50 gold pieces
 10649 | D:8      | Bought a potion of brilliance for 40 gold pieces
 10649 | D:8      | Bought a potion of resistance for 100 gold pieces
 10649 | D:8      | Bought a potion of curing for 30 gold pieces
 10649 | D:8      | Bought a potion of might for 40 gold pieces
 10649 | D:8      | Bought 2 potions of heal wounds for 100 gold pieces
 10649 | D:8      | Bought a potion of heal wounds for 50 gold pieces
 10649 | D:8      | Bought 2 potions of might for 80 gold pieces
 10649 | D:8      | Bought a potion of heal wounds for 50 gold pieces
 10649 | D:8      | Bought a potion of agility for 40 gold pieces
 10868 | D:9      | Found a sparkling altar of Nemelex Xobeh.
 10921 | D:9      | Found a radiant altar of Vehumet.
 10930 | D:9      | Became a worshipper of Vehumet
 11303 | D:10     | Entered Level 10 of the Dungeon
 11316 | D:10     | Reached XP level 11. HP: 60/62 MP: 10/21
 11904 | D:10     | Reached * piety under Vehumet
 11904 | D:10     | Offered knowledge of Sting by Vehumet.
 11983 | D:10     | Identified the +2 leather armour of Vauff {rC- Str+4 Int+3}
 12028 | D:10     | Noticed a manticore
 12038 | D:10     | Killed a manticore
 12038 | D:10     | Reached skill level 10 in Earth Magic
 12204 | D:10     | Reached skill level 5 in Fighting
 12441 | D:10     | Identified the +10 hand axe of the Ancient People {chop,
                  | rElec rN+ Dex+3 Stlth+}
 12503 | D:10     | Reached skill level 5 in Armour
 12509 | D:10     | Found a staircase to the Orcish Mines.
 12683 | D:11     | Noticed Gastronok
 12683 | D:11     | Noticed a manticore
 12784 | D:11     | Found Fatiupi's Book Shoppe.
 12797 | D:11     | Reached ** piety under Vehumet
 12797 | D:11     | Offered knowledge of Shock by Vehumet.
 12837 | D:11     | Found Rakiasy's Antique Armour Boutique.
 12867 | D:11     | Found Derastrienk's Assorted Antiques.
 12877 | D:11     | Bought a fuming amethyst potion for 33 gold pieces
 12877 | D:11     | Bought a viscous red potion for 33 gold pieces
 12877 | D:11     | Bought a fuming amethyst potion for 33 gold pieces
 12881 | D:11     | Reached skill level 5 in Fire Magic
 12898 | D:11     | Gained mutation: You are partially covered in rugged brown
                  | scales. (AC +1, +3% HP) [potion of mutation]
 12898 | D:11     | Gained mutation: You are dopey. (Int -2) [potion of
                  | mutation]
 12898 | D:11     | Gained mutation: You expend magic power (3 MP) to
                  | strengthen your wands. [potion of mutation]
 12899 | D:11     | Lost mutation: You expend magic power (3 MP) to strengthen
                  | your wands. [potion of mutation]
 12899 | D:11     | Lost mutation: You are partially covered in rugged brown
                  | scales. (AC +1, +3% HP) [potion of mutation]
 12899 | D:11     | Gained mutation: You have a pair of small horns on your
                  | head. [potion of mutation]
 12899 | D:11     | Gained mutation: You have sharp toenails. [potion of
                  | mutation]
 12910 | D:11     | Found a flagged portal.
 12917 | Bailey   | Entered a bailey
 13085 | Bailey   | Noticed an orc knight
 13086 | Bailey   | Found the amulet of the Four Winds {rN+ MR+++ Clar}
 13129 | Bailey   | Killed an orc knight
 13131 | Bailey   | Found a bloodstained altar of Trog.
 13512 | D:11     | Found Qicvuge's Magic Scroll Boutique.
 13521 | D:11     | Bought a scroll of teleportation for 36 gold pieces
 13521 | D:11     | Bought a scroll of identify for 24 gold pieces
 13521 | D:11     | Bought a scroll of blinking for 90 gold pieces
 13521 | D:11     | Bought a scroll of identify for 24 gold pieces
 13521 | D:11     | Bought a scroll of fog for 24 gold pieces
 13521 | D:11     | Bought a scroll of remove curse for 36 gold pieces
 13521 | D:11     | Bought a scroll of identify for 24 gold pieces
 13521 | D:11     | Bought a scroll of teleportation for 36 gold pieces
 13533 | D:11     | Killed Gastronok
 13533 | D:11     | Reached skill level 5 in Maces & Flails
 13533 | D:11     | Reached XP level 12. HP: 69/69 MP: 0/23
 13538 | D:11     | Offered knowledge of Ignite Poison by Vehumet.
 13571 | D:11     | Found Vorch's Weapon Boutique.
 14363 | D:12     | Reached *** piety under Vehumet
 14531 | D:12     | Noticed a two-headed ogre
 14538 | D:12     | Killed a two-headed ogre
 14538 | D:12     | Reached skill level 5 in Dodging
 14747 | D:12     | Offered knowledge of Static Discharge by Vehumet.
 14945 | D:12     | Reached skill level 5 in Evocations
 15188 | D:13     | Found a gate leading to a gauntlet.
 15245 | Gauntlet | Entered a Gauntlet
 15245 | Gauntlet | Found a transporter.
 15245 | Gauntlet | Found a transporter.
 15250 | Gauntlet | Found a transporter.
 15270 | Gauntlet | Found a transporter.
 15278 | Gauntlet | Found a transporter.
 15278 | Gauntlet | Noticed a death scarab
 15280 | Gauntlet | Found a transporter.
 15280 | Gauntlet | Found a transporter.
 15284 | Gauntlet | Found a transporter.
 15318 | Gauntlet | Found a transporter.
 15327 | Gauntlet | Found a transporter.
 15336 | Gauntlet | Found a transporter.
 15382 | Gauntlet | Found a transporter.
 15398 | Gauntlet | Found a transporter.
 15399 | Gauntlet | Noticed a death ooze
 15488 | Gauntlet | Found a transporter.
 15498 | Gauntlet | Found a transporter.
 15523 | Gauntlet | Found a transporter.
 15853 | Gauntlet | Got a translucent marble ring
 15854 | Gauntlet | Identified the ring of Suspicion {rPois Str+5} (You found
                  | it in a Gauntlet)
 15881 | Gauntlet | Killed a death ooze
 16044 | Gauntlet | Noticed a minotaur
 16050 | Gauntlet | Killed a minotaur
 16214 | D:13     | Reached **** piety under Vehumet
 16216 | D:13     | Noticed Josephine
 16220 | D:13     | Noticed Urug
 16225 | D:13     | Killed Josephine
 16225 | D:13     | Reached XP level 13. HP: 48/76 MP: 16/25
 16233 | D:13     | Offered knowledge of Lightning Bolt by Vehumet.
 16246 | D:13     | Killed Urug
 16643 | D:13     | Found a gate to the Vaults.
 17235 | D:14     | Noticed Roxanne
 17240 | D:14     | Killed Roxanne
 17414 | D:14     | Learned a level 5 spell: Bolt of Magma
 17421 | D:14     | Learned a level 6 spell: Iron Shot
 18160 | D:14     | Reached skill level 10 in Conjurations
 18195 | D:14     | Reached ***** piety under Vehumet
 18195 | D:14     | Offered knowledge of Bolt of Fire by Vehumet.
 18220 | D:13     | Learned a level 6 spell: Bolt of Fire
 18812 | Lair:1   | Entered Level 1 of the Lair of Beasts
 19368 | Lair:1   | Gained mutation: Your large and strong wings let you fly
                  | indefinitely. [Gargoyle growth]
 19368 | Lair:1   | Reached XP level 14. HP: 72/83 MP: 27/27
 19665 | Lair:2   | Noticed Harold
 19669 | Lair:2   | Killed Harold
 19669 | Lair:2   | Noticed Nergalle
 19693 | Lair:2   | Killed Nergalle
 19779 | Lair:2   | Found a hole to the Spider Nest.
 19820 | Lair:2   | Identified the cursed +0 robe "Peph" {rElec} (You found it
                  | on level 2 of the Lair of Beasts)
 21302 | Lair:3   | HP: 1/84 [elephant (10)]
 22552 | Lair:4   | Upgraded the game from 0.24-a0-346-ge062c78e24 to
                  | 0.24-a0-347-g1a3e1d35ff
 22627 | Lair:4   | Offered knowledge of Freezing Cloud by Vehumet.
 22757 | Lair:4   | Found a staircase to the Shoals.
 23269 | Lair:4   | Reached skill level 10 in Fire Magic
 24207 | Lair:5   | Found a staircase to the Slime Pits.
 24955 | Lair:5   | Noticed Gassoqo's ghost (journeyman GrGl)
 25073 | Lair:5   | Found a runed translucent gate.
 25073 | Lair:5   | Found a runed translucent gate.
 25073 | Lair:5   | Found a runed translucent gate.
 25552 | Lair:5   | Killed Gassoqo's ghost
 25774 | Lair:5   | Lost mutation: You have sharp toenails. [potion of
                  | mutation]
 25774 | Lair:5   | Lost mutation: You are dopey. (Int -2) [potion of mutation]
 25774 | Lair:5   | Gained mutation: You tend to lose your temper in combat.
                  | [potion of mutation]
 25774 | Lair:5   | Gained mutation: You evolve. [potion of mutation]
 25774 | Lair:5   | Gained mutation: You have sharp fingernails. [potion of
                  | mutation]
 25777 | Lair:5   | Got the ring of Satisfaction {Fire}
 25782 | Lair:5   | Identified the ring of Satisfaction {Fire *Corrode +Inv
                  | Slay+3 SInv} (You found it on level 5 of the Lair of
                  | Beasts)
 25817 | Lair:6   | Entered Level 6 of the Lair of Beasts
 26367 | Lair:6   | Reached XP level 15. HP: 34/90 MP: 21/28
 27260 | Lair:6   | Offered knowledge of Irradiate by Vehumet.
 28406 | Lair:6   | Found a runed translucent door.
 28508 | Lair:6   | Reached skill level 10 in Spellcasting
 29091 | Orc:1    | Entered Level 1 of the Orcish Mines
 29091 | Orc:1    | Found a roughly hewn altar of Beogh.
 29519 | Orc:2    | Entered Level 2 of the Orcish Mines
 29519 | Orc:2    | Found Ythreiff's General Store.
 29524 | Orc:2    | Noticed Sonja
 29532 | Orc:1    | Found a runed translucent gate.
 29532 | Orc:1    | Found a runed translucent gate.
 29532 | Orc:1    | Found a runed translucent gate.
 29534 | Orc:1    | Found an opulent altar of Gozag.
 29583 | Orc:1    | Noticed Wopheate's ghost (journeyman FoFi)
 29618 | Orc:1    | Lost mutation: You tend to lose your temper in combat.
                  | [evolution]
 29703 | Orc:1    | Killed Wopheate's ghost
 29884 | Orc:2    | Killed Sonja
 29887 | Orc:2    | Offered knowledge of Conjure Ball Lightning by Vehumet.
 30169 | Orc:2    | Found Leill's Assorted Antiques.
 30177 | Orc:2    | Bought a pair of ancient gloves for 237 gold pieces
 30177 | Orc:2    | Bought a scroll labeled UREMO NUPSO for 25 gold pieces
 30178 | Orc:2    | Identified the +1 pair of gloves "Topa Zus" {-Cast rElec
                  | Str+2} (You bought it in a shop on level 2 of the Orcish
                  | Mines)
 30281 | Orc:1    | Noticed Snorg
 30298 | Orc:1    | Killed Snorg
 31041 | Orc:2    | Found a staircase to the Elven Halls.
 31414 | Orc:2    | Found Roit's Assorted Antiques.
 31414 | Orc:2    | Found Iqoymm's Food Emporium.
 31418 | Orc:2    | Found Ademneis's Antique Armour Shop.
 31418 | Orc:2    | Found Veoso's Food Emporium.
 31424 | Orc:2    | Bought a scroll of identify for 76 gold pieces
 31424 | Orc:2    | Bought an encrusted jade ring for 190 gold pieces
 31430 | Orc:2    | Bought a faintly glowing buckler for 275 gold pieces
 31430 | Orc:2    | Identified the +1 buckler of Marbles {rN+ MR+ Str+2} (You
                  | bought it in a shop on level 2 of the Orcish Mines)
 31432 | Orc:2    | Bought a ration for 50 gold pieces
 31432 | Orc:2    | Bought a ration for 50 gold pieces
 31432 | Orc:2    | Bought a ration for 50 gold pieces
 31432 | Orc:2    | Bought a ration for 50 gold pieces
 31432 | Orc:2    | Bought a ration for 50 gold pieces
 31432 | Orc:2    | Bought a ration for 50 gold pieces
 31432 | Orc:2    | Bought a ration for 50 gold pieces
 31432 | Orc:2    | Bought a ration for 50 gold pieces
 31432 | Orc:2    | Bought a ration for 50 gold pieces
 31432 | Orc:2    | Bought a ration for 50 gold pieces
 31702 | D:15     | Entered Level 15 of the Dungeon
 32039 | D:15     | Found a staircase to the Depths.
 32044 | D:15     | Reached XP level 16. HP: 76/97 MP: 11/30
 32351 | D:15     | Reached skill level 10 in Fighting
 32450 | D:15     | Found a shadowy altar of Dithmenos.
 32538 | D:15     | Found a runed translucent door.
 32538 | D:15     | Noticed a sphinx
 32747 | D:15     | Offered knowledge of Poison Arrow by Vehumet.
 32755 | D:15     | Learned a level 6 spell: Poison Arrow
 32956 | D:15     | Killed a sphinx
 33334 | Spider:1 | Entered Level 1 of the Spider Nest
 33898 | Spider:1 | Noticed Nikola
 33907 | Spider:1 | Killed Nikola
 34833 | Spider:1 | Gained mutation: Your body sometimes deteriorates upon
                  | taking damage. [evolution]
 34882 | Spider:1 | Noticed Donald
 34884 | Spider:1 | Killed Donald
 35520 | Shoals:1 | Entered Level 1 of the Shoals
 35537 | Shoals:1 | Found Seh Buta's General Store.
 35546 | Shoals:1 | Bought a throwing net for 54 gold pieces
 35594 | Shoals:1 | Identified the ring "Amemusi" {rC+ rN+++ Str+9 Dex-3
                  | Stlth-} (You found it on level 1 of the Shoals)
 36835 | Shoals:1 | Learned a level 8 spell: Ignition
 37226 | Shoals:2 | Noticed a kraken
 37230 | Shoals:2 | Killed a kraken
 37230 | Shoals:2 | Reached XP level 17. HP: 85/104 MP: 17/31
 37725 | Shoals:2 | Reached ****** piety under Vehumet
 37728 | Shoals:2 | Offered knowledge of Bolt of Cold by Vehumet.
 37811 | Shoals:2 | Reached skill level 10 in Maces & Flails
 38418 | Shoals:2 | Lost mutation: Your body sometimes deteriorates upon taking
                  | damage. [evolution]
 38418 | Shoals:2 | Lost mutation: You evolve. [end of evolution]
 38509 | Shoals:3 | Found the +27 Lear's hauberk
 39818 | Shoals:4 | Entered Level 4 of the Shoals
 40122 | Shoals:4 | Got a barnacled rune of Zot
 40488 | Shoals:4 | Offered knowledge of Orb of Destruction by Vehumet.
 40879 | Shoals:4 | Found Leckathecu's Magic Scroll Emporium.
 40897 | Shoals:4 | Bought a scroll of identify for 40 gold pieces
 40897 | Shoals:4 | Bought a scroll of identify for 40 gold pieces
 40897 | Shoals:4 | Bought a scroll of identify for 40 gold pieces
 40897 | Shoals:4 | Bought a scroll of teleportation for 60 gold pieces
 40897 | Shoals:4 | Bought a scroll of identify for 40 gold pieces
 41138 | Shoals:4 | Noticed Ilsuiw
 41148 | Shoals:4 | Killed Ilsuiw
 41744 | Shoals:4 | Reached XP level 18. HP: 92/110 MP: 26/33
 41832 | Shoals:4 | Identified Iqumur's Disquisition on Execration and Ice
 42281 | Shoals:4 | Identified the ring of Igocunn {+Inv rF+ rC+ Int+2 SInv}
                  | (You found it on level 4 of the Shoals)
 42974 | Spider:2 | Offered knowledge of Fire Storm by Vehumet.
 42974 | Spider:2 | Offered knowledge of Glaciate by Vehumet.
 42974 | Spider:2 | Offered knowledge of Chain Lightning by Vehumet.
 44584 | Spider:3 | Found the +4 moon troll leather armour {Spirit, Regen++
                  | MP+5}
 44946 | Spider:4 | Entered Level 4 of the Spider Nest
 45317 | Spider:4 | Noticed Asterion
 45320 | Spider:4 | Killed Asterion
 45451 | Spider:4 | Reached skill level 15 in Earth Magic
 45486 | Spider:4 | Reached XP level 19. HP: 89/116 MP: 16/35
 47098 | Spider:4 | Reached XP level 20. HP: 115/122 MP: 36/36
 47107 | Spider:4 | Got a gossamer rune of Zot
 47614 | Elf:1    | Entered Level 1 of the Elven Halls
 47720 | Elf:1    | Reached skill level 15 in Fire Magic
 47720 | Elf:1    | Reached skill level 10 in Dodging
 47878 | Elf:1    | Found a runed translucent gate.
 47878 | Elf:1    | Found a runed translucent gate.
 47878 | Elf:1    | Found a runed translucent gate.
 47878 | Elf:1    | Found a runed translucent gate.
 47878 | Elf:1    | Found a runed translucent gate.
 47879 | Elf:1    | Found a runed translucent gate.
 48035 | Elf:1    | Found Paeclizu's Magic Scroll Emporium.
 48037 | Elf:1    | Bought a scroll of blinking for 105 gold pieces
 48037 | Elf:1    | Bought a scroll of identify for 28 gold pieces
 48037 | Elf:1    | Bought a scroll of identify for 28 gold pieces
 48037 | Elf:1    | Bought a scroll of blinking for 105 gold pieces
 48037 | Elf:1    | Bought a scroll of identify for 28 gold pieces
 48113 | Elf:1    | Found an ancient bone altar of Kikubaaqudgha.
 49378 | Elf:2    | Found a runed translucent gate.
 49378 | Elf:2    | Found a runed translucent gate.
 49378 | Elf:2    | Found a runed translucent gate.
 49818 | Elf:2    | Found Usheisum's Jewellery Emporium.
 50072 | Elf:3    | Entered Level 3 of the Elven Halls
 50119 | Elf:3    | Found Runlaidd's Gadget Emporium.
 50187 | Elf:3    | Found a large runed translucent door.
 50187 | Elf:3    | Found a large runed translucent door.
 50226 | Elf:3    | Found a frozen archway.
 50234 | IceCv    | Entered an ice cave
 50899 | Elf:3    | Noticed JellyEater's ghost (adept GrEE)
 50900 | Elf:3    | Found the +3 crown of Dyrovepreva {rElec Int+2 SInv}
 50906 | Elf:3    | Killed JellyEater's ghost
 51616 | Elf:3    | Reached XP level 21. HP: 128/128 MP: 36/38
 51869 | Elf:3    | Identified the +4 leather armour of Indecent Exposure {rN+
                  | Slay-3 Stlth+}
 51871 | Elf:3    | Identified the amulet "Luhuunyhau" {Reflect rPois rC+ Str+2
                  | SH+2}
 52030 | Elf:3    | Got a flickering emerald amulet
 52031 | Elf:3    | Identified the amulet of Onyfriqax {rF+ Regen+} (You found
                  | it on level 3 of the Elven Halls)
 52046 | Elf:3    | Identified the Tome of Shifting Beguiling
 52067 | Elf:3    | Identified the Collected Works on the Mountains and Black
                  | Rites
 52070 | Elf:3    | Identified the Compendium of Protection
 52561 | Vaults:1 | Entered Level 1 of the Vaults
 53035 | Vaults:1 | Found Diwnavon's Weapon Boutique.
 54251 | Vaults:1 | Reached XP level 22. HP: 121/136 MP: 39/39
 54744 | Vaults:2 | Reached skill level 15 in Conjurations
 56046 | Vaults:2 | Found Itats's Jewellery Shoppe.
 56727 | Vaults:3 | Learned a level 9 spell: Shatter
 56800 | Vaults:3 | Found Wopez's Assorted Antiques.
 56943 | Vaults:3 | Reached XP level 23. HP: 100/143 MP: 20/41
 57744 | Vaults:3 | Found a staircase to the Crypt.
 58553 | Vaults:4 | Cast into level 3 of the Abyss (vault warden)
 58553 | Abyss:3  | Found a transporter.
 58574 | Abyss:3  | Found a corrupted altar of Lugonu.
 58634 | Abyss:3  | Found a corrupted altar of Lugonu.
 58634 | Abyss:3  | Found a corrupted altar of Lugonu.
 58660 | Abyss:3  | Found a corrupted altar of Lugonu.
 58823 | Abyss:3  | Found a corrupted altar of Lugonu.
 58860 | Abyss:3  | Gained mutation: Your spells are a little easier to cast,
                  | but a little less powerful. [a neqoxec]
 59254 | Vaults:4 | Escaped the Abyss
 59905 | Vaults:4 | Noticed Saint Roka
 59918 | Vaults:4 | Killed Saint Roka
 59918 | Vaults:4 | Reached skill level 15 in Fighting
 59953 | Vaults:4 | Reached XP level 24. HP: 82/150 MP: 24/41
 60190 | Vaults:4 | Identified the +7 great sword "Jyureqau" {flame, *Corrode
                  | rPois rN++}
 60724 | Vaults:5 | Entered Level 5 of the Vaults
 60726 | Vaults:5 | Reached skill level 15 in Spellcasting
 61037 | Vaults:5 | Noticed Mara
 61040 | Vaults:5 | Noticed JellyEater's illusion
 61040 | Vaults:5 | Killed Mara
 61336 | Vaults:5 | Reached XP level 25. HP: 110/156 MP: 43/43
 61487 | Vaults:5 | Identified the +4 whip "Lusocurgh" {speed, Dex+4 Stlth+}
 62352 | Vaults:5 | Found the macabre finger necklace {rN+}
 62369 | Vaults:5 | Identified the Guide on the Escort and Unholy Rites
 62467 | Vaults:5 | Got a silver rune of Zot
 64007 | Depths:1 | Entered Level 1 of the Depths
 64172 | Depths:1 | Found Necejas's Weapon Shoppe.
 64187 | Depths:1 | Found a gateway to Hell.
 64187 | Depths:1 | Noticed Margery
 64190 | Depths:1 | Killed Margery
 64379 | Depths:1 | Found a shattered altar of Ashenzari.
 64451 | Depths:1 | Found Jaruf's Gadget Boutique.
 64451 | Depths:1 | Found Estruluri's Jewellery Shoppe.
 64452 | Depths:1 | Found Esiogof's Jewellery Shoppe.
 64478 | Depths:1 | Bought the ring "Haesoirph" {rPois rF+ MR+ MP+9 Slay+2} for
                  | 678 gold pieces
 64557 | Depths:1 | Lost mutation: You have sharp fingernails. [potion of
                  | mutation]
 64557 | Depths:1 | Lost mutation: Your spells are a little easier to cast, but
                  | a little less powerful. [potion of mutation]
 64557 | Depths:1 | Lost mutation: You have a pair of small horns on your head.
                  | [potion of mutation]
 64557 | Depths:1 | Gained mutation: You have large cloven feet. [potion of
                  | mutation]
 64557 | Depths:1 | Gained mutation: You are dopey. (Int -2) [potion of
                  | mutation]
 64557 | Depths:1 | Gained mutation: You expend magic power (3 MP) to
                  | strengthen your wands. [potion of mutation]
 64855 | Depths:1 | Found Darchace's Desiderata Depot.
 65630 | Depths:2 | Noticed a greater mummy
 65638 | Depths:2 | Killed a greater mummy
 65685 | Depths:2 | Noticed a greater mummy
 65704 | Depths:2 | Killed a greater mummy
 65885 | Depths:2 | Noticed a greater mummy
 65886 | Depths:2 | Found the +7 sceptre of Torment {pain, torment}
 65891 | Depths:2 | Killed a greater mummy
 66075 | Depths:2 | Noticed Aizul
 66087 | Depths:2 | Killed Aizul
 66187 | Depths:2 | Found a one-way gate leading to the halls of Pandemonium.
 66753 | Depths:3 | Found a flickering gateway to a bazaar.
 66759 | Bazaar   | Entered a bazaar
 66773 | Bazaar   | Found Ukigoku's Antique Armour Emporium.
 66792 | Bazaar   | Found Vunumif's Magic Scroll Emporium.
 66798 | Bazaar   | Bought a scroll of teleportation for 33 gold pieces
 66798 | Bazaar   | Bought a scroll of identify for 22 gold pieces
 66798 | Bazaar   | Bought a scroll of identify for 22 gold pieces
 66798 | Bazaar   | Bought a scroll of acquirement for 572 gold pieces
 66798 | Bazaar   | Bought a scroll of teleportation for 33 gold pieces
 66798 | Bazaar   | Bought a scroll of fog for 22 gold pieces
 66798 | Bazaar   | Bought a scroll of identify for 22 gold pieces
 66815 | Bazaar   | Found Zont's Weapon Emporium.
 66815 | Bazaar   | Found Wueseej's Magic Scroll Shoppe.
 66980 | Depths:3 | Identified the +6 war axe "Ogoleuj" {flame, Dex+4}
 67077 | Depths:3 | Reached XP level 26. HP: 163/163 MP: 44/44
 67466 | Depths:3 | Found a portal to a secret trove of treasure.
 69337 | Depths:4 | Learned a level 9 spell: Fire Storm
 69919 | Depths:4 | Found a bloodstained altar of Trog.
 70239 | Depths:4 | Found a gateway to a ziggurat.
 70359 | Depths:4 | Found a one-way gate to the infinite horrors of the Abyss.
 70566 | Depths:4 | Identified the +3 faerie dragon scales {*Drain rCorr Str+2
                  | Int+9 Dex-5}
 70566 | Depths:4 | Noticed the Enchantress
 70570 | Depths:4 | Identified the +9 giant club of Kindness {flame, *Noise
                  | MR++}
 70570 | Depths:4 | Identified the cursed +1 giant club of Cenaciro {crush,
                  | Str+3}
 70571 | Depths:4 | Identified the ring of Qifoe {rPois Dex+3}
 70901 | Depths:4 | Killed the Enchantress
 71716 | Depths:5 | Entered Level 5 of the Depths
 72247 | Depths:5 | Found a gate to the Realm of Zot.
 72255 | Depths:5 | Reached XP level 27. HP: 136/170 MP: 23/45
 73370 | Slime:1  | Entered Level 1 of the Pits of Slime
 73376 | Slime:1  | Gained mutation: You are frail. (-10% HP) [a shining eye]
 73411 | Slime:1  | Gained mutation: You are very dopey. (Int -4) [a shining
                  | eye]
 74199 | Slime:5  | Entered Level 5 of the Pits of Slime
 74349 | Slime:5  | Noticed the Royal Jelly
 74355 | Slime:5  | Killed the Royal Jelly
 74508 | Slime:5  | Gained mutation: Your body sometimes deteriorates upon
                  | taking damage. [a shining eye]
 74540 | Slime:5  | Found the brooch of Shielding {Reflect SH+8}
 74860 | Slime:5  | Got a slimy rune of Zot
 74861 | Slime:5  | Identified the Compendium of Fire and Envenoming
 74992 | Slime:5  | Identified the ring "Xahoinou" {rC+ Int+6} (You found it on
                  | level 5 of the Pits of Slime)
 75211 | D:8      | Lost mutation: Your body sometimes deteriorates upon taking
                  | damage. [potion of mutation]
 75211 | D:8      | Lost mutation: You expend magic power (3 MP) to strengthen
                  | your wands. [potion of mutation]
 75211 | D:8      | Lost mutation: You are very dopey. (Int -4) [potion of
                  | mutation]
 75211 | D:8      | Lost mutation: You are dopey. (Int -2) [potion of mutation]
 75211 | D:8      | Gained mutation: Armour fits poorly on your strangely
                  | shaped body. [potion of mutation]
 75211 | D:8      | Gained mutation: You have hoof-like feet. [potion of
                  | mutation]
 75211 | D:8      | Gained mutation: You are agile. (Dex +2) [potion of
                  | mutation]
 75211 | D:8      | Gained mutation: You have supernaturally acute eyesight.
                  | (SInv) [potion of mutation]
 75341 | D:15     | Upgraded the game from 0.24-a0-347-g1a3e1d35ff to
                  | 0.24-a0-355-gbe4061de67
 75601 | Crypt:1  | Entered Level 1 of the Crypt
 75690 | Crypt:1  | Found a magical portal.
 75699 | WizLab   | Entered Zonguldrok's Shrine
 76049 | WizLab   | Noticed an antique lich
 76052 | WizLab   | Killed an antique lich
 76053 | WizLab   | Found the +9 sword of Zonguldrok {reap}
 77791 | Crypt:2  | Noticed Xtahua
 77797 | Crypt:2  | Killed Xtahua
 78139 | Crypt:3  | Entered Level 3 of the Crypt
 78139 | Crypt:3  | Found a staircase to the Tomb.
 78343 | Crypt:3  | Noticed Bai Suzhen
 78350 | Crypt:3  | Killed Bai Suzhen
 78395 | Crypt:3  | Identified the amulet of Tafyheps {rPois Regen+ Int+3}
 78626 | Crypt:3  | Identified the +6 rapier "Ceitz" {flame, *Corrode rF+
                  | Stlth+}
 78719 | Crypt:3  | Learned a level 9 spell: Glaciate
 78912 | Crypt:3  | Noticed Jory
 78916 | Crypt:3  | Killed Jory
 78916 | Crypt:3  | Reached skill level 1 in Ice Magic
 79126 | Crypt:3  | Identified Idem's Almanac of Sinister Rites
 79570 | Crypt:3  | Found a runed translucent door.
 79571 | Crypt:3  | Noticed Ciddah's ghost (veteran MiBe)
 79603 | Crypt:3  | Killed Ciddah's ghost
 80243 | D:15     | Lost mutation: You are agile. (Dex +2) [potion of mutation]
 80243 | D:15     | Lost mutation: You are frail. (-10% HP) [potion of
                  | mutation]
 80243 | D:15     | Gained mutation: You passively map a small area around you.
                  | [potion of mutation]
 80243 | D:15     | Gained mutation: Your spells are a little harder to cast,
                  | but a little more powerful. [potion of mutation]
 80322 | Depths:4 | Voluntarily entered the Abyss.
 80929 | Abyss:1  | Lost mutation: You have supernaturally acute eyesight.
                  | (SInv) [a neqoxec]
 81684 | Abyss:4  | Reached skill level 15 in Dodging
 81802 | Abyss:4  | Found a runed translucent gate.
 81802 | Abyss:4  | Found a runed translucent gate.
 81802 | Abyss:4  | Found a runed translucent gate.
 81819 | Abyss:4  | Reached skill level 5 in Ice Magic
 81834 | Abyss:4  | Gained mutation: You are frail. (-10% HP) [a neqoxec]
 81868 | Abyss:4  | Identified the cursed +0 large shield "Cas Som" {-Cast
                  | Regen+ Str+9 Slay+3}
 82192 | Abyss:4  | Found a runed translucent gate.
 82192 | Abyss:4  | Found a runed translucent gate.
 82192 | Abyss:4  | Found a runed translucent gate.
 82231 | Abyss:4  | Gained mutation: You are very frail. (-20% HP) [a shining
                  | eye]
 82236 | Abyss:4  | Paralysed by you for 7 turns
 82261 | Abyss:4  | Got an abyssal rune of Zot
 82362 | Depths:4 | Escaped the Abyss
 82364 | Depths:4 | Lost mutation: You have hoof-like feet. [potion of
                  | mutation]
 82364 | Depths:4 | Lost mutation: You are very frail. (-20% HP) [potion of
                  | mutation]
 82364 | Depths:4 | Lost mutation: You passively map a small area around you.
                  | [potion of mutation]
 82364 | Depths:4 | Gained mutation: You have an increased reservoir of magic.
                  | (+10% MP) [potion of mutation]
 82364 | Depths:4 | Gained mutation: Your flesh is heat resistant. (rF+)
                  | [potion of mutation]
 82513 | Zig:1    | Entered Level 1 of a ziggurat
 82638 | Zig:2    | Entered Level 2 of a ziggurat
 82691 | Zig:3    | Entered Level 3 of a ziggurat
 82766 | Zig:4    | Entered Level 4 of a ziggurat
 82786 | Zig:4    | Identified the +2 quarterstaff of Oenomania {venom, rC+
                  | Int+4} (You found it on level 4 of a ziggurat)
 82794 | Zig:5    | Entered Level 5 of a ziggurat
 82887 | Zig:6    | Entered Level 6 of a ziggurat
 82922 | Zig:6    | Identified the Incunabulum of the Escort and Snow
 82941 | Zig:7    | Entered Level 7 of a ziggurat
 82995 | Zig:7    | Got a sparkling bone ring
 82996 | Zig:7    | Identified the ring of Dienkal {rPois MP+9} (You found it
                  | on level 7 of a ziggurat)
 83020 | Zig:8    | Entered Level 8 of a ziggurat
 83052 | Zig:8    | Got a shimmering bone ring
 83053 | Zig:8    | Identified the ring "Qucsigoi" {rF+ MR+ MP+9 Int+3} (You
                  | found it on level 8 of a ziggurat)
 83087 | Zig:9    | Entered Level 9 of a ziggurat
 83192 | Zig:10   | Entered Level 10 of a ziggurat
 83202 | Zig:10   | Gained mutation: Scrolls take you a little longer to read.
                  | [a shining eye]
 83410 | Zig:10   | Identified the Collected Works on the Vitriolic Escort
 83415 | Zig:10   | Got a bound marble ring
 83418 | Zig:10   | Identified the ring "Yjegom" {Int+4 Stlth-} (You found it
                  | on level 10 of a ziggurat)
 83421 | Zig:11   | Entered Level 11 of a ziggurat
 83428 | Zig:11   | Reached skill level 10 in Ice Magic
 83506 | Zig:12   | Entered Level 12 of a ziggurat
 83556 | Zig:12   | Found the amulet of the Air {Inacc +Fly rElec EV+5 RMsl}
 83605 | Zig:13   | Entered Level 13 of a ziggurat
 83615 | Zig:13   | Found the ring of Shadows {Umbra +Inv Stlth+}
 83687 | Zig:13   | Identified the +10 quarterstaff "Meptetuo" {speed, +Rage
                  | Str+4} (You found it on level 13 of a ziggurat)
 83708 | Zig:14   | Entered Level 14 of a ziggurat
 83716 | Zig:14   | Noticed a greater mummy
 83720 | Zig:14   | Noticed a greater mummy
 83722 | Zig:14   | Noticed a greater mummy
 83724 | Zig:14   | Noticed a greater mummy
 83726 | Zig:15   | Entered Level 15 of a ziggurat
 83817 | Zig:15   | Found the +6 lightning scales {run, rElec}
 84028 | Zig:15   | Got an ancient steel amulet
 84031 | Zig:15   | Identified the amulet "Teasaoqa" {Gourm MR+ Str+3} (You
                  | found it on level 15 of a ziggurat)
 84041 | Zig:15   | Got a scorched platinum ring
 84044 | Zig:15   | Identified the ring of Miopum {+Inv rF+ MR- MP+9 Dex+2}
                  | (You found it on level 15 of a ziggurat)
 84049 | Zig:15   | Identified the Papyrus of Supportive Sinister Arts
 84060 | Zig:15   | Lost mutation: You are frail. (-10% HP) [potion of
                  | mutation]
 84060 | Zig:15   | Lost mutation: You have large cloven feet. [potion of
                  | mutation]
 84060 | Zig:15   | Lost mutation: Your spells are a little harder to cast, but
                  | a little more powerful. [potion of mutation]
 84060 | Zig:15   | Gained mutation: Scrolls take you longer to read. [potion
                  | of mutation]
 84060 | Zig:15   | Gained mutation: You are clumsy. (Dex -2) [potion of
                  | mutation]
 84060 | Zig:15   | Gained mutation: You possess an exceptional clarity of
                  | mind. [potion of mutation]
 84061 | Zig:15   | Lost mutation: Armour fits poorly on your strangely shaped
                  | body. [potion of mutation]
 84061 | Zig:15   | Lost mutation: You are clumsy. (Dex -2) [potion of
                  | mutation]
 84061 | Zig:15   | Lost mutation: Scrolls take you longer to read. [potion of
                  | mutation]
 84061 | Zig:15   | Lost mutation: Scrolls take you a little longer to read.
                  | [potion of mutation]
 84061 | Zig:15   | Lost mutation: You possess an exceptional clarity of mind.
                  | [potion of mutation]
 84061 | Zig:15   | Gained mutation: You passively map a small area around you.
                  | [potion of mutation]
 84077 | Zig:16   | Entered Level 16 of a ziggurat
 84088 | Zig:16   | Found the +8 trident of the Octopus King {venom, rElec
                  | rPois MR+}
 84181 | Zig:16   | Got a sparkling silver ring
 84184 | Zig:16   | Identified the ring "Loliusko" {+Inv MR+ EV+4} (You found
                  | it on level 16 of a ziggurat)
 84240 | Zig:16   | Got a sparkling steel ring
 84241 | Zig:16   | Identified the ring of the Traitor {Ice -Tele Str+5 Int+3
                  | SInv} (You found it on level 16 of a ziggurat)
 84245 | Zig:16   | Identified the Incunabulum of Enthralling Aid
 84255 | Zig:16   | Identified Zeqifa's Compendium of Flying Protection
 84274 | Zig:17   | Entered Level 17 of a ziggurat
 84287 | Zig:17   | Found the +8 whip "Snakebite" {curare, rPois}
 84290 | Zig:17   | Noticed Pempekul the pandemonium lord
 84293 | Zig:17   | Killed Pempekul the pandemonium lord
 84342 | Zig:17   | Got a scintillating lapis lazuli ring
 84343 | Zig:17   | Identified the cursed ring "Qies" {rElec rPois EV-3 Int-4
                  | Dex+6} (You found it on level 17 of a ziggurat)
 84346 | Zig:17   | Got a coiled granite ring
 84347 | Zig:17   | Identified the ring "Xeawk" {rN+ AC+2 Dex+4 Slay+3} (You
                  | found it on level 17 of a ziggurat)
 84378 | Zig:18   | Entered Level 18 of a ziggurat
 84395 | Zig:18   | Reached skill level 15 in Ice Magic
 84420 | Zig:18   | Gained mutation: Your body sometimes deteriorates upon
                  | taking damage. [mutagenic glow]
 84625 | Zig:18   | Lost mutation: Your body sometimes deteriorates upon taking
                  | damage. [potion of mutation]
 84625 | Zig:18   | Lost mutation: You have an increased reservoir of magic.
                  | (+10% MP) [potion of mutation]
 84625 | Zig:18   | Gained mutation: Your spells are a little easier to cast,
                  | but a little less powerful. [potion of mutation]
 84625 | Zig:18   | Gained mutation: You have a pair of small antennae on your
                  | head. [potion of mutation]
 84626 | Zig:18   | Lost mutation: Your spells are a little easier to cast, but
                  | a little less powerful. [potion of mutation]
 84626 | Zig:18   | Lost mutation: Your flesh is heat resistant. (rF+) [potion
                  | of mutation]
 84626 | Zig:18   | Gained mutation: Your spells are a little harder to cast,
                  | but a little more powerful. [potion of mutation]
 84626 | Zig:18   | Gained mutation: You evolve. [potion of mutation]
 84659 | Zig:19   | Entered Level 19 of a ziggurat
 84873 | Zig:19   | Got a clouded steel ring
 84874 | Zig:19   | Identified the ring "Birroi" {rF+ Str+3 Stlth+} (You found
                  | it on level 19 of a ziggurat)
 84884 | Zig:20   | Entered Level 20 of a ziggurat
 84900 | Zig:20   | Paralysed by a floating eye for 4 turns
 84902 | Zig:20   | Gained mutation: You are clumsy. (Dex -2) [a shining eye]
 85149 | Zig:20   | Identified the Guide on Hurtful Black Magic
 85157 | Zig:20   | Got a heavily runed marble ring
 85158 | Zig:20   | Identified the ring "Iludu" {Ice rElec} (You found it on
                  | level 20 of a ziggurat)
 85179 | Zig:21   | Entered Level 21 of a ziggurat
 85190 | Zig:21   | Noticed Bearut Yliu the pandemonium lord
 85198 | Zig:21   | Killed Bearut Yliu the pandemonium lord
 85293 | Zig:21   | Got a heavily runed pewter amulet
 85294 | Zig:21   | Identified the amulet "Zid Bep" {Acrobat SInv} (You found
                  | it on level 21 of a ziggurat)
 85317 | Zig:22   | Entered Level 22 of a ziggurat
 85502 | Zig:22   | Identified the ring of Leaves {*Tele rC- Int+7} (You found
                  | it on level 22 of a ziggurat)
 85506 | Zig:22   | Identified the ring of Siewkecvop {rC- rN++ MR+ Int+4} (You
                  | found it on level 22 of a ziggurat)
 85523 | Zig:22   | Identified the ring "Moesuoveff" {Fire Int+2} (You found it
                  | on level 22 of a ziggurat)
 85527 | Zig:23   | Entered Level 23 of a ziggurat
 85608 | Zig:23   | Identified the Disquisition on Supportive Earth
 85615 | Zig:23   | Identified the ring "Begasun" {+Inv MR+ MP+9 Int+2} (You
                  | found it on level 23 of a ziggurat)
 85635 | Zig:24   | Entered Level 24 of a ziggurat
 85654 | Zig:24   | Paralysed by a floating eye for 2 turns
 85734 | Zig:24   | Identified the +1 pair of boots of Bautwaba {rPois Slay+2}
                  | (You found it on level 24 of a ziggurat)
 85774 | Zig:24   | Identified the ring of Acoudeff {*Tele rF+++} (You found it
                  | on level 24 of a ziggurat)
 85785 | Zig:25   | Entered Level 25 of a ziggurat
 85851 | Zig:25   | Identified the ring "Yzustrau" {*Tele rElec rF- Int+2 SInv}
                  | (You found it on level 25 of a ziggurat)
 85854 | Zig:25   | Identified the +0 helmet of Whack-A-Mole {Str+2} (You found
                  | it on level 25 of a ziggurat)
 85868 | Zig:25   | Identified the ring of Tofuaqia {rF+ Int+2} (You found it
                  | on level 25 of a ziggurat)
 86064 | Zig:26   | Entered Level 26 of a ziggurat
 86072 | Zig:26   | Noticed a greater mummy
 86073 | Zig:26   | Noticed a greater mummy
 86074 | Zig:26   | Noticed a greater mummy
 86074 | Zig:26   | Noticed a greater mummy
 86074 | Zig:26   | Noticed a greater mummy
 86074 | Zig:26   | Noticed a greater mummy
 86075 | Zig:26   | Killed a greater mummy
 86075 | Zig:26   | Killed a greater mummy
 86076 | Zig:26   | Killed a greater mummy
 86077 | Zig:26   | Noticed a greater mummy
 86077 | Zig:26   | Noticed a greater mummy
 86077 | Zig:26   | Noticed a greater mummy
 86078 | Zig:26   | Found the +10 zealot's sword {holy, *Rage rN+ EV+3}
 86078 | Zig:26   | Killed a greater mummy
 86078 | Zig:26   | Killed a greater mummy
 86079 | Zig:26   | Noticed a greater mummy
 86081 | Zig:26   | Killed a greater mummy
 86081 | Zig:26   | Killed a greater mummy
 86081 | Zig:26   | Killed a greater mummy
 86084 | Zig:26   | Killed a greater mummy
 86086 | Zig:26   | Killed a greater mummy
 86335 | Zig:26   | Identified the amulet "Ucaot" {Acrobat Int+5} (You found it
                  | on level 26 of a ziggurat)
 86340 | Zig:26   | Identified the Reference Book on Evil and Talismans
 86346 | Zig:27   | Entered Level 27 of a ziggurat
 86364 | Zig:27   | Found the +8 demon trident "Rift" {distort, reach+}
 86401 | Zig:27   | Found the +11 plutonium sword {*Contam Stlth-}
 86460 | Zig:27   | Identified the ring of Qazlal's Benevolence {rCorr Str+7
                  | Dex-2} (You found it on level 27 of a ziggurat)
 86542 | Zig:27   | Gained mutation: You expend magic power (3 MP) to
                  | strengthen your wands. [evolution]
 86654 | Zig:1    | Entered Level 1 of a ziggurat
 86774 | Zig:1    | Learned a level 8 spell: Necromutation
 86777 | Zig:1    | Learned a level 2 spell: Blink
 86788 | Zig:2    | Entered Level 2 of a ziggurat
 86788 | Zig:2    | Noticed a greater mummy
 86791 | Zig:2    | Killed a greater mummy
 86858 | Zig:3    | Entered Level 3 of a ziggurat
 86860 | Zig:3    | Reached skill level 1 in Transmutations
 87084 | Zig:4    | Entered Level 4 of a ziggurat
 87087 | Zig:4    | Reached skill level 1 in Necromancy
 87161 | Zig:5    | Entered Level 5 of a ziggurat
 87311 | Zig:6    | Entered Level 6 of a ziggurat
 87317 | Zig:6    | Reached skill level 5 in Transmutations
 87375 | Zig:7    | Entered Level 7 of a ziggurat
 87380 | Zig:7    | Noticed Bomijamp the pandemonium lord
 87385 | Zig:7    | Killed Bomijamp the pandemonium lord
 87528 | Zig:8    | Entered Level 8 of a ziggurat
 87532 | Zig:8    | Found the +18 shield of the Gong {rElec rN+ MR+ EV-5}
 87612 | Zig:8    | Identified the +7 dire flail of the Last Planets {crush,
                  | -Tele rN+ Stlth+} (You found it on level 8 of a ziggurat)
 87624 | Zig:9    | Entered Level 9 of a ziggurat
 87631 | Zig:9    | Identified the +0 large shield of the Cicada {rN+}
 87634 | Zig:9    | Reached skill level 5 in Necromancy
 87727 | Zig:10   | Entered Level 10 of a ziggurat
 87746 | Zig:10   | Gained mutation: You do not regenerate when monsters are
                  | visible. [a neqoxec]
 87873 | Zig:10   | Got a warped platinum amulet
 87874 | Zig:10   | Identified the amulet "Amigiasm" {RegenMP Str+4 Int+2} (You
                  | found it on level 10 of a ziggurat)
 87879 | Zig:11   | Entered Level 11 of a ziggurat
 87900 | Zig:11   | Reached skill level 27 in Fighting
 87947 | Zig:12   | Entered Level 12 of a ziggurat
 87956 | Zig:12   | Noticed an ancient lich
 87958 | Zig:12   | Found the ring of the Mage {Wiz MR++ Int+3}
 87960 | Zig:12   | Killed an ancient lich
 88099 | Zig:13   | Entered Level 13 of a ziggurat
 88116 | Zig:13   | Reached skill level 27 in Spellcasting
 88121 | Zig:13   | Reached skill level 10 in Necromancy
 88184 | Zig:13   | Got a fine granite ring
 88185 | Zig:13   | Identified the ring "Wisid" {rF+ EV+3 Dex-4 Slay+3} (You
                  | found it on level 13 of a ziggurat)
 88196 | Zig:13   | Identified Mucis's Guide on Confrontation
 88213 | Zig:14   | Entered Level 14 of a ziggurat
 88256 | Zig:14   | Identified the +1 shield "Boamipn" {Str+7} (You found it on
                  | level 14 of a ziggurat)
 88265 | Zig:14   | Identified Tualiwut's Foundations of Thaumaturgy
 88414 | Zig:15   | Entered Level 15 of a ziggurat
 88458 | Zig:15   | Got a translucent copper amulet
 88459 | Zig:15   | Identified the amulet "Lug Zoy" {Harm *Drain +Fly} (You
                  | found it on level 15 of a ziggurat)
 88487 | Zig:16   | Entered Level 16 of a ziggurat
 88512 | Zig:16   | Found the +8 storm bow {elec, penet}
 88656 | Zig:16   | Got a heavily runed jade ring
 88657 | Zig:16   | Identified the ring "Vofarpheu" {*Contam rF+ MR+ Int+5}
                  | (You found it on level 16 of a ziggurat)
 88695 | Zig:17   | Entered Level 17 of a ziggurat
 88713 | Zig:17   | Found the +4 robe of Augmentation {Str+4 Int+4 Dex+4}
 88713 | Zig:17   | Reached skill level 15 in Necromancy
 88774 | Zig:17   | Got an ancient bronze ring
 88779 | Zig:17   | Identified the ring "Desouda" {*Corrode rPois rF- rN+
                  | Int+7} (You found it on level 17 of a ziggurat)
 88806 | Zig:18   | Entered Level 18 of a ziggurat
 88969 | Zig:18   | Found the +9 staff of Olgreb {rPois}
 89004 | Zig:19   | Entered Level 19 of a ziggurat
 89140 | Zig:19   | Identified the +5 dire flail "Worm's Wrath" {crush, *Slow
                  | rElec SInv Stlth-} (You found it on level 19 of a ziggurat)
 89153 | Zig:19   | Identified the Incunabulum of Boosting Dark Magic
 89160 | Zig:20   | Entered Level 20 of a ziggurat
 89240 | Zig:20   | Found the +10 Black Knight's horse barding {ponderous,
                  | rPois rN+}
 89381 | Zig:20   | Got a flickering amethyst amulet
 89382 | Zig:20   | Identified the amulet "Ostem" {Harm *Drain Dex+5 SInv
                  | Stlth+} (You found it on level 20 of a ziggurat)
 89397 | Zig:20   | Got a coiled emerald amulet
 89398 | Zig:20   | Identified the amulet of Ynautsea {Gourm +Fly rF- Dex+2}
                  | (You found it on level 20 of a ziggurat)
 89409 | Zig:20   | Identified the Grimoire of the Floating Volcanoes
 89430 | Zig:20   | Identified Gerubriq's Guide on Enchanting Stolen Souls
 89437 | Zig:21   | Entered Level 21 of a ziggurat
 89598 | Zig:21   | Found the +7 great mace "Undeadhunter" {disrupt, rN+}
 89643 | Zig:21   | Identified the +1 robe of the Leaf {*Corrode MR- Regen+
                  | Int+9} (You found it on level 21 of a ziggurat)
 89664 | Zig:22   | Entered Level 22 of a ziggurat
 89677 | Zig:22   | Noticed a greater mummy
 89677 | Zig:22   | Noticed a greater mummy
 89679 | Zig:22   | Noticed a greater mummy
 89679 | Zig:22   | Noticed a greater mummy
 89679 | Zig:22   | Noticed a greater mummy
 89679 | Zig:22   | Noticed a greater mummy
 89679 | Zig:22   | Noticed a greater mummy
 89679 | Zig:22   | Noticed a greater mummy
 89679 | Zig:22   | Noticed a greater mummy
 89680 | Zig:22   | Noticed a greater mummy
 89682 | Zig:22   | Killed a greater mummy
 89682 | Zig:22   | Killed a greater mummy
 89682 | Zig:22   | Noticed a greater mummy
 89683 | Zig:22   | Killed a greater mummy
 89683 | Zig:22   | Killed a greater mummy
 89683 | Zig:22   | Killed a greater mummy
 89684 | Zig:22   | Killed a greater mummy
 89684 | Zig:22   | Killed a greater mummy
 89684 | Zig:22   | Killed a greater mummy
 89685 | Zig:22   | Noticed a greater mummy
 89685 | Zig:22   | Noticed a greater mummy
 89688 | Zig:22   | Killed a greater mummy
 89688 | Zig:22   | Killed a greater mummy
 89688 | Zig:22   | Killed a greater mummy
 89688 | Zig:22   | Killed a greater mummy
 89690 | Zig:22   | Killed a greater mummy
 89805 | Zig:22   | Identified the Handbook of Mutagenic Necromancy
 89816 | Zig:22   | Got a scintillating wooden ring
 89817 | Zig:22   | Identified the ring of Erarrute {Wiz -Tele +Fly Str+2
                  | Dex+4} (You found it on level 22 of a ziggurat)
 89834 | Zig:22   | Identified the Guide on Twisted Darkness
 89861 | Zig:23   | Entered Level 23 of a ziggurat
 89884 | Zig:23   | Reached skill level 5 in Shields
 89891 | Zig:23   | Reached skill level 10 in Evocations
 89996 | Zig:24   | Entered Level 24 of a ziggurat
 90266 | Zig:24   | Identified the Volume of Gliding Shape Shifting
 90323 | Zig:24   | Identified the Catalogue of Spatial Air
 90331 | Zig:25   | Entered Level 25 of a ziggurat
 90344 | Zig:25   | Noticed a juggernaut
 90344 | Zig:25   | Noticed a juggernaut
 90345 | Zig:25   | Noticed a juggernaut
 90346 | Zig:25   | Noticed a juggernaut
 90348 | Zig:25   | Noticed a juggernaut
 90349 | Zig:25   | Killed a juggernaut
 90349 | Zig:25   | Killed a juggernaut
 90349 | Zig:25   | Killed a juggernaut
 90349 | Zig:25   | Noticed a juggernaut
 90350 | Zig:25   | Noticed a juggernaut
 90351 | Zig:25   | Noticed a juggernaut
 90353 | Zig:25   | Killed a juggernaut
 90353 | Zig:25   | Killed a juggernaut
 90353 | Zig:25   | Noticed a juggernaut
 90354 | Zig:25   | Killed a juggernaut
 90355 | Zig:25   | Killed a juggernaut
 90355 | Zig:25   | Killed a juggernaut
 90356 | Zig:25   | Noticed a juggernaut
 90357 | Zig:25   | Noticed a juggernaut
 90357 | Zig:25   | Reached skill level 15 in Evocations
 90357 | Zig:25   | Killed a juggernaut
 90359 | Zig:25   | Killed a juggernaut
 90359 | Zig:25   | Killed a juggernaut
 90476 | Zig:25   | Lost mutation: Your spells are a little harder to cast, but
                  | a little more powerful. [evolution]
 90479 | Zig:26   | Entered Level 26 of a ziggurat
 90771 | Zig:26   | Found the cursed +14 obsidian axe {chop, +Fly SInv *Curse}
 90803 | Zig:26   | Got a pitted bronze amulet
 90804 | Zig:26   | Identified the amulet of Catius {RegenMP +Blink MR+ Str+3
                  | Stlth+} (You found it on level 26 of a ziggurat)
 90810 | Zig:26   | Got a clouded silver ring
 90811 | Zig:26   | Identified the ring of Qearutope {*Tele rC+ Dex+3 Slay+4}
                  | (You found it on level 26 of a ziggurat)
 91111 | Zig:27   | Entered Level 27 of a ziggurat
 91198 | Zig:27   | Identified Sif Muna's Almanac of Unholy Secrets and Cold
 91221 | Zig:27   | Got a faintly glowing amber ring
 91222 | Zig:27   | Identified the ring of Ogeyquf {rF- rC+ rN+ MP+9 Str+5}
                  | (You found it on level 27 of a ziggurat)
 91235 | Zig:27   | Identified the Guide on Evil and Poison
 91345 | Zot:1    | Entered Level 1 of the Realm of Zot
 91792 | Orc:2    | Gained mutation: You have a pair of antennae on your head.
                  | [evolution]
 91835 | Orc:2    | Bought a ration for 70 gold pieces
 91835 | Orc:2    | Bought a ration for 70 gold pieces
 91835 | Orc:2    | Bought a ration for 70 gold pieces
 91835 | Orc:2    | Bought a ration for 70 gold pieces
 91835 | Orc:2    | Bought a ration for 70 gold pieces
 91835 | Orc:2    | Bought a ration for 70 gold pieces
 91835 | Orc:2    | Bought a ration for 70 gold pieces
 91835 | Orc:2    | Bought a ration for 70 gold pieces
 91835 | Orc:2    | Bought a ration for 70 gold pieces
 91835 | Orc:2    | Bought a ration for 70 gold pieces
 91835 | Orc:2    | Bought a ration for 70 gold pieces
 91835 | Orc:2    | Bought a ration for 70 gold pieces
 92509 | Zot:1    | Noticed Ysinom's ghost (legendary OgBe)
 92519 | Zot:1    | Found a transporter.
 92536 | Zot:1    | Found a transporter.
 92563 | Zot:1    | Killed Ysinom's ghost
 92828 | Zot:1    | Got a vibrating brass ring
 92829 | Zot:1    | Identified the ring "Fiuffe Kuqun" {rElec Slay+4} (You
                  | found it on level 1 of the Realm of Zot)
 96941 | Zot:4    | Paralysed by you for 6 turns
 97238 | Zot:4    | Identified the Almanac of Flight and Conjuration
 97409 | Zot:5    | Entered Level 5 of the Realm of Zot
 97456 | Zot:5    | Noticed an orb of fire
 97464 | Zot:5    | Gained mutation: You are weak. (Str -2) [an orb of fire]
 97464 | Zot:5    | Noticed an ancient lich
 97464 | Zot:5    | Noticed an orb of fire
 97465 | Zot:5    | Killed an orb of fire
 97465 | Zot:5    | Noticed an orb of fire
 97466 | Zot:5    | Gained mutation: You are frail. (-10% HP) [an orb of fire]
 97469 | Zot:5    | Noticed an orb of fire
 97471 | Zot:5    | Noticed an orb of fire
 97474 | Zot:5    | Gained mutation: You tend to lose your temper in combat.
                  | [an orb of fire]
 97475 | Zot:5    | Gained mutation: You occasionally shout uncontrollably at
                  | your foes. [an orb of fire]
 97475 | Zot:5    | Noticed an ancient lich
 97476 | Zot:5    | Gained mutation: Potions are less effective at restoring
                  | your health. [an orb of fire]
 97478 | Zot:5    | Killed an orb of fire
 97478 | Zot:5    | Noticed an ancient lich
 97479 | Zot:5    | Killed an ancient lich
 97480 | Zot:5    | Killed an ancient lich
 97480 | Zot:5    | Gained mutation: You often lose your temper in combat. [an
                  | orb of fire]
 97481 | Zot:5    | Killed an orb of fire
 97482 | Zot:5    | Killed an ancient lich
 97483 | Zot:5    | Killed an orb of fire
 97483 | Zot:5    | Killed an orb of fire
 97796 | Zot:5    | Lost mutation: You are frail. (-10% HP) [potion of
                  | mutation]
 97796 | Zot:5    | Lost mutation: You often lose your temper in combat.
                  | [potion of mutation]
 97796 | Zot:5    | Lost mutation: You occasionally shout uncontrollably at
                  | your foes. [potion of mutation]
 97796 | Zot:5    | Lost mutation: You expend magic power (3 MP) to strengthen
                  | your wands. [potion of mutation]
 97796 | Zot:5    | Lost mutation: You are weak. (Str -2) [potion of mutation]
 97796 | Zot:5    | Gained mutation: You have very sharp teeth. [potion of
                  | mutation]
 97799 | Zot:4    | Lost mutation: Potions are less effective at restoring your
                  | health. [potion of mutation]
 97799 | Zot:4    | Lost mutation: You do not regenerate when monsters are
                  | visible. [potion of mutation]
 97799 | Zot:4    | Gained mutation: You passively map the area around you.
                  | [potion of mutation]
 97799 | Zot:4    | Gained mutation: You are partially covered in molten
                  | scales. (AC +2) [potion of mutation]
 97800 | Zot:4    | Lost mutation: You evolve. [potion of mutation]
 97800 | Zot:4    | Lost mutation: You are clumsy. (Dex -2) [potion of
                  | mutation]
 97800 | Zot:4    | Gained mutation: You evolve. [potion of mutation]
 97800 | Zot:4    | Gained mutation: Your flesh is cold resistant. (rC+)
                  | [potion of mutation]
 97800 | Zot:4    | Gained mutation: You are agile. (Dex +2) [potion of
                  | mutation]
 97801 | Zot:4    | Lost mutation: You evolve. [potion of mutation]
 97801 | Zot:4    | Lost mutation: You are agile. (Dex +2) [potion of mutation]
 97801 | Zot:4    | Gained mutation: You are dopey. (Int -2) [potion of
                  | mutation]
 97801 | Zot:4    | Gained mutation: You are covered in fur. (AC +1) [potion of
                  | mutation]
 97802 | Zot:4    | Lost mutation: You passively map the area around you.
                  | [potion of mutation]
 97802 | Zot:4    | Lost mutation: You are dopey. (Int -2) [potion of mutation]
 97802 | Zot:4    | Gained mutation: You are agile. (Dex +2) [potion of
                  | mutation]
 97802 | Zot:4    | Gained mutation: You are somewhat resistant to further
                  | mutation. [potion of mutation]
 97802 | Zot:4    | Gained mutation: You have sharp toenails. [potion of
                  | mutation]
 98422 | Zot:5    | Noticed an ancient lich
 98428 | Zot:5    | Killed an ancient lich
 99232 | Zig:1    | Entered Level 1 of a ziggurat
 99407 | Zig:2    | Entered Level 2 of a ziggurat
 99543 | Zig:3    | Entered Level 3 of a ziggurat
 99673 | Zig:4    | Entered Level 4 of a ziggurat
 99731 | Zig:5    | Entered Level 5 of a ziggurat
 99748 | Zig:5    | Found the +7 pair of quick blades "Gyre" and "Gimble"
                  | {protect}
 99762 | Zig:6    | Entered Level 6 of a ziggurat
 99769 | Zig:6    | Noticed Umuero the pandemonium lord
 99773 | Zig:6    | Killed Umuero the pandemonium lord
 99875 | Zig:7    | Entered Level 7 of a ziggurat
100019 | Zig:7    | Identified The Intricacies of Witchery
100042 | Zig:8    | Entered Level 8 of a ziggurat
100046 | Zig:8    | Noticed an ancient lich
100050 | Zig:8    | Killed an ancient lich
100127 | Zig:8    | Found the +3 giant club "Skullcrusher" {speed, Str+7}
100152 | Zig:8    | Identified Sif Muna's Incunabulum of Dark Rites and Flames
100165 | Zig:9    | Entered Level 9 of a ziggurat
100174 | Zig:9    | Reached skill level 15 in Armour
100209 | Zig:9    | Identified the Volume of the Meadowlark
100244 | Zig:10   | Entered Level 10 of a ziggurat
100250 | Zig:10   | Noticed a greater mummy
100253 | Zig:10   | Noticed a greater mummy
100255 | Zig:10   | Killed a greater mummy
100256 | Zig:10   | Noticed a greater mummy
100257 | Zig:10   | Noticed a greater mummy
100257 | Zig:10   | Noticed a greater mummy
100257 | Zig:10   | Killed a greater mummy
100260 | Zig:10   | Killed a greater mummy
100261 | Zig:10   | Killed a greater mummy
100261 | Zig:10   | Killed a greater mummy
100426 | Zig:11   | Entered Level 11 of a ziggurat
100433 | Zig:11   | Noticed Goedoisk the pandemonium lord
100434 | Zig:11   | Noticed Aleppudi the pandemonium lord
100434 | Zig:11   | Noticed Witen the pandemonium lord
100434 | Zig:11   | Noticed Isafid the pandemonium lord
100434 | Zig:11   | Noticed Bidgh the pandemonium lord
100436 | Zig:11   | Noticed Sugeaxyu the pandemonium lord
100455 | Zig:11   | Killed Goedoisk the pandemonium lord
100456 | Zig:11   | Noticed Fiblev the pandemonium lord
100460 | Zig:11   | Killed Aleppudi the pandemonium lord
100468 | Zig:11   | Killed Sugeaxyu the pandemonium lord
100472 | Zig:11   | Killed Isafid the pandemonium lord
100474 | Zig:11   | Killed Witen the pandemonium lord
100474 | Zig:11   | Killed Fiblev the pandemonium lord
100476 | Zig:11   | Killed Bidgh the pandemonium lord
100656 | Zig:11   | Identified the Disquisition on Venomous Evil Arts
100685 | Zig:12   | Entered Level 12 of a ziggurat
100695 | Zig:12   | Noticed Zieto Uttu the pandemonium lord
100700 | Zig:12   | Killed Zieto Uttu the pandemonium lord
100756 | Zig:12   | Got a transparent diamond amulet
100757 | Zig:12   | Identified the amulet of Youthful Indiscretion {Harm *Drain
                  | MR+ SInv} (You found it on level 12 of a ziggurat)
100778 | Zig:13   | Entered Level 13 of a ziggurat
100793 | Zig:13   | Found the +8 autumn katana {slice, Clar}
100849 | Zig:13   | Identified the +7 morningstar of Pacsi {venom, +Inv rC+
                  | Int-5} (You found it on level 13 of a ziggurat)
100915 | Zig:14   | Entered Level 14 of a ziggurat
101015 | Zig:14   | Identified the Tome of Cloudy Ice
101125 | Zig:15   | Entered Level 15 of a ziggurat
101137 | Zig:15   | Noticed Kumor the pandemonium lord
101142 | Zig:15   | Killed Kumor the pandemonium lord
101283 | Zig:15   | Found the +2 Maxwell's thermic engine {flame, freeze}
101283 | Zig:15   | Found the +3 robe of Clouds {+Thunder rCloud rElec}
101310 | Zig:16   | Entered Level 16 of a ziggurat
101330 | Zig:16   | Reached skill level 27 in Dodging
101450 | Zig:16   | Identified the Catalogue of the Manifold Shrikes
101454 | Zig:16   | Got a flickering emerald amulet
101456 | Zig:16   | Identified an amulet "Queneziapn" {Spirit *Contam rPois
                  | rC+} (You found it on level 16 of a ziggurat)
101477 | Zig:16   | Identified the Incunabulum of the Lucky Escort
101480 | Zig:17   | Entered Level 17 of a ziggurat
101489 | Zig:17   | Reached skill level 27 in Evocations
101489 | Zig:17   | Reached skill level 10 in Shields
101494 | Zig:17   | Reached skill level 15 in Shields
101552 | Zig:18   | Entered Level 18 of a ziggurat
101560 | Zig:18   | Gained mutation: You occasionally shout uncontrollably at
                  | your foes. [a cacodemon]
101565 | Zig:18   | Noticed Afaweahye the pandemonium lord
101566 | Zig:18   | Reached skill level 10 in Stealth
101571 | Zig:18   | Killed Afaweahye the pandemonium lord
101681 | Zig:18   | Got a fine brass ring
101682 | Zig:18   | Identified the ring of Dutin {rC+ SInv} (You found it on
                  | level 18 of a ziggurat)
101687 | Zig:18   | Identified the Collected Works on the Compass and the
                  | Arsonist
101706 | Zig:18   | Got a pitted golden ring
101707 | Zig:18   | Identified the ring "Vezazoef" {rElec rPois rF- rC+} (You
                  | found it on level 18 of a ziggurat)
101726 | Zig:19   | Entered Level 19 of a ziggurat
101731 | Zig:19   | Noticed Ycsa the pandemonium lord
101731 | Zig:19   | Noticed Ykle the pandemonium lord
101731 | Zig:19   | Noticed Umiuruis the pandemonium lord
101733 | Zig:19   | Noticed Mupseuhe the pandemonium lord
101733 | Zig:19   | Noticed Qutekkur the pandemonium lord
101734 | Zig:19   | Noticed Syqe the pandemonium lord
101734 | Zig:19   | Noticed Yduesohi the pandemonium lord
101734 | Zig:19   | Noticed Kalomoig the pandemonium lord
101735 | Zig:19   | Reached skill level 15 in Stealth
101735 | Zig:19   | Noticed Pat Anul the pandemonium lord
101736 | Zig:19   | Noticed Iqahet Goawn the pandemonium lord
101737 | Zig:19   | Noticed Nyarey the pandemonium lord
101737 | Zig:19   | Killed Ykle the pandemonium lord
101737 | Zig:19   | Killed Mupseuhe the pandemonium lord
101738 | Zig:19   | Noticed Koehadghuiga the pandemonium lord
101738 | Zig:19   | Killed Kalomoig the pandemonium lord
101738 | Zig:19   | Noticed Ryohamp the pandemonium lord
101738 | Zig:19   | Noticed Xeahaefa the pandemonium lord
101739 | Zig:19   | Noticed Gunlayduad the pandemonium lord
101742 | Zig:19   | Killed Ycsa the pandemonium lord
101743 | Zig:19   | Killed Umiuruis the pandemonium lord
101743 | Zig:19   | Killed Qutekkur the pandemonium lord
101743 | Zig:19   | Killed Syqe the pandemonium lord
101743 | Zig:19   | Noticed Diecor the pandemonium lord
101743 | Zig:19   | Noticed Jutsoy Keirr the pandemonium lord
101744 | Zig:19   | Killed Koehadghuiga the pandemonium lord
101744 | Zig:19   | Killed Nyarey the pandemonium lord
101744 | Zig:19   | Killed Yduesohi the pandemonium lord
101745 | Zig:19   | Killed Pat Anul the pandemonium lord
101746 | Zig:19   | Noticed Muolyckor the pandemonium lord
101746 | Zig:19   | Noticed Urugg the pandemonium lord
101749 | Zig:19   | Killed Ryohamp the pandemonium lord
101750 | Zig:19   | Killed Xeahaefa the pandemonium lord
101750 | Zig:19   | Killed Jutsoy Keirr the pandemonium lord
101750 | Zig:19   | Killed Muolyckor the pandemonium lord
101750 | Zig:19   | Killed Gunlayduad the pandemonium lord
101752 | Zig:19   | Killed Diecor the pandemonium lord
101756 | Zig:19   | Killed Urugg the pandemonium lord
101774 | Zig:19   | Killed Iqahet Goawn the pandemonium lord
102095 | Zig:19   | Found the +7 mace of Variability {chain chaos}
102101 | Zig:19   | Identified the Incunabulum of Dark Rituals
102147 | Zig:19   | Identified the Guide on the Scorching Entourage
102158 | Zig:20   | Entered Level 20 of a ziggurat
102217 | Zig:20   | Found the +4 skin of Zhor {Hibernate rC+++ SInv}
102219 | Zig:20   | Found the +0 Maxwell's etheric cage {RegenMP+ *Contam rElec
                  | MP+4}
102245 | Zig:20   | Learned a level 8 spell: Controlled Blink
102246 | Zig:20   | Identified the Compendium of Aerial Transmutation
102251 | Zig:20   | Got a crude glass ring
102252 | Zig:20   | Identified the ring "Ytrot" {+Blink rPois Str+9 Int-4} (You
                  | found it on level 20 of a ziggurat)
102265 | Zig:20   | Identified the Grimoire of Unholy Protection
102274 | Zig:20   | Got a fine zirconium amulet
102275 | Zig:20   | Identified an amulet of Zypropn {Spirit rF+} (You found it
                  | on level 20 of a ziggurat)
102279 | Zig:20   | Identified Sif Muna's Handbook of the Dislocated Entourage
102285 | Zig:21   | Entered Level 21 of a ziggurat
102304 | Zig:21   | Reached skill level 10 in Translocations
102324 | Zig:21   | Found the cursed +13 scythe of Curses {drain, *Curse}
102335 | Zig:21   | Found the -2 hat of the Alchemist {rElec rPois rF+ rC+ rN+
                  | MR+ rMut rCorr}
102346 | Zig:21   | Learned a level 9 spell: Tornado
102393 | Zig:22   | Entered Level 22 of a ziggurat
102555 | Zig:22   | Got a bound crystal amulet
102556 | Zig:22   | Identified the amulet "Achac" {Acrobat rPois Str+2} (You
                  | found it on level 22 of a ziggurat)
102563 | Zig:22   | Got a pitted glass ring
102564 | Zig:22   | Identified the ring of Ilerot {rC- MR+ Str+2 Int+2 Dex+4}
                  | (You found it on level 22 of a ziggurat)
102568 | Zig:22   | Got a fine marble ring
102569 | Zig:22   | Identified the ring of the Raven {rCorr Int+4 SInv} (You
                  | found it on level 22 of a ziggurat)
102572 | Zig:22   | Got a pitted bronze ring
102573 | Zig:22   | Identified the ring "Otiriut" {rF+ MR- Int-2 Dex+8 Stlth-}
                  | (You found it on level 22 of a ziggurat)
102576 | Zig:22   | Got a clouded marble ring
102577 | Zig:22   | Identified the ring of the Coward {+Inv rC+ MR+} (You found
                  | it on level 22 of a ziggurat)
102585 | Zig:22   | Identified the Tome of Blistering Poison
102598 | Zig:23   | Entered Level 23 of a ziggurat
102610 | Zig:23   | Reached skill level 15 in Translocations
102691 | Zig:23   | Got a scorched bronze amulet
102692 | Zig:23   | Identified the amulet of Mistrust {RegenMP rC+ SInv} (You
                  | found it on level 23 of a ziggurat)
102707 | Zig:23   | Identified the Grimoire of the Birds
102722 | Zig:23   | Identified the Catalogue of Fetching Sinister Arts
102739 | Zig:23   | Identified the Guide on Moulding
102773 | Zig:24   | Entered Level 24 of a ziggurat
102788 | Zig:24   | Reached skill level 27 in Stealth
102790 | Zig:24   | Reached skill level 10 in Air Magic
102801 | Zig:24   | Found the +7 great mace "Firestarter" {inner flame, rF++}
102860 | Zig:24   | Got a pitted silver ring
102861 | Zig:24   | Identified the ring "Jihaoric" {rC+ MR- Dex+6 Stlth-} (You
                  | found it on level 24 of a ziggurat)
102892 | Zig:24   | Identified the Papyrus of Nocuous Cold
102931 | Zig:25   | Entered Level 25 of a ziggurat
102956 | Zig:25   | Reached skill level 15 in Air Magic
103014 | Zig:25   | Found the +9 staff of Wucad Mu {channel}
103044 | Zig:25   | Got a smoking garnet amulet
103045 | Zig:25   | Identified the amulet of Tiorchuska {+Rage Str+5 Int+2}
                  | (You found it on level 25 of a ziggurat)
103055 | Zig:25   | Identified the Almanac of Congealing Intoxication
103069 | Zig:26   | Entered Level 26 of a ziggurat
103140 | Zig:26   | Found the +5 scythe "Finisher" {speed, eviscerate}
103158 | Zig:26   | Identified Sif Muna's Handbook of the Voyage and Air
103185 | Zig:26   | Got a pitted wooden ring
103186 | Zig:26   | Identified the ring "Wymustrinkiy" {rF+ Dex+5} (You found
                  | it on level 26 of a ziggurat)
103188 | Zig:26   | Identified the Collected Works on Ice
103198 | Zig:27   | Entered Level 27 of a ziggurat
103205 | Zig:27   | Noticed a juggernaut
103206 | Zig:27   | Noticed a juggernaut
103206 | Zig:27   | Noticed a juggernaut
103206 | Zig:27   | Noticed a juggernaut
103206 | Zig:27   | Noticed a juggernaut
103206 | Zig:27   | Noticed a juggernaut
103206 | Zig:27   | Noticed a juggernaut
103206 | Zig:27   | Noticed a juggernaut
103207 | Zig:27   | Noticed a juggernaut
103212 | Zig:27   | Killed a juggernaut
103212 | Zig:27   | Killed a juggernaut
103213 | Zig:27   | Killed a juggernaut
103218 | Zig:27   | Killed a juggernaut
103218 | Zig:27   | Killed a juggernaut
103219 | Zig:27   | Killed a juggernaut
103220 | Zig:27   | Killed a juggernaut
103221 | Zig:27   | Killed a juggernaut
103222 | Zig:27   | Killed a juggernaut
103224 | Zig:27   | Noticed a juggernaut
103228 | Zig:27   | Killed a juggernaut
103366 | Zig:27   | Identified the Grimoire of Unholy Rites and the Birds
103389 | Zig:27   | Got a smoking steel ring
103390 | Zig:27   | Identified the ring "Waneuq" {Wiz -Tele rPois rN+} (You
                  | found it on level 27 of a ziggurat)
103395 | Zig:27   | Identified the Almanac of Dislocation and Battle Magic
103400 | Zig:27   | Got a scintillating iron ring
103401 | Zig:27   | Identified the cursed ring "Keokh" {EV-3 Int+4} (You found
                  | it on level 27 of a ziggurat)
103476 | Pan      | Entered the realm of Gloorx Vloq.
103476 | Pan      | Entered Pandemonium
103941 | Pan      | Noticed Gloorx Vloq
103971 | Pan      | Killed Gloorx Vloq
104150 | Pan      | Got a dark rune of Zot
104222 | Pan      | Noticed Koroimpe the pandemonium lord
104273 | Pan      | Killed Koroimpe the pandemonium lord
104288 | Pan      | Gained mutation: You are dopey. (Int -2) [a cacodemon]
104536 | Pan      | Noticed Gaahukloar the pandemonium lord
104543 | Pan      | Killed Gaahukloar the pandemonium lord
105256 | Pan      | Lost mutation: You are agile. (Dex +2) [potion of mutation]
105256 | Pan      | Lost mutation: Your flesh is cold resistant. (rC+) [potion
                  | of mutation]
105256 | Pan      | Lost mutation: You occasionally shout uncontrollably at
                  | your foes. [potion of mutation]
105256 | Pan      | Lost mutation: You are dopey. (Int -2) [potion of mutation]
105256 | Pan      | Gained mutation: You are partially covered in yellow
                  | scales. (AC +2) [potion of mutation]
105266 | Pan      | Noticed Irammo the pandemonium lord
105287 | Pan      | Killed Irammo the pandemonium lord
106517 | Pan      | Entered the realm of Lom Lobon.
106659 | Pan      | Noticed Lom Lobon
106934 | Pan      | Got a magical rune of Zot
106941 | Pan      | Killed Lom Lobon
107311 | Pan      | Noticed Aqegej the pandemonium lord
107313 | Pan      | Gained mutation: Potions are less effective at restoring
                  | your health. [a cacodemon]
107319 | Pan      | Killed Aqegej the pandemonium lord
107564 | Pan      | Noticed Qeusm the pandemonium lord
107582 | Pan      | Killed Qeusm the pandemonium lord
107591 | Pan      | Got a demonic rune of Zot
107594 | Pan      | Entered the realm of Mnoleg.
107594 | Pan      | Noticed Mnoleg
107597 | Pan      | Got a glowing rune of Zot
107611 | Pan      | Killed Mnoleg
107712 | Pan      | Noticed Mennas
107727 | Pan      | Entered the realm of Cerebov.
107941 | Pan      | Got a bound bone ring
107942 | Pan      | Identified the ring "Niak Orch" {rF+ Dex+4} (You found it
                  | in Pandemonium)
108066 | Pan      | Identified the +6 sword of Cerebov {flame}
108066 | Pan      | Noticed Cerebov
108087 | Pan      | Killed Cerebov
108418 | Pan      | Got a fiery rune of Zot
108558 | Pan      | Got a clouded tin ring
108559 | Pan      | Identified the ring of Opsinin {rPois MR+ Stlth-} (You
                  | found it in Pandemonium)
108562 | Pan      | Identified the Almanac of Self-Improvement and Poisoning
108916 | Depths:2 | Escaped Pandemonium
109025 | Zig:1    | Entered Level 1 of a ziggurat
109208 | Zig:1    | Got a translucent lapis lazuli ring
109209 | Zig:1    | Identified the ring "Ymics" {rC+ rN+ Str+7} (You found it
                  | on level 1 of a ziggurat)
109217 | Zig:2    | Entered Level 2 of a ziggurat
109272 | Zig:3    | Entered Level 3 of a ziggurat
109380 | Zig:4    | Entered Level 4 of a ziggurat
109383 | Zig:4    | Noticed a greater mummy
109386 | Zig:4    | Killed a greater mummy
109387 | Zig:4    | Killed a greater mummy
109496 | Zig:5    | Entered Level 5 of a ziggurat
109637 | Zig:5    | Got a wavering copper amulet
109638 | Zig:5    | Identified the amulet of Past Mistakes {+Rage Int+3} (You
                  | found it on level 5 of a ziggurat)
109664 | Zig:6    | Entered Level 6 of a ziggurat
109668 | Zig:6    | Noticed Xoebloc the pandemonium lord
109669 | Zig:6    | Killed Xoebloc the pandemonium lord
109671 | Zig:6    | Noticed Xaelaw the pandemonium lord
109674 | Zig:6    | Killed Xaelaw the pandemonium lord
109870 | Zig:7    | Entered Level 7 of a ziggurat
109939 | Zig:8    | Entered Level 8 of a ziggurat
109944 | Zig:8    | Noticed an ancient lich
109948 | Zig:8    | Killed an ancient lich
110149 | Zig:9    | Entered Level 9 of a ziggurat
110269 | Zig:9    | Got a steaming copper ring
110270 | Zig:9    | Identified the ring "Fohyoha" {+Fly rElec rPois rF+++ rC-}
                  | (You found it on level 9 of a ziggurat)
110278 | Zig:9    | Identified the +1 pair of boots of Sloth {rF+ Regen+ Int-5
                  | Dex+5} (You found it on level 9 of a ziggurat)
110290 | Zig:10   | Entered Level 10 of a ziggurat
110465 | Zig:10   | Identified the Collected Works on the Rocks and Ice
110468 | Zig:10   | Identified the Collected Works on Supportive Unholy Rites
110486 | Zig:10   | Identified the Collected Works on Vitriolic Flight
110505 | Zig:11   | Entered Level 11 of a ziggurat
110515 | Zig:11   | Noticed a juggernaut
110515 | Zig:11   | Noticed a juggernaut
110515 | Zig:11   | Noticed a juggernaut
110517 | Zig:11   | Noticed a juggernaut
110517 | Zig:11   | Noticed a juggernaut
110517 | Zig:11   | Noticed a juggernaut
110518 | Zig:11   | Killed a juggernaut
110519 | Zig:11   | Killed a juggernaut
110519 | Zig:11   | Killed a juggernaut
110520 | Zig:11   | Killed a juggernaut
110520 | Zig:11   | Killed a juggernaut
110521 | Zig:11   | Killed a juggernaut
110592 | Zig:12   | Entered Level 12 of a ziggurat
110608 | Zig:12   | Noticed Kyc Cyojosk the pandemonium lord
110610 | Zig:12   | Killed Kyc Cyojosk the pandemonium lord
110642 | Zig:12   | Found the +5 demon whip "Spellbinder" {antimagic, MR+}
110657 | Zig:12   | Got a heavily runed glass ring
110658 | Zig:12   | Identified the ring of Xom's Entertainment {rElec rF+
                  | Str+4} (You found it on level 12 of a ziggurat)
110670 | Zig:12   | Got a steaming lead ring
110671 | Zig:12   | Identified the ring of Butchery {Ice MR+ Int+3} (You found
                  | it on level 12 of a ziggurat)
110674 | Zig:13   | Entered Level 13 of a ziggurat
110767 | Zig:13   | Got a transparent golden ring
110768 | Zig:13   | Identified the ring of Yesterday {rPois rF- MR+ Str+3
                  | Dex+2} (You found it on level 13 of a ziggurat)
110811 | Zig:14   | Entered Level 14 of a ziggurat
110818 | Zig:14   | Noticed Nikosido the pandemonium lord
110821 | Zig:14   | Noticed Alie the pandemonium lord
110821 | Zig:14   | Killed Nikosido the pandemonium lord
110823 | Zig:14   | Noticed Korghoum the pandemonium lord
110823 | Zig:14   | Noticed Zaeroox the pandemonium lord
110823 | Zig:14   | Noticed Esusow the pandemonium lord
110824 | Zig:14   | Noticed Anollaf the pandemonium lord
110828 | Zig:14   | Killed Alie the pandemonium lord
110829 | Zig:14   | Killed Zaeroox the pandemonium lord
110830 | Zig:14   | Killed Anollaf the pandemonium lord
110832 | Zig:14   | Killed Korghoum the pandemonium lord
110832 | Zig:14   | Killed Esusow the pandemonium lord
110832 | Zig:14   | Noticed Onwilosy the pandemonium lord
110848 | Zig:14   | Killed Onwilosy the pandemonium lord
110957 | Zig:14   | Identified Mamyluz's Disquisition on the Assistive
                  | Frostbite
110965 | Zig:14   | Got a bound marble ring
110966 | Zig:14   | Identified the ring of Wano {rF+ Stlth+} (You found it on
                  | level 14 of a ziggurat)
110985 | Zig:15   | Entered Level 15 of a ziggurat
111126 | Zig:16   | Entered Level 16 of a ziggurat
111150 | Zig:16   | Reached skill level 27 in Ice Magic
111400 | Zig:17   | Entered Level 17 of a ziggurat
111461 | Zig:17   | Reached skill level 27 in Earth Magic
111526 | Zig:17   | Found the +8 arc blade {discharge, rElec}
111539 | Zig:17   | Got a slimy steel ring
111540 | Zig:17   | Identified the ring of Cainy {Ice rPois Str+2 SInv} (You
                  | found it on level 17 of a ziggurat)
111549 | Zig:17   | Got a clouded marble ring
111550 | Zig:17   | Identified the ring "Dahu" {rN+ MP+9 Int+6} (You found it
                  | on level 17 of a ziggurat)
111581 | Zig:18   | Entered Level 18 of a ziggurat
111593 | Zig:18   | Noticed an ancient lich
111596 | Zig:18   | Killed an ancient lich
111597 | Zig:18   | Noticed an ancient lich
111599 | Zig:18   | Noticed an ancient lich
111600 | Zig:18   | Killed an ancient lich
111617 | Zig:18   | Reached skill level 27 in Fire Magic
111617 | Zig:18   | Killed an ancient lich
111627 | Zig:18   | Noticed an ancient lich
111631 | Zig:18   | Killed an ancient lich
111788 | Zig:18   | Got a steaming turquoise ring
111789 | Zig:18   | Identified the ring "Paukoul" {EV+5 Dex+2 Slay+6} (You
                  | found it on level 18 of a ziggurat)
111800 | Zig:18   | Got a translucent jade ring
111801 | Zig:18   | Identified the ring "Niuluhuf" {Fire Dex+7 SInv Stlth-}
                  | (You found it on level 18 of a ziggurat)
111829 | Zig:19   | Entered Level 19 of a ziggurat
111982 | Zig:19   | Found the amulet of Vitality {Regen+ HP+15}
111998 | Zig:19   | Identified the Catalogue of Feathery Good Luck
112000 | Zig:19   | Identified Soevez's Papyrus of Lethal Intoxication
112019 | Zig:20   | Entered Level 20 of a ziggurat
112043 | Zig:20   | Reached skill level 27 in Conjurations
112045 | Zig:20   | Reached skill level 27 in Air Magic
112047 | Zig:20   | Reached skill level 15 in Maces & Flails
112216 | Zig:20   | Identified the Catalogue of the Lucky Arsonist
112224 | Zig:21   | Entered Level 21 of a ziggurat
112236 | Zig:21   | Noticed a juggernaut
112240 | Zig:21   | Killed a juggernaut
112240 | Zig:21   | Noticed a juggernaut
112240 | Zig:21   | Noticed a juggernaut
112241 | Zig:21   | Noticed a juggernaut
112243 | Zig:21   | Killed a juggernaut
112243 | Zig:21   | Killed a juggernaut
112243 | Zig:21   | Noticed a juggernaut
112244 | Zig:21   | Killed a juggernaut
112244 | Zig:21   | Noticed a juggernaut
112244 | Zig:21   | Noticed a juggernaut
112245 | Zig:21   | Noticed a juggernaut
112245 | Zig:21   | Noticed a juggernaut
112247 | Zig:21   | Killed a juggernaut
112247 | Zig:21   | Killed a juggernaut
112248 | Zig:21   | Killed a juggernaut
112248 | Zig:21   | Killed a juggernaut
112248 | Zig:21   | Killed a juggernaut
112301 | Zig:21   | Got a fine granite ring
112302 | Zig:21   | Identified the ring of the Final Dances {rElec rCorr} (You
                  | found it on level 21 of a ziggurat)
112335 | Zig:21   | Identified the Catalogue of the Forest
112338 | Zig:21   | Identified the Handbook of the Birds
112348 | Zig:21   | Got a sparkling bone ring
112349 | Zig:21   | Identified the ring of Qocuu {rF- MR+ Str+2 Int+3} (You
                  | found it on level 21 of a ziggurat)
112362 | Zig:22   | Entered Level 22 of a ziggurat
112529 | Zig:22   | Identified the Tome of Frigorific Earth
112562 | Zig:22   | Identified the Volume of Curses
112753 | Zig:23   | Entered Level 23 of a ziggurat
112771 | Zig:23   | Reached skill level 27 in Maces & Flails
112924 | Zig:23   | Found the ring of Robustness {AC+8}
112950 | Zig:23   | Identified the cursed -6 cloak "Bisa" {MR+} (You found it
                  | on level 23 of a ziggurat)
112967 | Zig:24   | Entered Level 24 of a ziggurat
112983 | Zig:24   | Noticed an ancient lich
112987 | Zig:24   | Noticed an ancient lich
112989 | Zig:24   | Killed an ancient lich
112989 | Zig:24   | Noticed an ancient lich
112992 | Zig:24   | Killed an ancient lich
112992 | Zig:24   | Noticed an ancient lich
112993 | Zig:24   | Noticed an ancient lich
112994 | Zig:24   | Noticed an ancient lich
112996 | Zig:24   | Noticed an ancient lich
112997 | Zig:24   | Noticed an ancient lich
112998 | Zig:24   | Killed an ancient lich
112998 | Zig:24   | Killed an ancient lich
112998 | Zig:24   | Killed an ancient lich
112999 | Zig:24   | Killed an ancient lich
112999 | Zig:24   | Killed an ancient lich
113000 | Zig:24   | Noticed an ancient lich
113000 | Zig:24   | Noticed an ancient lich
113000 | Zig:24   | Noticed an ancient lich
113001 | Zig:24   | Killed an ancient lich
113002 | Zig:24   | Reached skill level 27 in Armour
113002 | Zig:24   | Noticed an ancient lich
113003 | Zig:24   | Killed an ancient lich
113003 | Zig:24   | Killed an ancient lich
113003 | Zig:24   | Killed an ancient lich
113003 | Zig:24   | Noticed an ancient lich
113006 | Zig:24   | Killed an ancient lich
113007 | Zig:24   | Killed an ancient lich
113327 | Zig:24   | Identified Murefa's Reference Book on Dusty Calling
113331 | Zig:24   | Identified the Compendium of Stones and Conjuration
113346 | Zig:24   | Got a vibrating glass ring
113347 | Zig:24   | Identified the ring of Xuruza {Wiz rElec rPois Str+2} (You
                  | found it on level 24 of a ziggurat)
113350 | Zig:24   | Identified the Guide on Spatial Clay
113356 | Zig:24   | Identified the Guide on Sinister Conjuration
113360 | Zig:24   | Identified the Catalogue of Ice and Malediction
113363 | Zig:24   | Identified the +7 morningstar of Hacking and Slashing
                  | {drain, *Noise rElec rF+ MR++} (You found it on level 24 of
                  | a ziggurat)
113368 | Zig:25   | Entered Level 25 of a ziggurat
113415 | Zig:25   | Killed a starcursed mass
113500 | Zig:25   | Identified the Tome of Confrontation and Orientation
113511 | Zig:25   | Identified the Tome of Gliding Clay
113536 | Zig:25   | Got a coiled jade ring
113537 | Zig:25   | Identified the ring "Huoptov" {Wiz rElec rC- Slay+6 SInv}
                  | (You found it on level 25 of a ziggurat)
113556 | Zig:25   | Identified the +1 pair of gloves of Generosity {rC+ Int+2}
                  | (You found it on level 25 of a ziggurat)
113560 | Zig:26   | Entered Level 26 of a ziggurat
113632 | Zig:26   | Identified the Compendium of Displaced Self-Knowledge
113830 | Zig:27   | Entered Level 27 of a ziggurat
113854 | Zig:27   | Reached skill level 27 in Shields
113854 | Zig:27   | Reached skill level 1 in Throwing
113859 | Zig:27   | Reached skill level 5 in Throwing
113862 | Zig:27   | Reached skill level 10 in Throwing
113868 | Zig:27   | Reached skill level 15 in Throwing
113973 | Zig:27   | Identified the +1 helmet "Toabrism" {rPois rN+ Int-3 SInv}
                  | (You found it on level 27 of a ziggurat)
114006 | Zig:27   | Identified Bylubb's Guide on Ashen Displacement
114011 | Zig:27   | Identified the Guide on Arcane Weapons and the Rocks
114021 | Zig:27   | Identified Badghaumo's Guide on Nocuous Shape Shifting
114027 | Zig:27   | Identified the Catalogue of Stolen Souls and Confrontation
114047 | Zig:27   | Identified Loelar's Volume of Cloudy Earth
114129 | Hell     | Entered the Vestibule of Hell
114129 | Hell     | Noticed Geryon
114135 | Hell     | Killed Geryon
114248 | Depths:1 | Upgraded the game from 0.24-a0-355-gbe4061de67 to
                  | 0.24-a0-358-g53aee78b01
114538 | Elf:3    | Bought a wand of clouds (7) for 660 gold pieces
114787 | Depths:1 | Upgraded the game from 0.24-a0-358-g53aee78b01 to
                  | 0.24-a0-361-g57161393b2
115078 | Tomb:1   | Entered Level 1 of the Tomb of the Ancients
115144 | Tomb:1   | Noticed a greater mummy
115149 | Tomb:1   | Killed a greater mummy
115150 | Tomb:1   | Noticed a greater mummy
115151 | Tomb:1   | Noticed a greater mummy
115408 | Tomb:1   | Killed a greater mummy
115409 | Tomb:1   | Killed a greater mummy
115413 | Tomb:1   | Noticed a greater mummy
115416 | Tomb:1   | Killed a greater mummy
115419 | Tomb:1   | Noticed a greater mummy
115421 | Tomb:1   | Noticed a greater mummy
115421 | Tomb:1   | Noticed a greater mummy
115580 | Tomb:1   | Killed a greater mummy
115581 | Tomb:1   | Killed a greater mummy
115582 | Tomb:1   | Killed a greater mummy
115674 | Tomb:1   | Noticed a greater mummy
115674 | Tomb:1   | Noticed a greater mummy
115678 | Tomb:1   | Killed a greater mummy
115679 | Tomb:1   | Killed a greater mummy
115716 | Tomb:1   | Noticed a greater mummy
115724 | Tomb:1   | Killed a greater mummy
115872 | Tomb:1   | Noticed a greater mummy
115875 | Tomb:1   | Killed a greater mummy
115875 | Tomb:1   | Noticed a greater mummy
115876 | Tomb:1   | Killed a greater mummy
115890 | Tomb:1   | Noticed a greater mummy
115895 | Tomb:1   | Killed a greater mummy
115904 | Tomb:1   | Noticed a greater mummy
116075 | Tomb:1   | Killed a greater mummy
116427 | Tomb:1   | Noticed a greater mummy
116441 | Tomb:1   | Killed a greater mummy
116601 | Tomb:1   | Noticed a greater mummy
116605 | Tomb:1   | Killed a greater mummy
116841 | Tomb:1   | Got a fine silver ring
116842 | Tomb:1   | Identified the ring "Wengeu" {*Corrode MR+ Int+5 SInv
                  | Stlth+} (You found it on level 1 of the Tomb of the
                  | Ancients)
117127 | Tomb:2   | Noticed a greater mummy
117137 | Tomb:2   | Noticed a greater mummy
117141 | Tomb:2   | Killed a greater mummy
117141 | Tomb:2   | Killed a greater mummy
117142 | Tomb:2   | Noticed a greater mummy
117143 | Tomb:2   | Noticed a greater mummy
117149 | Tomb:2   | Killed a greater mummy
117150 | Tomb:2   | Killed a greater mummy
117810 | Tomb:3   | Entered Level 3 of the Tomb of the Ancients
117829 | Tomb:3   | Noticed a greater mummy
117832 | Tomb:3   | Killed a greater mummy
117832 | Tomb:3   | Noticed a greater mummy
117832 | Tomb:3   | Noticed a greater mummy
117833 | Tomb:3   | Noticed a greater mummy
117950 | Tomb:3   | Noticed a greater mummy
117952 | Tomb:3   | Killed a greater mummy
117953 | Tomb:3   | Killed a greater mummy
117953 | Tomb:3   | Noticed a greater mummy
117954 | Tomb:3   | Killed a greater mummy
117956 | Tomb:3   | Killed a greater mummy
117957 | Tomb:3   | Noticed a greater mummy
117960 | Tomb:3   | Killed a greater mummy
117962 | Tomb:3   | Killed a greater mummy
118180 | Tomb:3   | Noticed Khufu
118188 | Tomb:3   | Killed Khufu
118194 | Tomb:3   | Noticed an ancient lich
118198 | Tomb:3   | Killed an ancient lich
118228 | Tomb:3   | Got a golden rune of Zot
118383 | Tomb:3   | Identified the Almanac of Arcane Weapons and Feathers
118484 | Tomb:3   | Got a coiled platinum ring
118485 | Tomb:3   | Identified the ring of the Thoughtful Seas {Dex+4 Slay+3}
                  | (You found it on level 3 of the Tomb of the Ancients)
119219 | Zig:1    | Entered Level 1 of a ziggurat
119417 | Zig:2    | Entered Level 2 of a ziggurat
119446 | Zig:3    | Entered Level 3 of a ziggurat
119596 | Zig:4    | Entered Level 4 of a ziggurat
119765 | Zig:5    | Entered Level 5 of a ziggurat
119851 | Zig:5    | Identified the Compendium of Transmigration and Poisoning
119855 | Zig:5    | Identified the +0 buckler of Action {*Drain MR++ Dex+3}
                  | (You found it on level 5 of a ziggurat)
119860 | Zig:5    | Got a clouded golden ring
119861 | Zig:5    | Identified the ring "Cieps" {*Drain rPois rC+ Int+3} (You
                  | found it on level 5 of a ziggurat)
119866 | Zig:6    | Entered Level 6 of a ziggurat
119870 | Zig:6    | Noticed Sace the pandemonium lord
119876 | Zig:6    | Killed Sace the pandemonium lord
119987 | Zig:6    | Got a scorched jade ring
119988 | Zig:6    | Identified the ring of Owehywit {-Tele rPois rF+ Int+6}
                  | (You found it on level 6 of a ziggurat)
119997 | Zig:7    | Entered Level 7 of a ziggurat
120003 | Zig:7    | Noticed an ancient lich
120009 | Zig:7    | Killed an ancient lich
120090 | Zig:8    | Entered Level 8 of a ziggurat
120093 | Zig:8    | Found the +7 Spriggan's Knife {stab, EV+4 Stlth+}
120093 | Zig:8    | Reached skill level 27 in Throwing
120094 | Zig:8    | Reached skill level 10 in Long Blades
120183 | Zig:8    | Got a crude tin amulet
120184 | Zig:8    | Identified an amulet "Exteg" {Spirit rC- MR- Str+10 Stlth+}
                  | (You found it on level 8 of a ziggurat)
120204 | Zig:8    | Got a bound bronze ring
120205 | Zig:8    | Identified the ring of the Empty Page {rElec Str+2 Stlth+}
                  | (You found it on level 8 of a ziggurat)
120208 | Zig:8    | Identified the Papyrus of Summoning
120214 | Zig:9    | Entered Level 9 of a ziggurat
120222 | Zig:9    | Noticed a juggernaut
120224 | Zig:9    | Noticed a juggernaut
120224 | Zig:9    | Noticed a juggernaut
120225 | Zig:9    | Killed a juggernaut
120225 | Zig:9    | Killed a juggernaut
120225 | Zig:9    | Reached skill level 15 in Long Blades
120226 | Zig:9    | Killed a juggernaut
120227 | Zig:9    | Noticed a juggernaut
120227 | Zig:9    | Noticed a juggernaut
120229 | Zig:9    | Killed a juggernaut
120231 | Zig:9    | Killed a juggernaut
120286 | Zig:9    | Got a sparkling ivory ring
120288 | Zig:9    | Identified the cursed ring "Jiruym" {rF++ Int+4 Slay-3}
                  | (You found it on level 9 of a ziggurat)
120322 | Zig:10   | Entered Level 10 of a ziggurat
120432 | Zig:11   | Entered Level 11 of a ziggurat
120441 | Zig:11   | Noticed Fomikh the pandemonium lord
120442 | Zig:11   | Noticed Nuaxut the pandemonium lord
120442 | Zig:11   | Noticed Ihaycymull the pandemonium lord
120442 | Zig:11   | Noticed Riudeih the pandemonium lord
120443 | Zig:11   | Noticed Xeom Kij the pandemonium lord
120443 | Zig:11   | Noticed Halos the pandemonium lord
120443 | Zig:11   | Noticed Qapimidgh the pandemonium lord
120444 | Zig:11   | Noticed Cuoz the pandemonium lord
120444 | Zig:11   | Noticed Aroneutepn the pandemonium lord
120445 | Zig:11   | Killed Nuaxut the pandemonium lord
120445 | Zig:11   | Killed Riudeih the pandemonium lord
120446 | Zig:11   | Noticed Liox the pandemonium lord
120446 | Zig:11   | Noticed Giamygo the pandemonium lord
120447 | Zig:11   | Killed Xeom Kij the pandemonium lord
120447 | Zig:11   | Noticed Jelaice the pandemonium lord
120448 | Zig:11   | Killed Aroneutepn the pandemonium lord
120448 | Zig:11   | Killed Liox the pandemonium lord
120449 | Zig:11   | Killed Fomikh the pandemonium lord
120449 | Zig:11   | Killed Giamygo the pandemonium lord
120449 | Zig:11   | Killed Ihaycymull the pandemonium lord
120450 | Zig:11   | Killed Qapimidgh the pandemonium lord
120450 | Zig:11   | Killed Jelaice the pandemonium lord
120456 | Zig:11   | Killed Cuoz the pandemonium lord
120467 | Zig:11   | Killed Halos the pandemonium lord
120575 | Zig:11   | Identified the +1 pair of gloves "Zasmy" {rF+ MR+} (You
                  | found it on level 11 of a ziggurat)
120584 | Zig:12   | Entered Level 12 of a ziggurat
120684 | Zig:12   | Got a warped silver ring
120685 | Zig:12   | Identified the ring "Pitifruy" {Wiz rPois} (You found it on
                  | level 12 of a ziggurat)
120692 | Zig:12   | Identified Diaman's Almanac of Poisonous Stones
120707 | Zig:13   | Entered Level 13 of a ziggurat
120796 | Zig:14   | Entered Level 14 of a ziggurat
120809 | Zig:14   | Reached skill level 27 in Necromancy
120815 | Zig:14   | Found the +7 lajatang of Order {silver, rMut}
120982 | Zig:14   | Found the +3 warlock's mirror {reflect}
120986 | Zig:14   | Identified the Papyrus of Shape Shifting and Calling
120999 | Zig:14   | Got a smoking large shield
121000 | Zig:14   | Identified the +2 large shield "Zetaoss" {-Cast +Fly rElec}
                  | (You found it on level 14 of a ziggurat)
121036 | Zig:14   | Identified the Collected Works on Transformation
121061 | Zig:15   | Entered Level 15 of a ziggurat
121151 | Zig:15   | Found the +8 frozen axe "Frostbite" {freezing cloud, *Noise
                  | +Fly rC+}
121207 | Zig:15   | Identified Sif Muna's Handbook of Fire and Dislocation
121210 | Zig:15   | Identified the +2 cloak "Ocluqy" {*Drain rElec rN+ Int+2}
                  | (You found it on level 15 of a ziggurat)
121220 | Zig:15   | Got a wavering pewter ring
121221 | Zig:15   | Identified the ring "Nihi" {AC+1 Str-3 SInv Stlth+} (You
                  | found it on level 15 of a ziggurat)
121232 | Zig:16   | Entered Level 16 of a ziggurat
121470 | Zig:16   | Identified Irieqaux's Guide on Glacial Calling
121484 | Zig:17   | Entered Level 17 of a ziggurat
121643 | Zig:17   | Identified the Incunabulum of Fire and Shape Shifting
121666 | Zig:17   | Learned a level 8 spell: Lehudib's Crystal Spear
121676 | Zig:18   | Entered Level 18 of a ziggurat
121685 | Zig:18   | Noticed an orb of fire
121688 | Zig:18   | Noticed an orb of fire
121689 | Zig:18   | Noticed an orb of fire
121689 | Zig:18   | Noticed an orb of fire
121690 | Zig:18   | Noticed an orb of fire
121690 | Zig:18   | Noticed an orb of fire
121690 | Zig:18   | Noticed an orb of fire
121695 | Zig:18   | Killed an orb of fire
121695 | Zig:18   | Killed an orb of fire
121695 | Zig:18   | Killed an orb of fire
121695 | Zig:18   | Noticed an orb of fire
121696 | Zig:18   | Killed an orb of fire
121696 | Zig:18   | Killed an orb of fire
121696 | Zig:18   | Killed an orb of fire
121696 | Zig:18   | Noticed an orb of fire
121696 | Zig:18   | Noticed an orb of fire
121697 | Zig:18   | Killed an orb of fire
121697 | Zig:18   | Noticed an orb of fire
121697 | Zig:18   | Noticed an orb of fire
121699 | Zig:18   | Noticed an orb of fire
121699 | Zig:18   | Noticed an orb of fire
121699 | Zig:18   | Noticed an orb of fire
121700 | Zig:18   | Killed an orb of fire
121700 | Zig:18   | Noticed an orb of fire
121700 | Zig:18   | Noticed an orb of fire
121701 | Zig:18   | Noticed an orb of fire
121701 | Zig:18   | Noticed an orb of fire
121701 | Zig:18   | Killed an orb of fire
121701 | Zig:18   | Noticed an orb of fire
121701 | Zig:18   | Noticed an orb of fire
121701 | Zig:18   | Noticed an orb of fire
121702 | Zig:18   | Killed an orb of fire
121703 | Zig:18   | Killed an orb of fire
121703 | Zig:18   | Killed an orb of fire
121703 | Zig:18   | Killed an orb of fire
121703 | Zig:18   | Killed an orb of fire
121704 | Zig:18   | Killed an orb of fire
121704 | Zig:18   | Killed an orb of fire
121704 | Zig:18   | Killed an orb of fire
121705 | Zig:18   | Noticed an orb of fire
121705 | Zig:18   | Noticed an orb of fire
121705 | Zig:18   | Noticed an orb of fire
121705 | Zig:18   | Killed an orb of fire
121705 | Zig:18   | Killed an orb of fire
121705 | Zig:18   | Gained mutation: Your spells are a little easier to cast,
                  | but a little less powerful. [an orb of fire]
121707 | Zig:18   | Killed an orb of fire
121707 | Zig:18   | Killed an orb of fire
121708 | Zig:18   | Killed an orb of fire
121709 | Zig:18   | Killed an orb of fire
121709 | Zig:18   | Reached skill level 27 in Translocations
121710 | Zig:18   | Killed an orb of fire
121710 | Zig:18   | Killed an orb of fire
121782 | Zig:18   | Lost mutation: You are somewhat resistant to further
                  | mutation. [potion of mutation]
121782 | Zig:18   | Lost mutation: Your spells are a little easier to cast, but
                  | a little less powerful. [potion of mutation]
121782 | Zig:18   | Lost mutation: You tend to lose your temper in combat.
                  | [potion of mutation]
121782 | Zig:18   | Gained mutation: Armour fits poorly on your strangely
                  | shaped body. [potion of mutation]
121782 | Zig:18   | Gained mutation: You are partially covered in iridescent
                  | scales. (AC +2) [potion of mutation]
121791 | Zig:18   | Identified the Tome of Flamy Shape Shifting
121823 | Zig:19   | Entered Level 19 of a ziggurat
121832 | Zig:19   | Reached skill level 10 in Transmutations
121917 | Zig:19   | Identified the cursed +1 morningstar "Hanweucw" {antimagic,
                  | rElec Str+2 SInv} (You found it on level 19 of a ziggurat)
121920 | Zig:19   | Reached skill level 15 in Transmutations
121949 | Zig:20   | Entered Level 20 of a ziggurat
122153 | Zig:20   | Identified the cursed +0 pair of gloves "Repnerch" {rPois
                  | Regen+ Str-2 Dex+5} (You found it on level 20 of a
                  | ziggurat)
122200 | Zig:20   | Identified Bokk's Tome of Ensnaring Summoning
122211 | Zig:20   | Identified Igege Kae's Compendium of Translocation and
                  | Moulding
122220 | Zig:20   | Identified the cursed -1 cloak of Makhleb's Fury {rPois
                  | Stlth+} (You found it on level 20 of a ziggurat)
122228 | Zig:20   | Identified the Almanac of Feathers
122237 | Zig:21   | Entered Level 21 of a ziggurat
122305 | Zig:21   | Found the +8 mithril axe "Arga" {speed, MR+}
122315 | Zig:21   | Identified Sif Muna's Catalogue of Supportive Aid
122325 | Zig:21   | Got a coiled graven amulet
122326 | Zig:21   | Identified the amulet "Kozi Deo" {Inacc rF+ MR+ Dex+2
                  | Stlth+} (You found it on level 21 of a ziggurat)
122344 | Zig:21   | Got a smoking marble ring
122345 | Zig:21   | Identified the ring "Datak" {Str+4 Int+2 Stlth+} (You found
                  | it on level 21 of a ziggurat)
122356 | Zig:22   | Entered Level 22 of a ziggurat
122364 | Zig:22   | Noticed a greater mummy
122364 | Zig:22   | Noticed a greater mummy
122364 | Zig:22   | Noticed a greater mummy
122365 | Zig:22   | Noticed a greater mummy
122367 | Zig:22   | Killed a greater mummy
122367 | Zig:22   | Noticed a greater mummy
122368 | Zig:22   | Killed a greater mummy
122368 | Zig:22   | Killed a greater mummy
122369 | Zig:22   | Noticed a greater mummy
122370 | Zig:22   | Killed a greater mummy
122371 | Zig:22   | Noticed a greater mummy
122371 | Zig:22   | Noticed a greater mummy
122371 | Zig:22   | Noticed a greater mummy
122372 | Zig:22   | Killed a greater mummy
122373 | Zig:22   | Noticed a greater mummy
122374 | Zig:22   | Killed a greater mummy
122374 | Zig:22   | Killed a greater mummy
122374 | Zig:22   | Killed a greater mummy
122374 | Zig:22   | Noticed a greater mummy
122375 | Zig:22   | Noticed a greater mummy
122376 | Zig:22   | Killed a greater mummy
122376 | Zig:22   | Noticed a greater mummy
122377 | Zig:22   | Killed a greater mummy
122377 | Zig:22   | Noticed a greater mummy
122378 | Zig:22   | Killed a greater mummy
122378 | Zig:22   | Noticed a greater mummy
122379 | Zig:22   | Killed a greater mummy
122380 | Zig:22   | Killed a greater mummy
122381 | Zig:22   | Killed a greater mummy
122381 | Zig:22   | Noticed a greater mummy
122397 | Zig:22   | Noticed a greater mummy
122400 | Zig:22   | Killed a greater mummy
122400 | Zig:22   | Killed a greater mummy
122408 | Zig:22   | Noticed a greater mummy
122409 | Zig:22   | Noticed a greater mummy
122409 | Zig:22   | Noticed a greater mummy
122410 | Zig:22   | Noticed a greater mummy
122414 | Zig:22   | Noticed a greater mummy
122414 | Zig:22   | Noticed a greater mummy
122415 | Zig:22   | Killed a greater mummy
122415 | Zig:22   | Killed a greater mummy
122415 | Zig:22   | Noticed a greater mummy
122416 | Zig:22   | Killed a greater mummy
122416 | Zig:22   | Noticed a greater mummy
122417 | Zig:22   | Killed a greater mummy
122417 | Zig:22   | Killed a greater mummy
122418 | Zig:22   | Killed a greater mummy
122418 | Zig:22   | Killed a greater mummy
122418 | Zig:22   | Killed a greater mummy
122419 | Zig:22   | Noticed a greater mummy
122421 | Zig:22   | Killed a greater mummy
122425 | Zig:22   | Noticed a greater mummy
122426 | Zig:22   | Killed a greater mummy
122427 | Zig:22   | Noticed a greater mummy
122431 | Zig:22   | Killed a greater mummy
122434 | Zig:22   | Killed a greater mummy
122624 | Zig:22   | Identified the Papyrus of the Oath and Summoning
122669 | Zig:22   | Got a translucent diamond amulet
122670 | Zig:22   | Identified the amulet "Jeoporan" {Gourm rElec} (You found
                  | it on level 22 of a ziggurat)
122682 | Zig:23   | Entered Level 23 of a ziggurat
122746 | Zig:23   | Got a twitching ruby amulet
122747 | Zig:23   | Identified Sif Muna's Reference Book on Unstable Unholy
                  | Secrets
122752 | Zig:23   | Got a scintillating marble ring
122755 | Zig:23   | Identified the amulet of Fabo {Faith rElec rPois MR+
                  | Stlth-} (You found it on level 23 of a ziggurat)
122757 | Zig:23   | Identified the ring "Vyrutuosidgh" {rC+ MR- Dex+6 Slay+3}
                  | (You found it on level 23 of a ziggurat)
122801 | Zig:23   | Identified Further Progress in Magic
122864 | Zig:24   | Entered Level 24 of a ziggurat
122903 | Zig:24   | Reached skill level 27 in Transmutations
122903 | Zig:24   | Reached skill level 1 in Unarmed Combat
122909 | Zig:24   | Reached skill level 5 in Unarmed Combat
123011 | Zig:24   | Identified the Reference Book on Boosting Dark Secrets
123014 | Zig:24   | Got a bound pewter ring
123015 | Zig:24   | Identified the ring of Divine Intervention {EV+1 Str+3}
                  | (You found it on level 24 of a ziggurat)
123042 | Zig:24   | Got a smoking jade ring
123043 | Zig:24   | Identified the cursed ring of Merew {rF++ Int-4 Slay-3}
                  | (You found it on level 24 of a ziggurat)
123049 | Zig:25   | Entered Level 25 of a ziggurat
123065 | Zig:25   | Reached skill level 10 in Unarmed Combat
123076 | Zig:25   | Reached skill level 15 in Unarmed Combat
123133 | Zig:25   | Got a scintillating pewter ring
123134 | Zig:25   | Identified the ring "Bemuni" {rPois MR+++ AC+2 Str-5
                  | Stlth+} (You found it on level 25 of a ziggurat)
123273 | Zig:26   | Entered Level 26 of a ziggurat
123293 | Zig:26   | Noticed an ancient lich
123296 | Zig:26   | Killed an ancient lich
123303 | Zig:26   | Noticed an ancient lich
123304 | Zig:26   | Noticed an ancient lich
123307 | Zig:26   | Noticed an ancient lich
123308 | Zig:26   | Noticed an ancient lich
123308 | Zig:26   | Noticed an ancient lich
123308 | Zig:26   | Noticed an ancient lich
123308 | Zig:26   | Noticed an ancient lich
123308 | Zig:26   | Noticed an ancient lich
123309 | Zig:26   | Killed an ancient lich
123309 | Zig:26   | Killed an ancient lich
123309 | Zig:26   | Killed an ancient lich
123310 | Zig:26   | Killed an ancient lich
123310 | Zig:26   | Killed an ancient lich
123310 | Zig:26   | Killed an ancient lich
123310 | Zig:26   | Killed an ancient lich
123310 | Zig:26   | Killed an ancient lich
123310 | Zig:26   | Noticed an ancient lich
123310 | Zig:26   | Noticed an ancient lich
123311 | Zig:26   | Noticed an ancient lich
123311 | Zig:26   | Noticed an ancient lich
123313 | Zig:26   | Noticed an ancient lich
123315 | Zig:26   | Killed an ancient lich
123321 | Zig:26   | Noticed an ancient lich
123322 | Zig:26   | Killed an ancient lich
123322 | Zig:26   | Killed an ancient lich
123324 | Zig:26   | Noticed an ancient lich
123325 | Zig:26   | Killed an ancient lich
123325 | Zig:26   | Killed an ancient lich
123326 | Zig:26   | Killed an ancient lich
123326 | Zig:26   | Killed an ancient lich
123327 | Zig:26   | Noticed an ancient lich
123328 | Zig:26   | Killed an ancient lich
123467 | Zig:26   | Identified the Volume of Dislocated Changing
123481 | Zig:27   | Entered Level 27 of a ziggurat
123497 | Zig:27   | Noticed a juggernaut
123504 | Zig:27   | Killed a juggernaut
123504 | Zig:27   | Noticed a juggernaut
123512 | Zig:27   | Killed a juggernaut
123512 | Zig:27   | Noticed a juggernaut
123512 | Zig:27   | Noticed a juggernaut
123513 | Zig:27   | Noticed a juggernaut
123513 | Zig:27   | Noticed a juggernaut
123514 | Zig:27   | Noticed a juggernaut
123514 | Zig:27   | Noticed a juggernaut
123515 | Zig:27   | Noticed a juggernaut
123519 | Zig:27   | Killed a juggernaut
123519 | Zig:27   | Killed a juggernaut
123519 | Zig:27   | Killed a juggernaut
123519 | Zig:27   | Killed a juggernaut
123519 | Zig:27   | Reached skill level 27 in Unarmed Combat
123519 | Zig:27   | Killed a juggernaut
123519 | Zig:27   | Reached skill level 5 in Summonings
123520 | Zig:27   | Killed a juggernaut
123521 | Zig:27   | Noticed a juggernaut
123521 | Zig:27   | Killed a juggernaut
123521 | Zig:27   | Reached skill level 10 in Summonings
123522 | Zig:27   | Noticed a juggernaut
123528 | Zig:27   | Killed a juggernaut
123530 | Zig:27   | Killed a juggernaut
123531 | Zig:27   | Reached skill level 1 in Short Blades
123533 | Zig:27   | Reached skill level 5 in Short Blades
123539 | Zig:27   | Reached skill level 10 in Short Blades
123543 | Zig:27   | Reached skill level 1 in Staves
123551 | Zig:27   | Found the +6 arbalest "Damnation" {damnation}
123568 | Zig:27   | Got an ancient lapis lazuli ring
123569 | Zig:27   | Identified the ring of Ascent {MP+9 Dex+3} (You found it on
                  | level 27 of a ziggurat)
123578 | Zig:27   | Got a bound silver ring
123579 | Zig:27   | Identified the ring "Awnuobry" {rPois rC+ Str+5 Int-4} (You
                  | found it on level 27 of a ziggurat)
123598 | Zig:27   | Got a pitted gossamer ring
123599 | Zig:27   | Identified the cursed ring "Eroasyno" {-Tele rF+ MR+ Int-2
                  | Stlth+} (You found it on level 27 of a ziggurat)
123613 | Zig:27   | Got a bound pewter ring
123614 | Zig:27   | Identified the ring "Paec" {MR+ Int+5 Dex+3} (You found it
                  | on level 27 of a ziggurat)
123641 | Zig:27   | Identified Bupnad's Papyrus of Curses
123645 | Zig:27   | Identified the Grimoire of Transmutation and Cold
123656 | Zig:27   | Got a vibrating gossamer ring
123657 | Zig:27   | Identified the ring of Dithmenos's Hatred {*Tele rF+} (You
                  | found it on level 27 of a ziggurat)
123693 | Zig:1    | Entered Level 1 of a ziggurat
123827 | Zig:2    | Entered Level 2 of a ziggurat
123983 | Zig:3    | Entered Level 3 of a ziggurat
123984 | Zig:3    | Noticed Vagoypt the pandemonium lord
123985 | Zig:3    | Noticed Oclic the pandemonium lord
123986 | Zig:3    | Killed Oclic the pandemonium lord
123986 | Zig:3    | Reached skill level 10 in Staves
123988 | Zig:3    | Killed Vagoypt the pandemonium lord
123997 | Zig:3    | Found the +15 Maxwell's patent armour {-Cast -Tele rElec
                  | MR+ rCorr}
124048 | Zig:4    | Entered Level 4 of a ziggurat
124048 | Zig:4    | Noticed an orb of fire
124049 | Zig:4    | Noticed an orb of fire
124050 | Zig:4    | Noticed an orb of fire
124053 | Zig:4    | Killed an orb of fire
124053 | Zig:4    | Gained mutation: Your magical capacity is low. (-10% MP)
                  | [an orb of fire]
124054 | Zig:4    | Killed an orb of fire
124055 | Zig:4    | Killed an orb of fire
124214 | Zig:5    | Entered Level 5 of a ziggurat
124276 | Zig:5    | Got a smoking golden ring
124277 | Zig:5    | Identified the ring of Jeatza {rPois rC+ Stlth+} (You found
                  | it on level 5 of a ziggurat)
124300 | Zig:5    | Got a shimmering steel ring
124301 | Zig:5    | Identified the ring of Departure {Fire Int+5} (You found it
                  | on level 5 of a ziggurat)
124305 | Zig:6    | Entered Level 6 of a ziggurat
124308 | Zig:6    | Reached skill level 15 in Staves
124309 | Zig:6    | Noticed Pefiugeog the pandemonium lord
124317 | Zig:6    | Killed Pefiugeog the pandemonium lord
124366 | Zig:6    | Identified Gupn's Incunabulum of the Blaze
124373 | Zig:7    | Entered Level 7 of a ziggurat
124629 | Zig:8    | Entered Level 8 of a ziggurat
124661 | Zig:8    | Got a crude ruby amulet
124662 | Zig:8    | Identified the amulet of Guczyxod {Acrobat Str-4 Int+5}
                  | (You found it on level 8 of a ziggurat)
124963 | Zig:9    | Entered Level 9 of a ziggurat
125018 | Zig:9    | Found the +10 dark maul {crush}
125044 | Zig:10   | Entered Level 10 of a ziggurat
125044 | Zig:10   | Noticed a juggernaut
125045 | Zig:10   | Noticed a juggernaut
125046 | Zig:10   | Noticed a juggernaut
125046 | Zig:10   | Noticed a juggernaut
125048 | Zig:10   | Noticed a juggernaut
125049 | Zig:10   | Killed a juggernaut
125049 | Zig:10   | Killed a juggernaut
125049 | Zig:10   | Killed a juggernaut
125050 | Zig:10   | Killed a juggernaut
125054 | Zig:10   | Killed a juggernaut
125057 | Zig:10   | Noticed a juggernaut
125059 | Zig:10   | Noticed a juggernaut
125061 | Zig:10   | Killed a juggernaut
125070 | Zig:10   | Killed a juggernaut
125197 | Zig:10   | Identified Buemuaf's Papyrus of Evil Magic and Battle Magic
125199 | Zig:10   | Identified the Guide on Quantum Attacks
125240 | Zig:11   | Entered Level 11 of a ziggurat
125251 | Zig:11   | Noticed Ducuroe the pandemonium lord
125255 | Zig:11   | Killed Ducuroe the pandemonium lord
125474 | Zig:11   | Found the +0 sword of Power
125477 | Zig:11   | Found the +8 demon blade "Bloodbane" {slice, *Rage +Rage
                  | Stlth-}
125483 | Zig:11   | Identified the Disquisition on the Arsonist
125509 | Zig:12   | Entered Level 12 of a ziggurat
125509 | Zig:12   | Noticed a juggernaut
125511 | Zig:12   | Noticed a juggernaut
125511 | Zig:12   | Noticed a juggernaut
125511 | Zig:12   | Noticed a juggernaut
125511 | Zig:12   | Noticed a juggernaut
125511 | Zig:12   | Noticed a juggernaut
125512 | Zig:12   | Killed a juggernaut
125512 | Zig:12   | Killed a juggernaut
125512 | Zig:12   | Killed a juggernaut
125513 | Zig:12   | Killed a juggernaut
125513 | Zig:12   | Killed a juggernaut
125514 | Zig:12   | Killed a juggernaut
125518 | Zig:12   | Noticed a juggernaut
125523 | Zig:12   | Killed a juggernaut
125573 | Zig:13   | Entered Level 13 of a ziggurat
125580 | Zig:13   | Reached skill level 27 in Staves
125582 | Zig:13   | Reached skill level 15 in Short Blades
125582 | Zig:13   | Noticed an ancient lich
125583 | Zig:13   | Reached skill level 1 in Slings
125583 | Zig:13   | Reached skill level 5 in Crossbows
125583 | Zig:13   | Reached skill level 5 in Slings
125584 | Zig:13   | Killed an ancient lich
125635 | Zig:13   | Lost mutation: You are partially covered in yellow scales.
                  | (AC +2) [potion of mutation]
125635 | Zig:13   | Lost mutation: You have a pair of antennae on your head.
                  | [potion of mutation]
125635 | Zig:13   | Lost mutation: Your magical capacity is low. (-10% MP)
                  | [potion of mutation]
125635 | Zig:13   | Lost mutation: You have a pair of small antennae on your
                  | head. [potion of mutation]
125635 | Zig:13   | Lost mutation: Armour fits poorly on your strangely shaped
                  | body. [potion of mutation]
125635 | Zig:13   | Gained mutation: You are partially covered in large bone
                  | plates. (SH +4) [potion of mutation]
125683 | Zig:14   | Entered Level 14 of a ziggurat
125692 | Zig:14   | Reached skill level 10 in Crossbows
125695 | Zig:14   | Reached skill level 10 in Slings
125704 | Zig:14   | Found the +5 robe of Night {Dark MR+ SInv}
125917 | Zig:15   | Entered Level 15 of a ziggurat
125920 | Zig:15   | Reached skill level 10 in Axes
126225 | Zig:15   | Identified the Handbook of the Compass and Ice
126228 | Zig:15   | Got a scorched brass ring
126229 | Zig:15   | Identified the ring of Sevaniso {rPois rF+++ Str-2 Int+6
                  | SInv} (You found it on level 15 of a ziggurat)
126236 | Zig:15   | Identified the +6 morningstar "Ducka" {flame, +Fly rF+ rC-
                  | MR+} (You found it on level 15 of a ziggurat)
126252 | Zig:15   | Identified the Handbook of Aerial Toxins
126256 | Zig:16   | Entered Level 16 of a ziggurat
126267 | Zig:16   | Noticed Liucuud the pandemonium lord
126271 | D:15     | HP: 7/199 [monstrous warmonger (14)]
126444 | Zig:1    | Entered Level 1 of a ziggurat
126450 | Zig:1    | Got a smoking platinum ring
126451 | Zig:1    | Identified the ring of Otsui {MR+ Str+2 Int+4} (You found
                  | it on level 1 of a ziggurat)
126461 | Zig:2    | Entered Level 2 of a ziggurat
126596 | Zig:3    | Entered Level 3 of a ziggurat
126710 | Zig:4    | Entered Level 4 of a ziggurat
126710 | Zig:4    | Noticed a greater mummy
126710 | Zig:4    | Noticed a greater mummy
126712 | Zig:4    | Noticed a greater mummy
126714 | Zig:4    | Killed a greater mummy
126715 | Zig:4    | Killed a greater mummy
126715 | Zig:4    | Killed a greater mummy
126980 | Zig:5    | Entered Level 5 of a ziggurat
127005 | Zig:5    | Found the ring of the Octopus King
127010 | Zig:5    | Identified the Incunabulum of the Glacial Rocks
127025 | Zig:5    | Got a ring of the Octopus King
127034 | Zig:6    | Entered Level 6 of a ziggurat
127036 | Zig:6    | Noticed a greater mummy
127036 | Zig:6    | Noticed a greater mummy
127038 | Zig:6    | Noticed a greater mummy
127039 | Zig:6    | Killed a greater mummy
127039 | Zig:6    | Killed a greater mummy
127039 | Zig:6    | Noticed a greater mummy
127042 | Zig:6    | Noticed a greater mummy
127042 | Zig:6    | Noticed a greater mummy
127043 | Zig:6    | Noticed a greater mummy
127045 | Zig:6    | Killed a greater mummy
127050 | Zig:6    | Killed a greater mummy
127050 | Zig:6    | Killed a greater mummy
127050 | Zig:6    | Killed a greater mummy
127051 | Zig:6    | Killed a greater mummy
127114 | Zig:7    | Entered Level 7 of a ziggurat
127180 | Zig:8    | Entered Level 8 of a ziggurat
127220 | Zig:8    | Reached skill level 15 in Polearms
127224 | Zig:8    | Identified the Papyrus of Boosting Curses
127228 | Zig:8    | Identified the Almanac of the Oath and the Traveller
127235 | Zig:8    | Identified Fyciuhyq's Compendium of the Cloudy Rocks
127249 | Zig:9    | Entered Level 9 of a ziggurat
127463 | Zig:10   | Entered Level 10 of a ziggurat
127468 | Zig:10   | Noticed Xacudd the pandemonium lord
127468 | Zig:10   | Noticed Muq Kisio the pandemonium lord
127468 | Zig:10   | Noticed Cydghoj the pandemonium lord
127469 | Zig:10   | Noticed Jiorphuro the pandemonium lord
127469 | Zig:10   | Noticed Borchyugh the pandemonium lord
127469 | Zig:10   | Noticed Paukk the pandemonium lord
127469 | Zig:10   | Noticed Zairierr the pandemonium lord
127470 | Zig:10   | Noticed Kuruwn the pandemonium lord
127471 | Zig:10   | Noticed Mul Bawu the pandemonium lord
127471 | Zig:10   | Noticed Inisisia the pandemonium lord
127471 | Zig:10   | Noticed Lyskoitt the pandemonium lord
127472 | Zig:10   | Killed Mul Bawu the pandemonium lord
127472 | Zig:10   | Killed Inisisia the pandemonium lord
127472 | Zig:10   | Killed Xacudd the pandemonium lord
127472 | Zig:10   | Killed Jiorphuro the pandemonium lord
127473 | Zig:10   | Killed Lyskoitt the pandemonium lord
127473 | Zig:10   | Noticed Roocrula the pandemonium lord
127474 | Zig:10   | Noticed Fifa the pandemonium lord
127475 | Zig:10   | Killed Kuruwn the pandemonium lord
127475 | Zig:10   | Killed Borchyugh the pandemonium lord
127475 | Zig:10   | Reached skill level 15 in Axes
127477 | Zig:10   | Killed Zairierr the pandemonium lord
127478 | Zig:10   | Reached skill level 15 in Crossbows
127480 | Zig:10   | Killed Muq Kisio the pandemonium lord
127480 | Zig:10   | Killed Cydghoj the pandemonium lord
127480 | Zig:10   | Killed Paukk the pandemonium lord
127481 | Zig:10   | Killed Fifa the pandemonium lord
127489 | Zig:10   | Killed Roocrula the pandemonium lord
127594 | Zig:10   | Identified Sif Muna's Grimoire of Torrid Contamination
127600 | Zig:10   | Identified Sif Muna's Almanac of Changing
127628 | Zig:11   | Entered Level 11 of a ziggurat
127849 | Zig:11   | Found the +10 large shield of Ignorance {rN+ Int-4}
127854 | Zig:11   | Got a glittering pewter ring
127855 | Zig:11   | Identified the ring "Xivukh" {Ice Str+2} (You found it on
                  | level 11 of a ziggurat)
127860 | Zig:11   | Identified the cursed +1 demon blade "Wuniff" {pain, rF++
                  | MR+ Str+2 Int-5} (You found it on level 11 of a ziggurat)
127870 | Zig:11   | Identified the Grimoire of the Death Scarab
127875 | Zig:11   | Identified the Grimoire of Scorching Translocation
127884 | Zig:12   | Entered Level 12 of a ziggurat
127897 | Zig:12   | Noticed Gejehir the pandemonium lord
127901 | Zig:12   | Killed Gejehir the pandemonium lord
128441 | Zig:12   | Identified the Handbook of Moulding
128458 | Zig:13   | Entered Level 13 of a ziggurat
128543 | Zig:13   | Identified the Papyrus of Shifting Fire
128581 | Zig:13   | Got a crystal shortbow
128719 | Zig:14   | Entered Level 14 of a ziggurat
128806 | Zig:14   | Found the +2 cloak of the Thief {+Fog Slay-2 SInv Stlth+}
128847 | Zig:14   | Found the +12 glaive of Prune {chop}
128857 | Zig:14   | Identified the +5 morningstar of Distraction {crush, rPois
                  | rN+ Str-5} (You found it on level 14 of a ziggurat)
128871 | Zig:15   | Entered Level 15 of a ziggurat
129022 | Zig:15   | Found the +1 cloak of Starlight {rElec rC+ EV+4 Stlth--}
129034 | Zig:15   | Got a translucent bone amulet
129035 | Zig:15   | Identified the amulet "Aneudweu" {Faith rElec rF+ rN+} (You
                  | found it on level 15 of a ziggurat)
129069 | Zig:16   | Entered Level 16 of a ziggurat
129075 | Zig:16   | Noticed a greater mummy
129076 | Zig:16   | Noticed a greater mummy
129076 | Zig:16   | Noticed a greater mummy
129077 | Zig:16   | Noticed a greater mummy
129077 | Zig:16   | Noticed a greater mummy
129077 | Zig:16   | Noticed a greater mummy
129077 | Zig:16   | Noticed a greater mummy
129077 | Zig:16   | Noticed a greater mummy
129078 | Zig:16   | Killed a greater mummy
129078 | Zig:16   | Killed a greater mummy
129079 | Zig:16   | Killed a greater mummy
129079 | Zig:16   | Killed a greater mummy
129080 | Zig:16   | Killed a greater mummy
129080 | Zig:16   | Killed a greater mummy
129080 | Zig:16   | Killed a greater mummy
129080 | Zig:16   | Noticed a greater mummy
129080 | Zig:16   | Noticed a greater mummy
129080 | Zig:16   | Noticed a greater mummy
129080 | Zig:16   | Noticed a greater mummy
129081 | Zig:16   | Noticed a greater mummy
129082 | Zig:16   | Killed a greater mummy
129082 | Zig:16   | Noticed a greater mummy
129083 | Zig:16   | Killed a greater mummy
129083 | Zig:16   | Killed a greater mummy
129083 | Zig:16   | Killed a greater mummy
129085 | Zig:16   | Killed a greater mummy
129087 | Zig:16   | Killed a greater mummy
129087 | Zig:16   | Noticed a greater mummy
129090 | Zig:16   | Killed a greater mummy
129090 | Zig:16   | Killed a greater mummy
129201 | Zig:16   | Identified the Handbook of Confrontation and Weightlessness
129223 | Zig:16   | Identified the Handbook of Good Luck
129241 | Zig:17   | Entered Level 17 of a ziggurat
129247 | Zig:17   | Noticed a greater mummy
129247 | Zig:17   | Noticed a greater mummy
129247 | Zig:17   | Noticed a greater mummy
129247 | Zig:17   | Noticed a greater mummy
129247 | Zig:17   | Noticed a greater mummy
129247 | Zig:17   | Noticed a greater mummy
129248 | Zig:17   | Noticed a greater mummy
129249 | Zig:17   | Killed a greater mummy
129249 | Zig:17   | Noticed a greater mummy
129250 | Zig:17   | Killed a greater mummy
129250 | Zig:17   | Killed a greater mummy
129250 | Zig:17   | Killed a greater mummy
129250 | Zig:17   | Killed a greater mummy
129251 | Zig:17   | Killed a greater mummy
129251 | Zig:17   | Noticed a greater mummy
129252 | Zig:17   | Noticed a greater mummy
129252 | Zig:17   | Noticed a greater mummy
129253 | Zig:17   | Killed a greater mummy
129254 | Zig:17   | Noticed a greater mummy
129254 | Zig:17   | Noticed a greater mummy
129255 | Zig:17   | Killed a greater mummy
129255 | Zig:17   | Killed a greater mummy
129255 | Zig:17   | Noticed a greater mummy
129255 | Zig:17   | Noticed a greater mummy
129257 | Zig:17   | Killed a greater mummy
129257 | Zig:17   | Killed a greater mummy
129258 | Zig:17   | Noticed a greater mummy
129258 | Zig:17   | Noticed a greater mummy
129258 | Zig:17   | Noticed a greater mummy
129260 | Zig:17   | Noticed a greater mummy
129260 | Zig:17   | Noticed a greater mummy
129260 | Zig:17   | Noticed a greater mummy
129261 | Zig:17   | Killed a greater mummy
129261 | Zig:17   | Killed a greater mummy
129261 | Zig:17   | Killed a greater mummy
129261 | Zig:17   | Killed a greater mummy
129261 | Zig:17   | Killed a greater mummy
129261 | Zig:17   | Killed a greater mummy
129262 | Zig:17   | Killed a greater mummy
129262 | Zig:17   | Noticed a greater mummy
129263 | Zig:17   | Noticed a greater mummy
129263 | Zig:17   | Noticed a greater mummy
129264 | Zig:17   | Killed a greater mummy
129264 | Zig:17   | Killed a greater mummy
129265 | Zig:17   | Killed a greater mummy
129265 | Zig:17   | Killed a greater mummy
129265 | Zig:17   | Killed a greater mummy
129265 | Zig:17   | Killed a greater mummy
129465 | Zig:17   | Got a steaming turquoise ring
129466 | Zig:17   | Identified the ring of the Endless Souls {rF+ MP+9 Str-5
                  | Dex-4 SInv} (You found it on level 17 of a ziggurat)
129480 | Zig:17   | Got a glittering turquoise ring
129482 | Zig:17   | Identified the quicksilver dragon scales "Ozxeguit" {MR+
                  | rCorr Int+2 Dex-2} (You found it on level 17 of a ziggurat)
129483 | Zig:17   | Identified the ring of Diapnear {Ice rPois rN+ Int+3
                  | Stlth+} (You found it on level 17 of a ziggurat)
129502 | Zig:18   | Entered Level 18 of a ziggurat
129530 | Zig:18   | Gained mutation: You are extremely frail. (-30% HP) [a
                  | neqoxec]
129567 | Zig:18   | Lost mutation: You passively map a small area around you.
                  | [potion of mutation]
129567 | Zig:18   | Lost mutation: You have sharp toenails. [potion of
                  | mutation]
129567 | Zig:18   | Gained mutation: Potions are poor at restoring your health.
                  | [potion of mutation]
129567 | Zig:18   | Gained mutation: You expend magic power (3 MP) to
                  | strengthen your wands. [potion of mutation]
129571 | Zig:18   | Lost mutation: You expend magic power (3 MP) to strengthen
                  | your wands. [potion of mutation]
129571 | Zig:18   | Lost mutation: You are frail. (-10% HP) [potion of
                  | mutation]
129571 | Zig:18   | Gained mutation: You expend magic power (3 MP) to
                  | strengthen your wands. [potion of mutation]
129571 | Zig:18   | Lost mutation: You are partially covered in molten scales.
                  | (AC +2) [potion of mutation]
129571 | Zig:18   | Gained mutation: You evolve. [potion of mutation]
129725 | Zig:18   | Found the +8 lance "Wyrmbane" {slay drac, rPois rF+ rC+
                  | AC+3}
129743 | Zig:18   | Got a fine pewter ring
129744 | Zig:18   | Identified the ring of Hoedia {rF++ Str+2 SInv} (You found
                  | it on level 18 of a ziggurat)
129780 | Zig:18   | Got a glittering glass ring
129781 | Zig:18   | Identified the ring of Molegatz {Wiz rF++ Int+2} (You found
                  | it on level 18 of a ziggurat)
129785 | Zig:19   | Entered Level 19 of a ziggurat
129795 | Zig:19   | Identified the +2 large shield of Misanthropy {rPois}
129869 | Zig:19   | Got a flickering silver ring
129870 | Zig:19   | Identified the ring "Asker" {Fire rPois} (You found it on
                  | level 19 of a ziggurat)
129883 | Zig:19   | Got a clouded granite ring
129884 | Zig:19   | Identified the ring "Kodu Eps" {*Tele rPois rF- Dex+3} (You
                  | found it on level 19 of a ziggurat)
129891 | Zig:19   | Got a bound jade ring
129892 | Zig:19   | Identified the ring of Wu Jian's Anger {Fire MR++ Int+3
                  | Dex-3} (You found it on level 19 of a ziggurat)
129897 | Zig:19   | Identified Acozael's Disquisition on the Mutagenic
                  | Entourage
129899 | Zig:19   | Identified the Disquisition on Ghastly Conjuration
129933 | Zig:20   | Entered Level 20 of a ziggurat
130009 | Zig:20   | Gained mutation: You are frail. (-10% HP) [mutagenic glow]
130111 | Zig:20   | Lost mutation: You expend magic power (3 MP) to strengthen
                  | your wands. [potion of mutation]
130111 | Zig:20   | Lost mutation: You are frail. (-10% HP) [potion of
                  | mutation]
130111 | Zig:20   | Lost mutation: You are partially covered in large bone
                  | plates. (SH +4) [potion of mutation]
130111 | Zig:20   | Lost mutation: You are covered in fur. (AC +1) [potion of
                  | mutation]
130111 | Zig:20   | Gained mutation: Your magical capacity is low. (-10% MP)
                  | [potion of mutation]
130111 | Zig:20   | Gained mutation: You are clumsy. (Dex -2) [potion of
                  | mutation]
130111 | Zig:20   | Lost mutation: Your magical capacity is low. (-10% MP)
                  | [potion of mutation]
130111 | Zig:20   | Gained mutation: You rapidly evolve. [potion of mutation]
130112 | Zig:20   | Lost mutation: You rapidly evolve. [potion of mutation]
130112 | Zig:20   | Lost mutation: You are clumsy. (Dex -2) [potion of
                  | mutation]
130112 | Zig:20   | Lost mutation: You are partially covered in iridescent
                  | scales. (AC +2) [potion of mutation]
130112 | Zig:20   | Lost mutation: You evolve. [potion of mutation]
130112 | Zig:20   | Gained mutation: Armour fits poorly on your strangely
                  | shaped body. [potion of mutation]
130112 | Zig:20   | Gained mutation: You are partially covered in icy blue
                  | scales. (AC +2) [potion of mutation]
130113 | Zig:20   | Lost mutation: Armour fits poorly on your strangely shaped
                  | body. [potion of mutation]
130114 | Zig:20   | Lost mutation: You have very sharp teeth. [potion of
                  | mutation]
130114 | Zig:20   | Lost mutation: Potions are poor at restoring your health.
                  | [potion of mutation]
130114 | Zig:20   | Gained mutation: Your mind is acute. (Int +2) [potion of
                  | mutation]
130114 | Zig:20   | Gained mutation: You are frail. (-10% HP) [potion of
                  | mutation]
130114 | Zig:20   | Gained mutation: You are agile. (Dex +2) [potion of
                  | mutation]
130114 | Zig:20   | Gained mutation: Your flesh is heat resistant. (rF+)
                  | [potion of mutation]
130115 | Zig:20   | Lost mutation: You are agile. (Dex +2) [potion of mutation]
130115 | Zig:20   | Lost mutation: Potions are less effective at restoring your
                  | health. [potion of mutation]
130115 | Zig:20   | Lost mutation: Your flesh is heat resistant. (rF+) [potion
                  | of mutation]
130115 | Zig:20   | Lost mutation: You are frail. (-10% HP) [potion of
                  | mutation]
130115 | Zig:20   | Gained mutation: You are robust. (+10% HP) [potion of
                  | mutation]
130115 | Zig:20   | Lost mutation: You are partially covered in icy blue
                  | scales. (AC +2) [potion of mutation]
130115 | Zig:20   | Gained mutation: Scrolls take you a little longer to read.
                  | [potion of mutation]
130115 | Zig:20   | Gained mutation: You are agile. (Dex +2) [potion of
                  | mutation]
130116 | Zig:20   | Lost mutation: Your mind is acute. (Int +2) [potion of
                  | mutation]
130116 | Zig:20   | Lost mutation: Scrolls take you a little longer to read.
                  | [potion of mutation]
130116 | Zig:20   | Gained mutation: You have a pair of small antennae on your
                  | head. [potion of mutation]
130116 | Zig:20   | Gained mutation: You are partially covered in iridescent
                  | scales. (AC +2) [potion of mutation]
130148 | Zig:20   | Identified the +0 helmet of Entitlement {rElec rN++ rCorr}
                  | (You found it on level 20 of a ziggurat)
130167 | Zig:20   | Got an ancient lead ring
130168 | Zig:20   | Identified the ring "Eptuileu" {+Fly rF+ rN+ Int+3 SInv}
                  | (You found it on level 20 of a ziggurat)
130171 | Zig:20   | Identified the Collected Works on Boosts and Moulding
130181 | Zig:20   | Got an ancient ivory ring
130182 | Zig:20   | Identified the ring "Igruxt" {rC+ rN+} (You found it on
                  | level 20 of a ziggurat)
130214 | Zig:21   | Entered Level 21 of a ziggurat
130232 | Zig:21   | Noticed an ancient lich
130234 | Zig:21   | Noticed an ancient lich
130235 | Zig:21   | Noticed an ancient lich
130235 | Zig:21   | Killed an ancient lich
130235 | Zig:21   | Killed an ancient lich
130235 | Zig:21   | Noticed an ancient lich
130236 | Zig:21   | Noticed an ancient lich
130237 | Zig:21   | Killed an ancient lich
130237 | Zig:21   | Killed an ancient lich
130237 | Zig:21   | Noticed an ancient lich
130240 | Zig:21   | Noticed an ancient lich
130241 | Zig:21   | Noticed an ancient lich
130245 | Zig:21   | Noticed an ancient lich
130246 | Zig:21   | Killed an ancient lich
130246 | Zig:21   | Killed an ancient lich
130246 | Zig:21   | Noticed an ancient lich
130248 | Zig:21   | Noticed an ancient lich
130251 | Zig:21   | Noticed an ancient lich
130253 | Zig:21   | Killed an ancient lich
130254 | Zig:21   | Killed an ancient lich
130254 | Zig:21   | Killed an ancient lich
130254 | Zig:21   | Killed an ancient lich
130257 | Zig:21   | Noticed an ancient lich
130257 | Zig:21   | Noticed an ancient lich
130257 | Zig:21   | Killed an ancient lich
130258 | Zig:21   | Killed an ancient lich
130262 | Zig:21   | Killed an ancient lich
130266 | Zig:21   | Killed an ancient lich
130270 | Zig:21   | Reached skill level 27 in Long Blades
130412 | Zig:21   | Got a flickering ivory ring
130413 | Zig:21   | Identified the ring of Insomnia {Int+3 SInv} (You found it
                  | on level 21 of a ziggurat)
130446 | Zig:22   | Entered Level 22 of a ziggurat
130611 | Zig:22   | Found the ring of the Octopus King
130636 | Zig:22   | Got a scorched silver ring
130637 | Zig:22   | Identified the cursed ring "Ymielege" {rF- Str+4 Int-3
                  | Dex+3} (You found it on level 22 of a ziggurat)
130644 | Zig:23   | Entered Level 23 of a ziggurat
130666 | Zig:23   | Noticed an ancient lich
130670 | Zig:23   | Killed an ancient lich
130695 | Zig:23   | Paralysed by accursed screaming for 2 turns
130706 | Zig:23   | Found the ring of Phasing {EV+8}
130818 | Zig:23   | Got a crude turquoise ring
130819 | Zig:23   | Identified the ring "Kinaqij" {+Fly MR+ Str+2} (You found
                  | it on level 23 of a ziggurat)
130833 | Zig:23   | Got a glittering iron ring
130834 | Zig:23   | Identified the ring of Vaso {+Fly rElec MP+9} (You found it
                  | on level 23 of a ziggurat)
130839 | Zig:23   | Identified the cursed +0 hat of Lies {-Tele rC+ Int+3 SInv}
                  | (You found it on level 23 of a ziggurat)
130854 | Zig:24   | Entered Level 24 of a ziggurat
130880 | Zig:24   | Reached skill level 27 in Crossbows
130926 | Zig:24   | Reached skill level 27 in Polearms
130931 | Zig:24   | Gained mutation: You are weak. (Str -2) [mutagenic glow]
131106 | Zig:24   | Found the +3 robe of Folly {Archmagi, MR-- Int+5}
131125 | Zig:24   | Identified Zetyg's Handbook of Mutagenic Evil
131147 | Zig:24   | Got a pitted jade amulet
131148 | Zig:24   | Identified the amulet of Tulips {Harm *Drain Str+2} (You
                  | found it on level 24 of a ziggurat)
131163 | Zig:24   | Got a coiled garnet amulet
131164 | Zig:24   | Identified the amulet "Ymae" {*Corrode rElec rPois Regen+
                  | Dex+4 Stlth+} (You found it on level 24 of a ziggurat)
131177 | Zig:24   | Got a steaming granite ring
131178 | Zig:24   | Identified the ring of Suspicion {+Fly Str+2} (You found it
                  | on level 24 of a ziggurat)
131180 | Zig:24   | Identified A Primer on Thaumaturgy
131205 | Zig:25   | Entered Level 25 of a ziggurat
131221 | Zig:25   | Reached skill level 27 in Axes
131222 | Zig:25   | Reached skill level 1 in Bows
131223 | Zig:25   | Reached skill level 5 in Bows
131230 | Zig:25   | Reached skill level 10 in Bows
131249 | Zig:25   | Reached skill level 15 in Bows
131356 | Zig:25   | Got a warped iron ring
131357 | Zig:25   | Identified the ring of Zemett {rPois rC+ rN+} (You found it
                  | on level 25 of a ziggurat)
131419 | Zig:25   | Identified the Catalogue of Lightness and Translocation
131427 | Zig:26   | Entered Level 26 of a ziggurat
131450 | Zig:26   | Noticed an ancient lich
131452 | Zig:26   | Noticed an ancient lich
131452 | Zig:26   | Noticed an ancient lich
131453 | Zig:26   | Noticed an ancient lich
131459 | Zig:26   | Noticed an ancient lich
131459 | Zig:26   | Noticed an ancient lich
131459 | Zig:26   | Noticed an ancient lich
131459 | Zig:26   | Noticed an ancient lich
131459 | Zig:26   | Noticed an ancient lich
131459 | Zig:26   | Noticed an ancient lich
131459 | Zig:26   | Noticed an ancient lich
131459 | Zig:26   | Noticed an ancient lich
131459 | Zig:26   | Noticed an ancient lich
131459 | Zig:26   | Noticed an ancient lich
131459 | Zig:26   | Noticed an ancient lich
131459 | Zig:26   | Noticed an ancient lich
131459 | Zig:26   | Noticed an ancient lich
131459 | Zig:26   | Noticed an ancient lich
131460 | Zig:26   | Killed an ancient lich
131460 | Zig:26   | Killed an ancient lich
131460 | Zig:26   | Killed an ancient lich
131460 | Zig:26   | Killed an ancient lich
131460 | Zig:26   | Noticed an ancient lich
131461 | Zig:26   | Killed an ancient lich
131461 | Zig:26   | Killed an ancient lich
131461 | Zig:26   | Killed an ancient lich
131461 | Zig:26   | Killed an ancient lich
131461 | Zig:26   | Noticed an ancient lich
131462 | Zig:26   | Killed an ancient lich
131462 | Zig:26   | Killed an ancient lich
131462 | Zig:26   | Killed an ancient lich
131462 | Zig:26   | Killed an ancient lich
131462 | Zig:26   | Killed an ancient lich
131462 | Zig:26   | Killed an ancient lich
131462 | Zig:26   | Killed an ancient lich
131462 | Zig:26   | Killed an ancient lich
131462 | Zig:26   | Killed an ancient lich
131462 | Zig:26   | Killed an ancient lich
131462 | Zig:26   | Noticed an ancient lich
131466 | Zig:26   | Noticed an ancient lich
131467 | Zig:26   | Noticed an ancient lich
131467 | Zig:26   | Noticed an ancient lich
131468 | Zig:26   | Noticed an ancient lich
131469 | Zig:26   | Killed an ancient lich
131470 | Zig:26   | Killed an ancient lich
131470 | Zig:26   | Killed an ancient lich
131471 | Zig:26   | Noticed an ancient lich
131471 | Zig:26   | Killed an ancient lich
131471 | Zig:26   | Killed an ancient lich
131471 | Zig:26   | Killed an ancient lich
131471 | Zig:26   | Killed an ancient lich
131473 | Zig:26   | Killed an ancient lich
131479 | Zig:26   | Noticed an ancient lich
131492 | Zig:26   | Noticed an ancient lich
131496 | Zig:26   | Noticed an ancient lich
131497 | Zig:26   | Killed an ancient lich
131498 | Zig:26   | Killed an ancient lich
131499 | Zig:26   | Killed an ancient lich
131607 | Zig:26   | Identified the +3 large shield "Boiggizu" {MR++ Regen+
                  | Str-3 Dex+8} (You found it on level 26 of a ziggurat)
131630 | Zig:26   | Got a flickering brass ring
131631 | Zig:26   | Identified the ring "Juasef" {-Tele rC+ Int+4 Dex+2 SInv}
                  | (You found it on level 26 of a ziggurat)
131633 | Zig:26   | Identified Ralumat's Guide on Translocation and Evil
131640 | Zig:26   | Got a brightly glowing ivory ring
131641 | Zig:26   | Identified the ring "Ruohugg" {*Slow MR+++ rCorr Str+9}
                  | (You found it on level 26 of a ziggurat)
131645 | Zig:26   | Identified Vehumet's Reference Book on Combat Magic
131657 | Zig:27   | Entered Level 27 of a ziggurat
131685 | Zig:27   | Reached skill level 27 in Bows
132011 | Zig:27   | Got a glittering copper ring
132012 | Zig:27   | Identified the ring "Nyfupeh" {+Blink rF+ rC- Int+7} (You
                  | found it on level 27 of a ziggurat)
132044 | Zig:27   | Identified the Tome of Unstable Clay
132104 | Zig:1    | Entered Level 1 of a ziggurat
132235 | Zig:2    | Entered Level 2 of a ziggurat
132237 | Zig:2    | Noticed a juggernaut
132243 | Zig:2    | Killed a juggernaut
132465 | Zig:3    | Entered Level 3 of a ziggurat
132468 | Zig:3    | Found the +7 captain's cutlass {speed, disarm}
132517 | Zig:4    | Entered Level 4 of a ziggurat
132607 | Zig:4    | Got a steaming bone ring
132610 | Zig:4    | Identified the ring of the Prince {Ice *Contam +Fly Int+5
                  | Stlth+} (You found it on level 4 of a ziggurat)
132621 | Zig:5    | Entered Level 5 of a ziggurat
132737 | Zig:5    | Got a transparent ivory ring
132738 | Zig:5    | Identified the ring of Pusum {rElec rPois Str+5 Dex+4} (You
                  | found it on level 5 of a ziggurat)
132746 | Zig:6    | Entered Level 6 of a ziggurat
132746 | Zig:6    | Noticed a juggernaut
132748 | Zig:6    | Noticed a juggernaut
132751 | Zig:6    | Killed a juggernaut
132753 | Zig:6    | Killed a juggernaut
132784 | Zig:6    | Got a twitching lead ring
132787 | Zig:6    | Identified the ring "Behaud" {rPois MR++ Dex-4 Slay+3
                  | Stlth+} (You found it on level 6 of a ziggurat)
132797 | Zig:6    | Got a scintillating pewter ring
132798 | Zig:6    | Identified the cursed ring "Yroileh" {rN+ Str-3} (You found
                  | it on level 6 of a ziggurat)
132802 | Zig:7    | Entered Level 7 of a ziggurat
133147 | Zig:7    | Found the +2 ratskin cloak {+Rats rPois rN+ Str-1 Int-1
                  | Dex+1}
133168 | Zig:7    | Got a heavily runed zirconium amulet
133169 | Zig:7    | Identified the amulet of Wonos {Gourm *Contam rElec MP+9
                  | Dex+8} (You found it on level 7 of a ziggurat)
133174 | Zig:7    | Got a scorched bone ring
133175 | Zig:7    | Identified the ring of Etypaq {+Inv MR+ EV+2 Int-4} (You
                  | found it on level 7 of a ziggurat)
133181 | Zig:8    | Entered Level 8 of a ziggurat
133283 | Zig:9    | Entered Level 9 of a ziggurat
133285 | Zig:9    | Reached skill level 27 in Short Blades
133342 | Zig:10   | Entered Level 10 of a ziggurat
133554 | Zig:11   | Entered Level 11 of a ziggurat
133569 | Zig:11   | Noticed Usoph the pandemonium lord
133574 | Zig:11   | Killed Usoph the pandemonium lord
133711 | Zig:12   | Entered Level 12 of a ziggurat
133715 | Zig:12   | Noticed an ancient lich
133716 | Zig:12   | Noticed an ancient lich
133716 | Zig:12   | Noticed an ancient lich
133717 | Zig:12   | Noticed an ancient lich
133717 | Zig:12   | Noticed an ancient lich
133717 | Zig:12   | Noticed an ancient lich
133719 | Zig:12   | Noticed an ancient lich
133720 | Zig:12   | Killed an ancient lich
133720 | Zig:12   | Killed an ancient lich
133720 | Zig:12   | Killed an ancient lich
133721 | Zig:12   | Killed an ancient lich
133721 | Zig:12   | Killed an ancient lich
133721 | Zig:12   | Killed an ancient lich
133724 | Zig:12   | Killed an ancient lich
133725 | Zig:12   | Noticed an ancient lich
133731 | Zig:12   | Killed an ancient lich
133925 | Zig:12   | Identified the Catalogue of Displaced Enhancements
133947 | Zig:13   | Entered Level 13 of a ziggurat
134024 | Zig:13   | Got a scintillating brass ring
134025 | Zig:13   | Identified the ring "Kegyoro" {*Tele rF- rC+ Int+7} (You
                  | found it on level 13 of a ziggurat)
134028 | Zig:13   | Got a twitching ivory ring
134029 | Zig:13   | Identified the ring of Qyuntoto {-Tele +Inv rCorr Str+5
                  | Dex+2} (You found it on level 13 of a ziggurat)
134052 | Zig:14   | Entered Level 14 of a ziggurat
134101 | Zig:14   | Got a faintly glowing iron ring
134102 | Zig:14   | Identified the ring of Yheana Dafe {rF+ Dex+2} (You found
                  | it on level 14 of a ziggurat)
134119 | Zig:15   | Entered Level 15 of a ziggurat
134412 | Zig:16   | Entered Level 16 of a ziggurat
134412 | Zig:16   | Noticed a greater mummy
134412 | Zig:16   | Noticed a greater mummy
134412 | Zig:16   | Noticed a greater mummy
134412 | Zig:16   | Noticed a greater mummy
134412 | Zig:16   | Noticed a greater mummy
134412 | Zig:16   | Noticed a greater mummy
134412 | Zig:16   | Noticed a greater mummy
134412 | Zig:16   | Noticed a greater mummy
134412 | Zig:16   | Noticed a greater mummy
134412 | Zig:16   | Noticed a greater mummy
134412 | Zig:16   | Noticed a greater mummy
134412 | Zig:16   | Noticed a greater mummy
134412 | Zig:16   | Noticed a greater mummy
134414 | Zig:16   | Killed a greater mummy
134414 | Zig:16   | Killed a greater mummy
134414 | Zig:16   | Killed a greater mummy
134415 | Zig:16   | Killed a greater mummy
134415 | Zig:16   | Killed a greater mummy
134415 | Zig:16   | Killed a greater mummy
134415 | Zig:16   | Killed a greater mummy
134415 | Zig:16   | Noticed a greater mummy
134416 | Zig:16   | Killed a greater mummy
134416 | Zig:16   | Killed a greater mummy
134416 | Zig:16   | Noticed a greater mummy
134416 | Zig:16   | Noticed a greater mummy
134417 | Zig:16   | Noticed a greater mummy
134417 | Zig:16   | Noticed a greater mummy
134417 | Zig:16   | Noticed a greater mummy
134417 | Zig:16   | Noticed a greater mummy
134417 | Zig:16   | Noticed a greater mummy
134417 | Zig:16   | Noticed a greater mummy
134417 | Zig:16   | Noticed a greater mummy
134417 | Zig:16   | Noticed a greater mummy
134418 | Zig:16   | Killed a greater mummy
134418 | Zig:16   | Killed a greater mummy
134418 | Zig:16   | Killed a greater mummy
134418 | Zig:16   | Killed a greater mummy
134418 | Zig:16   | Killed a greater mummy
134418 | Zig:16   | Killed a greater mummy
134418 | Zig:16   | Killed a greater mummy
134418 | Zig:16   | Killed a greater mummy
134418 | Zig:16   | Killed a greater mummy
134418 | Zig:16   | Killed a greater mummy
134418 | Zig:16   | Noticed a greater mummy
134419 | Zig:16   | Killed a greater mummy
134420 | Zig:16   | Noticed a greater mummy
134420 | Zig:16   | Noticed a greater mummy
134420 | Zig:16   | Noticed a greater mummy
134421 | Zig:16   | Killed a greater mummy
134421 | Zig:16   | Killed a greater mummy
134421 | Zig:16   | Killed a greater mummy
134422 | Zig:16   | Killed a greater mummy
134422 | Zig:16   | Killed a greater mummy
134424 | Zig:16   | Killed a greater mummy
134425 | Zig:16   | Killed a greater mummy
134428 | Zig:16   | Killed a greater mummy
134559 | Zig:16   | Got a scorched iron ring
134560 | Zig:16   | Identified the ring "Heinnemm" {Wiz Str+4} (You found it on
                  | level 16 of a ziggurat)
134591 | Zig:17   | Entered Level 17 of a ziggurat
134593 | Zig:17   | Reached skill level 27 in Slings
134645 | Zig:17   | Got a twitching amber ring
134646 | Zig:17   | Identified the cursed ring of Obiskuz {*Drain rC++ Int+3
                  | Dex-3 Stlth+} (You found it on level 17 of a ziggurat)
134657 | Zig:17   | Got a heavily runed tin ring
134658 | Zig:17   | Identified the ring of Fefax {+Inv MR++ EV+3} (You found it
                  | on level 17 of a ziggurat)
134673 | Zig:18   | Entered Level 18 of a ziggurat
134673 | Zig:18   | Noticed a juggernaut
134673 | Zig:18   | Noticed a juggernaut
134675 | Zig:18   | Noticed a juggernaut
134675 | Zig:18   | Noticed a juggernaut
134675 | Zig:18   | Noticed a juggernaut
134676 | Zig:18   | Noticed a juggernaut
134677 | Zig:18   | Noticed a juggernaut
134678 | Zig:18   | Noticed a juggernaut
134680 | Zig:18   | Killed a juggernaut
134680 | Zig:18   | Killed a juggernaut
134680 | Zig:18   | Killed a juggernaut
134680 | Zig:18   | Killed a juggernaut
134680 | Zig:18   | Noticed a juggernaut
134681 | Zig:18   | Killed a juggernaut
134681 | Zig:18   | Killed a juggernaut
134681 | Zig:18   | Killed a juggernaut
134681 | Zig:18   | Noticed a juggernaut
134682 | Zig:18   | Noticed a juggernaut
134686 | Zig:18   | Killed a juggernaut
134686 | Zig:18   | Killed a juggernaut
134686 | Zig:18   | Noticed a juggernaut
134688 | Zig:18   | Noticed a juggernaut
134689 | Zig:18   | Killed a juggernaut
134689 | Zig:18   | Noticed a juggernaut
134690 | Zig:18   | Killed a juggernaut
134692 | Zig:18   | Killed a juggernaut
134692 | Zig:18   | Killed a juggernaut
134694 | Zig:18   | Killed a juggernaut
134920 | Zig:18   | Found the +3 Elemental Staff {rElec rF++ rC++ MR++ AC+5}
134925 | Zig:18   | Found the +9 heavy crossbow "Sniper" {velocity, Acc+∞ SInv}
134952 | Zig:18   | Got a heavily runed brass amulet
134953 | Zig:18   | Identified the amulet of Gioluelu {Inacc MR+} (You found it
                  | on level 18 of a ziggurat)
134960 | Zig:19   | Entered Level 19 of a ziggurat
135075 | Zig:19   | Got a transparent silver ring
135076 | Zig:19   | Identified the ring "Ykkik" {rF+ rC+ Int+3 Slay-2 SInv}
                  | (You found it on level 19 of a ziggurat)
135087 | Zig:19   | Identified Sif Muna's Compendium of the Excruciating
                  | Frostbite
135096 | Zig:19   | Identified the Incunabulum of Talismans
135106 | Zig:19   | Got a bound steel ring
135107 | Zig:19   | Identified the ring of Cefon {rF+ rC+ rCorr Int+3 Dex-4}
                  | (You found it on level 19 of a ziggurat)
135136 | Zig:20   | Entered Level 20 of a ziggurat
135356 | Zig:20   | Found the +3 hat of Pondering {ponderous, MR+ MP+10 Int+5}
135368 | Zig:20   | Identified Hebef's Tome of Moulding
135372 | Zig:20   | Identified the Incunabulum of Dark Attacks
135377 | Zig:20   | Identified the Incunabulum of Cloudy Creation
135402 | Zig:20   | Reached skill level 27 in Hexes
135406 | Zig:21   | Entered Level 21 of a ziggurat
135409 | Zig:21   | Noticed a juggernaut
135409 | Zig:21   | Noticed a juggernaut
135409 | Zig:21   | Noticed a juggernaut
135409 | Zig:21   | Noticed a juggernaut
135410 | Zig:21   | Killed a juggernaut
135411 | Zig:21   | Noticed a juggernaut
135411 | Zig:21   | Noticed a juggernaut
135411 | Zig:21   | Noticed a juggernaut
135411 | Zig:21   | Noticed a juggernaut
135411 | Zig:21   | Noticed a juggernaut
135411 | Zig:21   | Noticed a juggernaut
135412 | Zig:21   | Killed a juggernaut
135412 | Zig:21   | Killed a juggernaut
135412 | Zig:21   | Killed a juggernaut
135412 | Zig:21   | Noticed a juggernaut
135413 | Zig:21   | Killed a juggernaut
135413 | Zig:21   | Killed a juggernaut
135414 | Zig:21   | Killed a juggernaut
135414 | Zig:21   | Killed a juggernaut
135415 | Zig:21   | Killed a juggernaut
135415 | Zig:21   | Killed a juggernaut
135416 | Zig:21   | Noticed a juggernaut
135416 | Zig:21   | Noticed a juggernaut
135417 | Zig:21   | Killed a juggernaut
135418 | Zig:21   | Killed a juggernaut
135420 | Zig:21   | Noticed a juggernaut
135421 | Zig:21   | Killed a juggernaut
135423 | Zig:21   | Killed a juggernaut
135513 | Zig:21   | Found the ring of the Octopus King
135547 | Zig:21   | Got a brightly glowing iron ring
135550 | Zig:21   | Identified the ring of Rihep {Int+6 Dex-3 Stlth-} (You
                  | found it on level 21 of a ziggurat)
135564 | Zig:21   | Got a ring of the Octopus King
135581 | Zig:21   | Got a transparent amber ring
135582 | Zig:21   | Identified the ring "Cousutt" {rElec rC+ Slay+2} (You found
                  | it on level 21 of a ziggurat)
135593 | Zig:21   | Identified the Papyrus of Shifting Talismans
135598 | Zig:21   | Got a heavily runed ivory ring
135599 | Zig:21   | Identified the ring of Piacade {*Tele Dex+6} (You found it
                  | on level 21 of a ziggurat)
135611 | Zig:22   | Entered Level 22 of a ziggurat
135616 | Zig:22   | Noticed an ancient lich
135616 | Zig:22   | Noticed an ancient lich
135616 | Zig:22   | Noticed an ancient lich
135616 | Zig:22   | Noticed an ancient lich
135616 | Zig:22   | Noticed an ancient lich
135616 | Zig:22   | Noticed an ancient lich
135616 | Zig:22   | Noticed an ancient lich
135616 | Zig:22   | Noticed an ancient lich
135616 | Zig:22   | Noticed an ancient lich
135617 | Zig:22   | Noticed an ancient lich
135617 | Zig:22   | Killed an ancient lich
135617 | Zig:22   | Killed an ancient lich
135617 | Zig:22   | Noticed an ancient lich
135617 | Zig:22   | Noticed an ancient lich
135617 | Zig:22   | Noticed an ancient lich
135618 | Zig:22   | Noticed an ancient lich
135618 | Zig:22   | Killed an ancient lich
135618 | Zig:22   | Killed an ancient lich
135618 | Zig:22   | Killed an ancient lich
135618 | Zig:22   | Killed an ancient lich
135618 | Zig:22   | Killed an ancient lich
135618 | Zig:22   | Killed an ancient lich
135618 | Zig:22   | Killed an ancient lich
135618 | Zig:22   | Killed an ancient lich
135618 | Zig:22   | Killed an ancient lich
135618 | Zig:22   | Noticed an ancient lich
135619 | Zig:22   | Noticed an ancient lich
135619 | Zig:22   | Killed an ancient lich
135619 | Zig:22   | Killed an ancient lich
135619 | Zig:22   | Killed an ancient lich
135620 | Zig:22   | Noticed an ancient lich
135624 | Zig:22   | Killed an ancient lich
135624 | Zig:22   | Noticed an ancient lich
135625 | Zig:22   | Noticed an ancient lich
135625 | Zig:22   | Killed an ancient lich
135625 | Zig:22   | Killed an ancient lich
135626 | Zig:22   | Noticed an ancient lich
135626 | Zig:22   | Noticed an ancient lich
135626 | Zig:22   | Killed an ancient lich
135628 | Zig:22   | Killed an ancient lich
135628 | Zig:22   | Killed an ancient lich
135628 | Zig:22   | Killed an ancient lich
135629 | Zig:22   | Noticed an ancient lich
135630 | Zig:22   | Killed an ancient lich
135791 | Zig:22   | Found the +2 hat of the Bear Spirit {Spirit, +Rage rN+
                  | MR++}
135827 | Zig:22   | Got a scintillating silver ring
135828 | Zig:22   | Identified the ring of the Devil's Advocate {Wiz rElec
                  | Dex+7 Stlth-} (You found it on level 22 of a ziggurat)
135837 | Zig:22   | Got a glittering amber ring
135838 | Zig:22   | Identified the ring "Zorom" {rCorr Int+2} (You found it on
                  | level 22 of a ziggurat)
135873 | Zig:23   | Entered Level 23 of a ziggurat
135881 | Zig:23   | Found the +10 morningstar "Eos" {elec, Halo rElec}
135921 | Zig:23   | Gained mutation: Your magical capacity is low. (-10% MP)
                  | [mutagenic glow]
136255 | Zig:23   | Lost mutation: You are agile. (Dex +2) [potion of mutation]
136255 | Zig:23   | Lost mutation: Your magical capacity is low. (-10% MP)
                  | [potion of mutation]
136255 | Zig:23   | Lost mutation: You are robust. (+10% HP) [potion of
                  | mutation]
136255 | Zig:23   | Gained mutation: You are dopey. (Int -2) [potion of
                  | mutation]
136255 | Zig:23   | Gained mutation: You are very weak. (Str -4) [potion of
                  | mutation]
136255 | Zig:23   | Lost mutation: You are dopey. (Int -2) [potion of mutation]
136255 | Zig:23   | Gained mutation: You are partially covered in thin metallic
                  | scales. (AC +2) [potion of mutation]
136256 | Zig:23   | Lost mutation: You have a pair of small antennae on your
                  | head. [potion of mutation]
136256 | Zig:23   | Lost mutation: You are very weak. (Str -4) [potion of
                  | mutation]
136256 | Zig:23   | Gained mutation: You are partially covered in large bone
                  | plates. (SH +4) [potion of mutation]
136256 | Zig:23   | Gained mutation: You are robust. (+10% HP) [potion of
                  | mutation]
136256 | Zig:23   | Gained mutation: You possess an exceptional clarity of
                  | mind. [potion of mutation]
136280 | Zig:23   | Reached skill level 27 in Charms
136283 | Zig:23   | Got a steaming pewter ring
136284 | Zig:23   | Identified the ring "Quowimpoe" {rN+ Str+4} (You found it
                  | on level 23 of a ziggurat)
136298 | Zig:23   | Identified the Collected Works on Dark Secrets and the
                  | Snowflakes
136320 | Zig:24   | Entered Level 24 of a ziggurat
136364 | Zig:24   | Gained mutation: You have a pair of small horns on your
                  | head. [mutagenic glow]
136372 | Zig:24   | Found the +7 Kryia's mail coat {PotionHeal*2 rC+}
136472 | Zig:24   | Identified the Disquisition on Mutagenic Translocation
136474 | Zig:24   | Identified The Papyrus of Greatest Risks and Utility
136478 | Zig:24   | Got a wavering golden amulet
136479 | Zig:24   | Identified the amulet "Jiuzuan" {Reflect -Tele Str+2 Slay+5
                  | SH+2} (You found it on level 24 of a ziggurat)
136502 | Zig:24   | Got a flickering tin ring
136903 | Zig:25   | Entered Level 25 of a ziggurat
137126 | Zig:25   | Found the ring of the Octopus King
137144 | Zig:25   | Identified Fipsog's Lost Secrets of Spellcraft
137148 | Zig:25   | Got a bound bronze ring
137149 | Zig:25   | Identified the ring of Ydijirai {+Blink rElec rF- SInv
                  | Stlth-} (You found it on level 24 of a ziggurat)
137157 | Zig:25   | Identified Mipur's Incunabulum of the Fiery Rocks
137182 | Zig:25   | Got a pitted glass ring
137185 | Zig:26   | Entered Level 26 of a ziggurat
137193 | Zig:26   | Noticed an ancient lich
137196 | Zig:26   | Noticed an ancient lich
137196 | Zig:26   | Noticed an ancient lich
137196 | Zig:26   | Noticed an ancient lich
137196 | Zig:26   | Noticed an ancient lich
137196 | Zig:26   | Noticed an ancient lich
137196 | Zig:26   | Noticed an ancient lich
137196 | Zig:26   | Noticed an ancient lich
137196 | Zig:26   | Noticed an ancient lich
137196 | Zig:26   | Noticed an ancient lich
137196 | Zig:26   | Noticed an ancient lich
137196 | Zig:26   | Noticed an ancient lich
137196 | Zig:26   | Noticed an ancient lich
137196 | Zig:26   | Noticed an ancient lich
137196 | Zig:26   | Noticed an ancient lich
137196 | Zig:26   | Noticed an ancient lich
137196 | Zig:26   | Noticed an ancient lich
137196 | Zig:26   | Noticed an ancient lich
137197 | Zig:26   | Killed an ancient lich
137198 | Zig:26   | Killed an ancient lich
137198 | Zig:26   | Killed an ancient lich
137198 | Zig:26   | Killed an ancient lich
137198 | Zig:26   | Killed an ancient lich
137198 | Zig:26   | Killed an ancient lich
137198 | Zig:26   | Killed an ancient lich
137198 | Zig:26   | Killed an ancient lich
137198 | Zig:26   | Killed an ancient lich
137198 | Zig:26   | Killed an ancient lich
137198 | Zig:26   | Killed an ancient lich
137198 | Zig:26   | Killed an ancient lich
137198 | Zig:26   | Killed an ancient lich
137198 | Zig:26   | Killed an ancient lich
137198 | Zig:26   | Killed an ancient lich
137198 | Zig:26   | Killed an ancient lich
137198 | Zig:26   | Noticed an ancient lich
137198 | Zig:26   | Noticed an ancient lich
137199 | Zig:26   | Killed an ancient lich
137199 | Zig:26   | Killed an ancient lich
137199 | Zig:26   | Noticed an ancient lich
137200 | Zig:26   | Noticed an ancient lich
137200 | Zig:26   | Noticed an ancient lich
137200 | Zig:26   | Noticed an ancient lich
137202 | Zig:26   | Noticed an ancient lich
137202 | Zig:26   | Noticed an ancient lich
137202 | Zig:26   | Noticed an ancient lich
137203 | Zig:26   | Noticed an ancient lich
137203 | Zig:26   | Noticed an ancient lich
137203 | Zig:26   | Noticed an ancient lich
137204 | Zig:26   | Found the +4 dagger "Morg" {pain, MR+ Int+5}
137204 | Zig:26   | Noticed an ancient lich
137204 | Zig:26   | Noticed an ancient lich
137204 | Zig:26   | Killed an ancient lich
137204 | Zig:26   | Noticed an ancient lich
137205 | Zig:26   | Killed an ancient lich
137205 | Zig:26   | Killed an ancient lich
137205 | Zig:26   | Noticed an ancient lich
137206 | Zig:26   | Killed an ancient lich
137206 | Zig:26   | Killed an ancient lich
137206 | Zig:26   | Killed an ancient lich
137206 | Zig:26   | Killed an ancient lich
137206 | Zig:26   | Killed an ancient lich
137207 | Zig:26   | Killed an ancient lich
137207 | Zig:26   | Killed an ancient lich
137207 | Zig:26   | Killed an ancient lich
137207 | Zig:26   | Killed an ancient lich
137207 | Zig:26   | Killed an ancient lich
137207 | Zig:26   | Killed an ancient lich
137208 | Zig:26   | Killed an ancient lich
137211 | Zig:26   | Noticed an ancient lich
137238 | Zig:26   | Killed an ancient lich
137244 | Zig:26   | Killed an ancient lich
137259 | Zig:26   | Gained mutation: Scrolls take you a little longer to read.
                  | [mutagenic glow]
137485 | Zig:26   | Reached skill level 27 in Summonings
137485 | Zig:26   | Reached skill level 27 in Poison Magic
137498 | Zig:26   | Identified Sif Muna's Papyrus of Lightness and
                  | Contamination
137511 | Zig:26   | Reached skill level 10 in Invocations
137553 | Zig:27   | Entered Level 27 of a ziggurat
137572 | Zig:27   | Found the ring of the Octopus King
137595 | Zig:27   | Found the +2 pair of boots of the Assassin {Detection Stab+
                  | Stlth++}
137633 | Zig:27   | Got a pair of ancient gloves
137644 | Zig:27   | Identified the cursed +0 pair of gloves of Resourcefulness
                  | {Str+5} (You found it on level 27 of a ziggurat)
137662 | Zig:27   | Found the +8 longbow "Zephyr" {speed, Dex+3 SInv}
137704 | Zig:27   | Got a ring of the Octopus King
137722 | Zig:27   | Identified Abro's Guide on Black Secrets
137765 | Zig:27   | Got a shimmering platinum ring
137797 | Zig:1    | Entered Level 1 of a ziggurat
137830 | Zig:2    | Entered Level 2 of a ziggurat
137884 | Zig:3    | Entered Level 3 of a ziggurat
138015 | Zig:3    | Identified the ring "Lidocrer" {rPois Int+3 Stlth+} (You
                  | found it on level 25 of a ziggurat)
138023 | Zig:3    | Identified the ring of Sunlight {Ice rN+ Str-3 Dex+4} (You
                  | found it on level 27 of a ziggurat)
138030 | Zig:4    | Entered Level 4 of a ziggurat
138030 | Zig:4    | Noticed a greater mummy
138030 | Zig:4    | Noticed a greater mummy
138030 | Zig:4    | Noticed a greater mummy
138033 | Zig:4    | Killed a greater mummy
138033 | Zig:4    | Killed a greater mummy
138036 | Zig:4    | Killed a greater mummy
138080 | Zig:5    | Entered Level 5 of a ziggurat
138083 | Zig:5    | Noticed a greater mummy
138083 | Zig:5    | Noticed a greater mummy
138083 | Zig:5    | Noticed a greater mummy
138083 | Zig:5    | Noticed a greater mummy
138083 | Zig:5    | Noticed a greater mummy
138085 | Zig:5    | Killed a greater mummy
138085 | Zig:5    | Killed a greater mummy
138085 | Zig:5    | Killed a greater mummy
138086 | Zig:5    | Killed a greater mummy
138086 | Zig:5    | Killed a greater mummy
138137 | Zig:5    | Identified The Arcane Secrets of Witchery
138148 | Zig:6    | Entered Level 6 of a ziggurat
138150 | Zig:6    | Found the +8 glaive of the Guard {elec, +Rage AC+5 SInv}
138194 | Zig:7    | Entered Level 7 of a ziggurat
138226 | Zig:7    | Identified the ring of Qennonem {rN++ Dex+3} (You found it
                  | on level 25 of a ziggurat)
138234 | Zig:7    | Reached skill level 27 in Invocations
138236 | Zig:7    | Identified the Papyrus of Contamination
138674 | Zig:8    | Entered Level 8 of a ziggurat
139018 | Zig:8    | Got a heavily runed graven amulet
139022 | Zig:8    | Identified the amulet of Foinkoan {Regen+ Dex+4} (You found
                  | it on level 8 of a ziggurat)
139027 | Zig:9    | Entered Level 9 of a ziggurat
139032 | Zig:9    | Noticed Kethoa Xopp the pandemonium lord
139032 | Zig:9    | Noticed Arop the pandemonium lord
139032 | Zig:9    | Noticed Yloda the pandemonium lord
139032 | Zig:9    | Noticed Bayj the pandemonium lord
139032 | Zig:9    | Noticed Ypuat the pandemonium lord
139032 | Zig:9    | Noticed Wuno the pandemonium lord
139033 | Zig:9    | Noticed Istapry the pandemonium lord
139033 | Zig:9    | Noticed Nuphuthoz the pandemonium lord
139033 | Zig:9    | Noticed Kogasoka the pandemonium lord
139033 | Zig:9    | Noticed Ygrykisa the pandemonium lord
139033 | Zig:9    | Noticed Fuitzan the pandemonium lord
139033 | Zig:9    | Noticed Iguzemom the pandemonium lord
139033 | Zig:9    | Noticed Boylotil the pandemonium lord
139034 | Zig:9    | Found the +3 sling "Punk" {acid, rCorr}
139034 | Zig:9    | Noticed Weilyrphi the pandemonium lord
139035 | Zig:9    | Noticed Wudwan the pandemonium lord
139035 | Zig:9    | Noticed Suvoruump the pandemonium lord
139038 | Zig:9    | Noticed Wukhut the pandemonium lord
139039 | Zig:9    | Noticed Paemon the pandemonium lord
139039 | Zig:9    | Noticed Apomuim the pandemonium lord
139039 | Zig:9    | Noticed Inkamuoj the pandemonium lord
139040 | Zig:9    | Killed Weilyrphi the pandemonium lord
139040 | Zig:9    | Killed Ypuat the pandemonium lord
139040 | Zig:9    | Killed Kogasoka the pandemonium lord
139040 | Zig:9    | Killed Paemon the pandemonium lord
139040 | Zig:9    | Killed Boylotil the pandemonium lord
139040 | Zig:9    | Killed Fuitzan the pandemonium lord
139041 | Zig:9    | Killed Nuphuthoz the pandemonium lord
139041 | Zig:9    | Killed Apomuim the pandemonium lord
139041 | Zig:9    | Killed Kethoa Xopp the pandemonium lord
139041 | Zig:9    | Killed Wukhut the pandemonium lord
139042 | Zig:9    | Killed Ygrykisa the pandemonium lord
139042 | Zig:9    | Killed Suvoruump the pandemonium lord
139045 | Zig:9    | Killed Arop the pandemonium lord
139045 | Zig:9    | Killed Yloda the pandemonium lord
139046 | Zig:9    | Killed Istapry the pandemonium lord
139046 | Zig:9    | Killed Iguzemom the pandemonium lord
139047 | Zig:9    | Killed Inkamuoj the pandemonium lord
139047 | Zig:9    | Killed Wudwan the pandemonium lord
139047 | Zig:9    | Killed Wuno the pandemonium lord
139062 | Zig:9    | Killed Bayj the pandemonium lord
139181 | Zig:9    | Got a shimmering copper ring
139198 | Zig:9    | Identified Cyruhes's Incunabulum of Lightness and
                  | Confrontation
139216 | Zig:9    | Identified the ring of Autumn {rPois rF++ rC+ Str-4 Dex+3
                  | SInv} (You found it on level 9 of a ziggurat)
139224 | Zig:10   | Entered Level 10 of a ziggurat
139338 | Zig:10   | Got a clouded lead amulet
139343 | Zig:11   | Entered Level 11 of a ziggurat
139517 | Zig:11   | Got a pitted ivory amulet
139551 | Zig:12   | Entered Level 12 of a ziggurat
139597 | Zig:12   | Found the +8 demon blade "Leech" {vamp, rN+ AC-3 EV-3}
139606 | Zig:12   | Identified Sif Muna's Compendium of Talismans and the
                  | Escort
139633 | Zig:12   | Got a smoking lead ring
139653 | Zig:12   | Got a coiled ivory ring
139660 | Zig:12   | Got a scorched marble ring
139669 | Zig:13   | Entered Level 13 of a ziggurat
139670 | Zig:13   | Noticed an ancient lich
139670 | Zig:13   | Noticed an ancient lich
139671 | Zig:13   | Noticed an ancient lich
139671 | Zig:13   | Noticed an ancient lich
139671 | Zig:13   | Noticed an ancient lich
139671 | Zig:13   | Noticed an ancient lich
139673 | Zig:13   | Killed an ancient lich
139673 | Zig:13   | Killed an ancient lich
139673 | Zig:13   | Killed an ancient lich
139673 | Zig:13   | Killed an ancient lich
139673 | Zig:13   | Killed an ancient lich
139675 | Zig:13   | Killed an ancient lich
139679 | Zig:13   | Noticed an ancient lich
139701 | Zig:13   | Killed an ancient lich
139917 | Zig:13   | Got a fine shield
139932 | Zig:13   | Got a fine amber ring
139939 | Zig:13   | Identified the -3 shield of the World {+Fly rPois rF+ rC-}
                  | (You found it on level 13 of a ziggurat)
139965 | Zig:14   | Entered Level 14 of a ziggurat
139971 | Zig:14   | Cast into level 2 of the Abyss (spatial maelstrom)
139971 | Abyss:2  | Found a corrupted altar of Lugonu.
140001 | Abyss:2  | Found a corrupted altar of Lugonu.
140004 | Zig:14   | Escaped the Abyss
140005 | Zig:14   | Paralysed by accursed screaming for 1 turns
140011 | Zig:14   | Paralysed by accursed screaming for 2 turns
140285 | Zig:14   | Lost mutation: You are weak. (Str -2) [potion of mutation]
140285 | Zig:14   | Lost mutation: You are partially covered in large bone
                  | plates. (SH +4) [potion of mutation]
140285 | Zig:14   | Gained mutation: You are agile. (Dex +2) [potion of
                  | mutation]
140285 | Zig:14   | Gained mutation: You are partially covered in yellow
                  | scales. (AC +2) [potion of mutation]
140286 | Zig:14   | Lost mutation: You are partially covered in thin metallic
                  | scales. (AC +2) [potion of mutation]
140286 | Zig:14   | Lost mutation: You are partially covered in yellow scales.
                  | (AC +2) [potion of mutation]
140286 | Zig:14   | Lost mutation: You are robust. (+10% HP) [potion of
                  | mutation]
140286 | Zig:14   | Gained mutation: Your flesh is heat resistant. (rF+)
                  | [potion of mutation]
140287 | Zig:14   | Lost mutation: You are agile. (Dex +2) [potion of mutation]
140287 | Zig:14   | Lost mutation: You are partially covered in iridescent
                  | scales. (AC +2) [potion of mutation]
140287 | Zig:14   | Lost mutation: Scrolls take you a little longer to read.
                  | [potion of mutation]
140287 | Zig:14   | Gained mutation: Your movements are slightly less
                  | encumbered by armour. (ER -2) [potion of mutation]
140293 | Zig:14   | Found the ring of the Octopus King
140294 | Zig:14   | Found the +12 Vampire's Tooth {vamp}
140356 | Zig:14   | Identified the Volume of the Fiery Birds
140364 | Zig:14   | Identified the amulet "Omaej" {+Rage rPois Str+4 Int+4}
                  | (You found it on level 10 of a ziggurat)
140366 | Zig:14   | Identified the amulet "Pulosisy" {rN+ Regen+} (You found it
                  | on level 11 of a ziggurat)
140368 | Zig:14   | Identified the ring "Dacaos" {*Tele *Drain rN+ Int+3} (You
                  | found it on level 12 of a ziggurat)
140371 | Zig:15   | Entered Level 15 of a ziggurat
140378 | Zig:15   | Identified the +7 large shield "Zazias" {Dex+6}
140378 | Zig:15   | Identified the +9 large shield "Betri" {rC+}
140378 | Zig:15   | Identified the -2 large shield "Faischun" {+Fly}
140381 | Zig:15   | Found the cursed necklace of Bloodlust {*Rage +Rage MR++
                  | Int-3 Slay+6 *Curse}
140546 | Zig:15   | Identified the Tome of Malediction and Conjuration
140551 | Zig:15   | Got a bound iron amulet
140577 | Zig:15   | Identified the amulet "Zivuyna" {Gourm +Inv MP-9 Int+4}
                  | (You found it on level 15 of a ziggurat)
140607 | Zig:15   | Got a slimy brass ring
140615 | Zig:16   | Entered Level 16 of a ziggurat
140625 | Zig:16   | Found the +6 shillelagh "Devastator" {shatter}
140906 | Zig:17   | Entered Level 17 of a ziggurat
141225 | Zig:17   | Identified the ring of Beauty {Int+2 SInv Stlth+} (You
                  | found it on level 15 of a ziggurat)
141227 | Zig:17   | Identified the ring "Nischosh" {Str+2 Int+3} (You found it
                  | on level 12 of a ziggurat)
141229 | Zig:17   | Identified the ring "Verraeg" {rC++ Str-4 Int+6} (You found
                  | it on level 12 of a ziggurat)
141231 | Zig:17   | Identified the ring "Voagusauvi" {+Inv MR+++ Int+3 Dex-2
                  | Slay+2} (You found it on level 13 of a ziggurat)
141264 | Zig:17   | Got a fine ruby amulet
141265 | Zig:17   | Identified the amulet "Isyngyz" {Inacc rN+} (You found it
                  | on level 17 of a ziggurat)
141293 | Zig:17   | Got a coiled lapis lazuli ring
141294 | Zig:17   | Identified the ring "Jaselaca" {*Tele rElec} (You found it
                  | on level 17 of a ziggurat)
141300 | Zig:17   | Identified Zylaobu's Reference Book on Flamy Good Luck
141307 | Zig:18   | Entered Level 18 of a ziggurat
141551 | Zig:18   | Got a translucent bronze amulet
141552 | Zig:18   | Identified the amulet of Puify {Faith MR+ Str+3} (You found
                  | it on level 18 of a ziggurat)
141556 | Zig:18   | Identified the Compendium of Cold and Conjuration
141566 | Zig:18   | Got a shimmering bronze ring
141567 | Zig:18   | Identified the ring "Teff" {rElec rCorr Dex+2} (You found
                  | it on level 18 of a ziggurat)
141578 | Zig:19   | Entered Level 19 of a ziggurat
141812 | Zig:19   | Got a vibrating copper ring
141834 | Zig:19   | Got a scorched bronze ring
141842 | Zig:19   | Identified the ring "Uwihelid" {Fire rPois rN+ MR+} (You
                  | found it on level 19 of a ziggurat)
141845 | Zig:19   | Identified the Tome of the Snowflakes and Conjuration
141866 | Zig:20   | Entered Level 20 of a ziggurat
141887 | Zig:20   | Found the +6 Majin-Bo {vamp, Archmagi MP+6 Int+6}
142251 | Zig:20   | Identified the Reference Book on Attacks and Bewitchment
142279 | Zig:21   | Entered Level 21 of a ziggurat
142287 | Zig:21   | Noticed an ancient lich
142287 | Zig:21   | Noticed an ancient lich
142287 | Zig:21   | Noticed an ancient lich
142287 | Zig:21   | Noticed an ancient lich
142287 | Zig:21   | Noticed an ancient lich
142287 | Zig:21   | Noticed an ancient lich
142288 | Zig:21   | Killed an ancient lich
142289 | Zig:21   | Killed an ancient lich
142289 | Zig:21   | Killed an ancient lich
142289 | Zig:21   | Killed an ancient lich
142289 | Zig:21   | Noticed an ancient lich
142290 | Zig:21   | Killed an ancient lich
142290 | Zig:21   | Noticed an ancient lich
142296 | Zig:21   | Killed an ancient lich
142296 | Zig:21   | Killed an ancient lich
142298 | Zig:21   | Killed an ancient lich
142302 | Zig:21   | Noticed an ancient lich
142304 | Zig:21   | Noticed an ancient lich
142304 | Zig:21   | Noticed an ancient lich
142304 | Zig:21   | Noticed an ancient lich
142304 | Zig:21   | Noticed an ancient lich
142305 | Zig:21   | Noticed an ancient lich
142306 | Zig:21   | Noticed an ancient lich
142306 | Zig:21   | Noticed an ancient lich
142307 | Zig:21   | Killed an ancient lich
142307 | Zig:21   | Noticed an ancient lich
142308 | Zig:21   | Noticed an ancient lich
142308 | Zig:21   | Killed an ancient lich
142308 | Zig:21   | Killed an ancient lich
142308 | Zig:21   | Killed an ancient lich
142308 | Zig:21   | Killed an ancient lich
142308 | Zig:21   | Noticed an ancient lich
142309 | Zig:21   | Killed an ancient lich
142309 | Zig:21   | Killed an ancient lich
142309 | Zig:21   | Killed an ancient lich
142309 | Zig:21   | Killed an ancient lich
142309 | Zig:21   | Killed an ancient lich
142309 | Zig:21   | Noticed an ancient lich
142310 | Zig:21   | Killed an ancient lich
142310 | Zig:21   | Noticed an ancient lich
142310 | Zig:21   | Noticed an ancient lich
142311 | Zig:21   | Killed an ancient lich
142311 | Zig:21   | Noticed an ancient lich
142311 | Zig:21   | Noticed an ancient lich
142311 | Zig:21   | Noticed an ancient lich
142312 | Zig:21   | Noticed an ancient lich
142312 | Zig:21   | Killed an ancient lich
142312 | Zig:21   | Killed an ancient lich
142312 | Zig:21   | Killed an ancient lich
142327 | Zig:21   | Killed an ancient lich
142327 | Zig:21   | Killed an ancient lich
142327 | Zig:21   | Killed an ancient lich
142370 | Zig:21   | Noticed an ancient lich
142373 | Zig:21   | Killed an ancient lich
142374 | Zig:21   | Noticed an ancient lich
142382 | Zig:21   | Killed an ancient lich
142529 | Zig:21   | Found the +9 scales of the Dragon King {rPois rF+ rC+ MR+}
142554 | Zig:21   | Identified the ring "Jiomeigi" {Ice +Fly rPois rN+ Int+2}
                  | (You found it on level 19 of a ziggurat)
142573 | Zig:21   | Identified the Compendium of Floating Stolen Souls
142575 | Zig:21   | Identified the Handbook of Flying Conjuration
142585 | Zig:21   | Identified the Reference Book on Toxic Hexes
142602 | Zig:21   | Got a slimy copper amulet
142603 | Zig:21   | Identified the amulet of Etovoa {RegenMP Str+3 Dex+5} (You
                  | found it on level 21 of a ziggurat)
142606 | Zig:21   | Got a scintillating bronze ring
142617 | Zig:22   | Entered Level 22 of a ziggurat
142917 | Zig:22   | Identified Ohafot's Compendium of Poisonous Translocation
142993 | Zig:23   | Entered Level 23 of a ziggurat
142999 | Zig:23   | Noticed Monkori the pandemonium lord
143000 | Zig:23   | Noticed Movorghia the pandemonium lord
143001 | Zig:23   | Noticed Efir the pandemonium lord
143003 | Zig:23   | Noticed Limualui the pandemonium lord
143004 | Zig:23   | Noticed Qeydinil the pandemonium lord
143004 | Zig:23   | Noticed Lol Yrol the pandemonium lord
143004 | Zig:23   | Noticed Zosavaat the pandemonium lord
143004 | Zig:23   | Noticed Ohibusk the pandemonium lord
143004 | Zig:23   | Noticed Wizoyk the pandemonium lord
143005 | Zig:23   | Noticed Wuguupn the pandemonium lord
143006 | Zig:23   | Noticed Qutips the pandemonium lord
143006 | Zig:23   | Noticed Yheonk the pandemonium lord
143007 | Zig:23   | Killed Lol Yrol the pandemonium lord
143008 | Zig:23   | Noticed Wegrol the pandemonium lord
143008 | Zig:23   | Noticed Angitt the pandemonium lord
143009 | Zig:23   | Killed Yheonk the pandemonium lord
143009 | Zig:23   | Killed Efir the pandemonium lord
143009 | Zig:23   | Noticed Syekhikh the pandemonium lord
143009 | Zig:23   | Noticed Plog the pandemonium lord
143009 | Zig:23   | Noticed Fuups the pandemonium lord
143010 | Zig:23   | Killed Monkori the pandemonium lord
143010 | Zig:23   | Killed Movorghia the pandemonium lord
143010 | Zig:23   | Killed Limualui the pandemonium lord
143010 | Zig:23   | Noticed Kaobueti the pandemonium lord
143010 | Zig:23   | Noticed Duotsaty the pandemonium lord
143011 | Zig:23   | Killed Wizoyk the pandemonium lord
143011 | Zig:23   | Noticed Jeyloegg the pandemonium lord
143012 | Zig:23   | Noticed Zevy the pandemonium lord
143012 | Zig:23   | Noticed Piad the pandemonium lord
143012 | Zig:23   | Noticed Acviacy the pandemonium lord
143012 | Zig:23   | Killed Ohibusk the pandemonium lord
143012 | Zig:23   | Killed Qutips the pandemonium lord
143012 | Zig:23   | Noticed Hinwost the pandemonium lord
143012 | Zig:23   | Noticed Heulupn the pandemonium lord
143012 | Zig:23   | Noticed Yguawoim the pandemonium lord
143012 | Zig:23   | Noticed Fulac the pandemonium lord
143012 | Zig:23   | Noticed Jestrec the pandemonium lord
143013 | Zig:23   | Noticed Ziamam the pandemonium lord
143013 | Zig:23   | Killed Zosavaat the pandemonium lord
143013 | Zig:23   | Killed Wuguupn the pandemonium lord
143013 | Zig:23   | Noticed Aqufuegh the pandemonium lord
143013 | Zig:23   | Noticed Nuroyhoz the pandemonium lord
143013 | Zig:23   | Noticed Tulenk the pandemonium lord
143014 | Zig:23   | Killed Qeydinil the pandemonium lord
143014 | Zig:23   | Killed Yguawoim the pandemonium lord
143014 | Zig:23   | Noticed Teuzo the pandemonium lord
143015 | Zig:23   | Killed Plog the pandemonium lord
143015 | Zig:23   | Noticed Pilackaq the pandemonium lord
143015 | Zig:23   | Noticed Vustryiq the pandemonium lord
143016 | Zig:23   | Noticed Fypsibra the pandemonium lord
143016 | Zig:23   | Killed Wegrol the pandemonium lord
143016 | Zig:23   | Killed Heulupn the pandemonium lord
143016 | Zig:23   | Noticed Zyezutt the pandemonium lord
143016 | Zig:23   | Noticed Fuakkosch the pandemonium lord
143017 | Zig:23   | Noticed Muegeplo the pandemonium lord
143017 | Zig:23   | Noticed Kebovem the pandemonium lord
143018 | Zig:23   | Noticed Cupn the pandemonium lord
143020 | Zig:23   | Killed Syekhikh the pandemonium lord
143021 | Zig:23   | HP: 2/298 [Zevy the pandemonium lord (21)]
143021 | Zig:23   | Killed from afar by a balrug

Levels and vault maps discovered:
D:1:      eino_arrival_tree_alley, layout_basic
D:2:      layout_loops_ring, lemuel_doored_altar
D:3:      layout_loops_ring, lemuel_zombie_altar_kikubaaqudgha,
          nicolae_gozag_cash_rules_everything_around_me, uniq_robin
D:4:      layout_basic, yredelemnul_altar_generic, nicolae_ru_path_of_blood,
          kennysheep_mini, nicolae_overflow_crystal_walls, first_ration,
          serial_shops, nicolae_shop_crystal, nicolae_shop_overgrown_old_shop,
          nicolae_shop_competitors_out_of_business, kennysheep_mini_moat
D:5:      layout_basic, demons_altar, nicolae_overflow_hidden_temple, uniq_ijyb,
          uniq_edmund
D:6:      layout_basic, minmay_fountain_box
D:7:      layout_loops_ring, dancing_weapons_uskayaw, old_standard_altar,
          minmay_temple_entry_junction, grunt_ogre_cave, st_stairs_9,
          grunt_decor_one_mirror
D:8:      layout_cave_pools, nicolae_qazlal_eye_of_the_storm, lair_entry_dummy,
          serial_shops, shop, shop, shop, shop_statue, uniq_pikel, uniq_joseph
D:9:      layout_roguey, vehumet_statue, old_standard_altar,
          nemelex_spade_bored_becter
D:10:     layout_gridville, erik_orc_1
D:11:     layout_gridville, serial_shops, shop, kennysheep_little_box,
          nicolae_shop_statue_plus, shop, shop, enter_bailey_2, uniq_gastronok
D:12:     layout_roguey, serial_curves, eino_curves_01, eino_curves_02
D:13:     layout_loops_cross, skrybe_vaults_entry_preservation,
          gauntlet_entry_generic, drop_trap, minmay_misc_feat_five,
          uniq_josephine, uniq_urug
D:14:     layout_roguey, kennysheep_another_room, minmay_misc_feat_alley,
          kennysheep_dice, uniq_roxanne
D:15:     grunt_enter_depths_snipers, layout_irregular_city,
          grunt_dithmenos_smoke, kennysheep_treasure_room
Temple:   nicolae_temple_figure_zero
Lair:1:   layout_long_grid
Lair:2:   layout_small_grid, spider_nest_entry_web_field, uniq_harold,
          uniq_nergalle
Lair:3:   layout_regular_city, serial_bayou_shore_a, minmay_lair_oklob_chamber
Lair:4:   layout_cave_pods, minmay_shoals_entry_lonely_mermaid,
          patterned_corridor, grunt_megastairs_1
Lair:5:   layout_regular_city, slime_dummy, gammafunk_ghost_icy,
          chequers_serial_rivers_micro_e, beast_lair_carwin_10,
          infiniplex_staircase_pool
Lair:6:   wormcave, layout_cave_pods, hangedman_lair_caniforms_friends
Shoals:1: layout_shoals, serial_shops, shop_coins
Shoals:2: cheibrodos_shoals_epimethial_gifts, layout_shoals,
          nicolae_shoals_isolated_beach
Shoals:3: layout_shoals
Shoals:4: shoals_end_simple, layout_shoals, shoals_ilsuiw_alternative,
          serial_shops, shop
Spider:1: layout_spider_delve, uniq_donald, uniq_nikola
Spider:2: mumra_spider_spiderweb
Spider:3: layout_spider_delve, nicolae_spider_cling_halls
Spider:4: grunt_spider_rune_circles, uniq_asterion
Slime:1:  layout_caves
Slime:2:  layout_caves
Slime:3:  layout_caves
Slime:4:  layout_caves
Slime:5
Orc:1:    layout_caves, ebering_ghost_gozag, basic_altar, uniq_snorg
Orc:2:    grunt_orc_tribal_feast, layout_caves, serial_shops, shop,
          nicolae_shop_statue_plus, uniq_sonja
Elf:1:    elf_arrival_002, layout_geoelf_diagonals, serial_shops, shop,
          orc_legates, st_stairs_14, hangedman_decor_cross_pass
Elf:2:    layout_geoelf_diagonals, serial_shops, shop,
          nicolae_elf_stone_circles, guppyfry_elf_castle, uniq_jorgrun
Elf:3:    elf_hall_gauntlet_wide, layout_geoelf_grid,
          portal_ice_cave_entry_pillars_three, ebering_ghost_disaster_area,
          serial_shops, shop, drop_trap, serial_sigils_hangedman_gut
Vaults:1: vaults_room_hallway, nicolae_vaults_network_s,
          dpeg_vaults_monster_box, grunt_vaults_hallway_short,
          hangedman_vaults_slither, nicolae_vaults_network_barrier,
          nicolae_vaults_octagons, hangedman_vaults_impose,
          hangedman_vaults_stream, v_misc_9, v_misc_22, layout_vaults_omnibox
Vaults:2: hangedman_vaults_corner, vaults_room_grunt_arrival_checkpoint,
          vaults_room_fours, v_misc_3, v_pattern_2, nicolae_vaults_meeting,
          v_misc_9, layout_vaults_ring, serial_shops, nicolae_shop_behind_doors
Vaults:3: minmay_crypt_entry_simple_walls, hangedman_vaults_river_flow,
          nicolae_vaults_an_arrangement, nicolae_vaults_network_quincunx
          [nicolae_vaults_network_quincunx_subvault,
          nicolae_vaults_network_quincunx_subvault,
          nicolae_vaults_network_quincunx_subvault,
          nicolae_vaults_network_quincunx_subvault,
          nicolae_vaults_network_quincunx_subvault], vaults_mumra_minichess,
          ontoclasm_vaults_gateway, v_alt_pattern_5,
          nicolae_vaults_three_branches, v_pattern_5, serial_ice_h,
          layout_vaults_omnicross, serial_shops, shop
Vaults:4: hangedman_vaults_stretched_pinwheel, hangedman_vaults_maws, v_misc_30,
          v_misc_29, ontoclasm_vaults_shuriken, vaults_room_large_hall,
          nicolae_vaults_branching_niches, layout_vaults_maze_bifur,
          uniq_saint_roka
Vaults:5: uniq_mara
Crypt:1:  layout_gridlike, mu_enter_wizlab_6, st_vampire_maze
Crypt:2:  layout_regular_city, uniq_xtahua
Crypt:3:  due_elkab, layout_chaotic_city, ebering_ghost_reflecting_pool,
          uniq_bai_suzhen
Tomb:1
Tomb:2:   uniq_jory
Tomb:3
Depths:1: layout_honeycomb, nicolae_ashenzari_panopticon, grunt_metal_band,
          serial_shops, shop_fountains, hangedman_decor_clover_reticule,
          nicolae_alphabet_shops, minmay_protected_statue, minmay_shop_grove
Depths:2: minmay_guarded_unrand_sceptre_of_torment, layout_long_grid,
          grunt_hell_entry_dis_mu, chequers_jeans, grunt_pan_entry_zigzag,
          uniq_aizul
Depths:3: onia_ninara_swampy_vault, layout_gridlike, rand_demon_pan_entry_3,
          minivault_14, serial_shops, bzr_entry_safe, hell_entry,
          nicolae_trove_entry_path_of_doom, serial_bayou_shore_b
Depths:4: spriggan_forest, hell_entry, abyss_entry
Depths:5: grunt_x_marks_the_spot, layout_gridlike, minmay_misc_feat_chi,
          pf_hell_entry_tar_spiral
Hell
Zot:1:    layout_misc_corridors, gammafunk_ghost_berserking_beasts
Zot:2:    kennysheep_ambush_hall, layout_basic
Zot:3:    layout_cathedral_of_symmetry, grunt_megastairs_3
Zot:4:    gammafunk_mikee_crab_dinner, layout_misc_corridors
Zot:5:    layout_gridlike
Zig:23

Skill      XL: |  1  2  3  4  5  6  7  8  9 10 11 12 13 14 15 16 17 18 19 20 21 22 23 24 25 26 27 |
---------------+----------------------------------------------------------------------------------+-----
Earth Magic    | 4 5 6 7 8 9 10 11 12 13 14 15 16 17 19 20 21 27 | 27.0
Conjurations   | 1 2 3 4 6 7 8 9 10 11 12 13 14 15 16 27 | 27.0
Spellcasting   | 3 4 5 6 7 8 9 10 11 12 13 14 16 17 18 27 | 27.0
Armour         | 1 3 4 5 6 7 8 27 | 27.0
Fighting       | 3 4 5 6 7 9 10 11 12 13 14 15 16 27 | 27.0
Maces & Flails | 2 3 5 6 7 8 9 10 11 12 13 14 27 | 27.0
Dodging        | 3 4 5 6 7 8 9 10 11 12 13 27 | 27.0
Evocations     | 2 3 4 5 6 27 | 27.0
Fire Magic     | 3 5 7 9 10 11 13 14 15 16 17 18 19 20 27 | 27.0
Ice Magic      | 27 | 27.0
Transmutations | 27 | 27.0
Necromancy     | 27 | 27.0
Shields        | 27 | 27.0
Stealth        | 27 | 27.0
Translocations | 27 | 27.0
Air Magic      | 27 | 27.0
Throwing       | 27 | 27.0
Long Blades    | 27 | 27.0
Unarmed Combat | 27 | 27.0
Summonings     | 27 | 27.0
Short Blades   | 27 | 27.0
Staves         | 27 | 27.0
Slings         | 27 | 27.0
Crossbows      | 27 | 27.0
Axes           | 27 | 27.0
Hexes          | 27 | 27.0
Polearms       | 27 | 27.0
Bows           | 27 | 27.0
Charms         | 27 | 27.0
Poison Magic   | 27 | 27.0
Invocations    | 27 | 27.0

Action                   |  1- 3 |  4- 6 |  7- 9 | 10-12 | 13-15 | 16-18 | 19-21 | 22-24 | 25-27 || total
-------------------------+-------+-------+-------+-------+-------+-------+-------+-------+-------++-------
Melee: Dagger            |   134 |   203 |   177 |    65 |       |       |       |       |       ||   579
       Unarmed           |     1 |       |       |       |       |       |       |       |       ||     1
       Morningstar       |       |       |       |   167 |   699 |   564 |   481 |   478 |  2569 ||  4958
       Kick              |       |       |       |    20 |   115 |       |       |       |       ||   135
       Headbutt          |       |       |       |    15 |   149 |   116 |    85 |    97 |    62 ||   524
       Lance             |       |       |       |       |       |       |       |       |   314 ||   314
       Staff             |       |       |       |       |       |       |       |       |   280 ||   280
       Demon whip        |       |       |       |       |       |       |       |       |    99 ||    99
       Bite              |       |       |       |       |       |       |       |       |    99 ||    99
Throw: Stone             |       |       |       |       |       |     1 |     1 |       |     1 ||     3
       Javelin           |       |       |       |       |       |       |       |       |     1 ||     1
 Cast: Sandblast         |    14 |    48 |    82 |   184 |   122 |    10 |    10 |       |       ||   470
       Stone Arrow       |       |     4 |    43 |    42 |     8 |    11 |     3 |     6 |     4 ||   121
       Lee's Rapid Decon |       |     1 |     8 |    51 |    39 |     1 |    25 |    14 |    36 ||   175
       Fireball          |       |       |       |    14 |     2 |       |       |       |       ||    16
       Iron Shot         |       |       |       |       |    43 |    50 |    73 |    65 |   598 ||   829
       Bolt of Fire      |       |       |       |       |    84 |   153 |    97 |    65 |   207 ||   606
       Bolt of Magma     |       |       |       |       |    21 |       |       |       |       ||    21
       Ignition          |       |       |       |       |       |    22 |    53 |    96 |   566 ||   737
       Shatter           |       |       |       |       |       |       |       |    22 |  1222 ||  1244
       Glaciate          |       |       |       |       |       |       |       |       |   473 ||   473
       Fire Storm        |       |       |       |       |       |       |       |       |   367 ||   367
       Lehudib's Crystal |       |       |       |       |       |       |       |       |    62 ||    62
       Tornado           |       |       |       |       |       |       |       |       |    59 ||    59
       Controlled Blink  |       |       |       |       |       |       |       |       |    54 ||    54
       Necromutation     |       |       |       |       |       |       |       |       |    17 ||    17
 Abil: Evoke Invisibilit |       |       |       |       |     2 |     3 |     4 |       |    52 ||    61
       Fly               |       |       |       |       |     1 |       |       |       |     2 ||     3
       Stop Flying       |       |       |       |       |       |       |       |       |     2 ||     2
       End Transformatio |       |       |       |       |       |       |       |       |     7 ||     7
Evoke: Wand              |       |       |     9 |     2 |    14 |     1 |     9 |    16 |    60 ||   111
       Box of beasts     |       |       |       |       |     1 |       |       |       |     3 ||     4
       Figurine of a zig |       |       |       |       |       |       |       |       |     8 ||     8
       Staff of energy   |       |       |       |       |       |       |       |       |     2 ||     2
  Use: Scroll            |     6 |     5 |     8 |    11 |    20 |    11 |    10 |    11 |   333 ||   415
       Potion            |       |     2 |       |    15 |    11 |     4 |     4 |    17 |   223 ||   276
 Stab: Sleeping          |     2 |     6 |     2 |     2 |     5 |     1 |       |       |     4 ||    22
       Invisible         |       |     2 |       |     2 |     3 |       |     2 |       |    33 ||    42
       Distracted        |       |     1 |       |     1 |     1 |       |       |     1 |    11 ||    15
       Confused          |       |       |       |     2 |       |       |       |       |       ||     2
  Eat: Chunk             |     2 |     9 |    12 |    26 |    74 |    60 |    46 |    51 |    32 ||   312
       Ration            |       |       |     3 |     3 |     9 |    14 |     9 |     9 |   102 ||   149
Armor: Robe              |    74 |    62 |    91 |   237 |   522 |   356 |       |       |       ||  1342
       Animal skin       |       |    12 |    22 |       |       |       |       |       |       ||    34
       Troll leather arm |       |       |       |       |       |   168 |   342 |   685 |  3586 ||  4781
       Skin              |       |       |       |       |       |       |       |       |     8 ||     8
Dodge: Dodged            |    95 |   137 |   177 |   323 |   790 |   662 |   445 |   648 |  6773 || 10050
Block: Buckler           |       |       |       |    30 |    74 |    61 |    49 |    49 |  1889 ||  2152

Table legend:
 A = Non-vault XP
 B = Vault XP
 C = Vault XP percentage of total XP
 D = Non-vault monster count
 E = Vault monster count
 F = Vault count percentage of total count
                 A         B        C        D         E       F
            +---------+---------+-------+---------+---------+-------
      Total | 7690160 | 1229795 |  13.8 |   21531 |    1465 |   6.4
            +---------+---------+-------+---------+---------+-------
        D:1 |      44 |       0 |   0.0 |      24 |       0 |   0.0
        D:2 |     116 |       0 |   0.0 |      27 |       0 |   0.0
        D:3 |      57 |      32 |  36.0 |      21 |      11 |  34.4
        D:4 |     547 |     171 |  23.8 |      23 |       1 |   4.2
        D:5 |     612 |     163 |  21.0 |      14 |       4 |  22.2
        D:6 |    1083 |     103 |   8.7 |      23 |       2 |   8.0
        D:7 |    1745 |     742 |  29.8 |      21 |       2 |   8.7
        D:8 |     639 |     450 |  41.3 |      16 |       1 |   5.9
        D:9 |    3147 |      32 |   1.0 |      44 |       1 |   2.2
       D:10 |    4422 |     544 |  11.0 |      41 |      15 |  26.8
       D:11 |    2851 |    2130 |  42.8 |      29 |       1 |   3.3
       D:12 |    4942 |       0 |   0.0 |      41 |       0 |   0.0
       D:13 |    5027 |    3994 |  44.3 |      27 |      14 |  34.1
       D:14 |   12585 |    2452 |  16.3 |      43 |       2 |   4.4
       D:15 |    7820 |    6781 |  46.4 |      24 |       6 |  20.0
     Lair:1 |    2471 |       0 |   0.0 |      12 |       0 |   0.0
     Lair:2 |    3922 |    1803 |  31.5 |      14 |       2 |  12.5
     Lair:3 |    4855 |     542 |  10.0 |      22 |       1 |   4.3
     Lair:4 |    7871 |     575 |   6.8 |      27 |       2 |   6.9
     Lair:5 |    4305 |    5461 |  55.9 |      16 |      19 |  54.3
     Lair:6 |    7747 |   18596 |  70.6 |      24 |      74 |  75.5
   Shoals:1 |    5573 |       0 |   0.0 |      14 |       0 |   0.0
   Shoals:2 |   13724 |    6685 |  32.8 |      25 |      11 |  30.6
   Shoals:3 |    7332 |       0 |   0.0 |      15 |       0 |   0.0
   Shoals:4 |   17523 |   33569 |  65.7 |      31 |      44 |  58.7
   Spider:1 |   19436 |    5411 |  21.8 |      56 |       2 |   3.4
   Spider:2 |   15688 |    6771 |  30.1 |      44 |      28 |  38.9
   Spider:3 |   10655 |       0 |   0.0 |      28 |       0 |   0.0
   Spider:4 |   13506 |   23782 |  63.8 |      36 |      34 |  48.6
    Slime:1 |   10612 |       0 |   0.0 |      23 |       0 |   0.0
    Slime:2 |   11435 |       0 |   0.0 |      13 |       0 |   0.0
    Slime:3 |    2977 |       0 |   0.0 |       2 |       0 |   0.0
    Slime:4 |    4342 |       0 |   0.0 |      16 |       0 |   0.0
    Slime:5 |   24675 |   28490 |  53.6 |      34 |      16 |  32.0
      Orc:1 |    3550 |    3246 |  47.8 |      52 |       5 |   8.8
      Orc:2 |     895 |    8054 |  90.0 |       9 |      31 |  77.5
      Elf:1 |   17702 |   19027 |  51.8 |      29 |      36 |  55.4
      Elf:2 |    7602 |    8489 |  52.8 |      15 |       9 |  37.5
      Elf:3 |   27004 |   41154 |  60.4 |      46 |      27 |  37.0
   Vaults:1 |   42627 |   31315 |  42.4 |      63 |      46 |  42.2
   Vaults:2 |   26874 |   28553 |  51.5 |      46 |      44 |  48.9
   Vaults:3 |   45764 |   32867 |  41.8 |      77 |      46 |  37.4
   Vaults:4 |   42473 |   45713 |  51.8 |      59 |      54 |  47.8
   Vaults:5 |   22197 |  129406 |  85.4 |      29 |      87 |  75.0
    Crypt:1 |   17895 |    8082 |  31.1 |      25 |      12 |  32.4
    Crypt:2 |   42955 |    4797 |  10.0 |      51 |       1 |   1.9
    Crypt:3 |   22215 |   50918 |  69.6 |      28 |      64 |  69.6
     Tomb:1 |       0 |       0 |   N/A |      15 |      59 |  79.7
     Tomb:2 |       0 |       0 |   N/A |      31 |      61 |  66.3
     Tomb:3 |       0 |       0 |   N/A |      28 |      78 |  73.6
   Depths:1 |   10369 |   10907 |  51.3 |      17 |       9 |  34.6
   Depths:2 |   28966 |   25968 |  47.3 |      35 |      18 |  34.0
   Depths:3 |   53734 |   17881 |  25.0 |      72 |      27 |  27.3
   Depths:4 |    3733 |   60576 |  94.2 |      14 |      90 |  86.5
   Depths:5 |   33034 |   26608 |  44.6 |      32 |      16 |  33.3
       Hell |       0 |       0 |   N/A |      40 |      19 |  32.2
      Zot:1 |   82055 |   41576 |  33.6 |      49 |      13 |  21.0
      Zot:2 |   73124 |   16390 |  18.3 |      40 |       8 |  16.7
      Zot:3 |   48829 |    6904 |  12.4 |      33 |       2 |   5.7
      Zot:4 |   48456 |   23553 |  32.7 |      28 |      13 |  31.7
      Zot:5 |   48148 |  174424 |  78.4 |      28 |      41 |  59.4
    Abyss:1 |   32151 |    2463 |   7.1 |      39 |       2 |   4.9
    Abyss:2 |    9360 |       0 |   0.0 |      31 |       0 |   0.0
    Abyss:3 |   15325 |   10467 |  40.6 |      39 |      12 |  23.5
    Abyss:4 |  104280 |   17016 |  14.0 |     167 |      18 |   9.7
        Pan |  187309 |  203308 |  52.0 |     219 |     106 |  32.6
      Zig:1 |   12638 |    2074 |  14.1 |      55 |       4 |   6.8
      Zig:2 |   24617 |       0 |   0.0 |     116 |       0 |   0.0
      Zig:3 |   39930 |       0 |   0.0 |     142 |       0 |   0.0
      Zig:4 |   41321 |    1782 |   4.1 |     225 |       8 |   3.4
      Zig:5 |   44652 |       0 |   0.0 |     284 |       0 |   0.0
      Zig:6 |  109486 |       0 |   0.0 |     317 |       8 |   2.5
      Zig:7 |   80042 |       0 |   0.0 |     336 |       0 |   0.0
      Zig:8 |   97990 |       0 |   0.0 |     435 |       0 |   0.0
      Zig:9 |  121157 |       0 |   0.0 |     430 |       0 |   0.0
     Zig:10 |  126827 |       0 |   0.0 |     523 |       0 |   0.0
     Zig:11 |  237753 |       0 |   0.0 |     528 |       0 |   0.0
     Zig:12 |  210873 |       0 |   0.0 |     641 |       0 |   0.0
     Zig:13 |  183844 |       0 |   0.0 |     712 |       4 |   0.6
     Zig:14 |  257734 |       0 |   0.0 |     774 |       0 |   0.0
     Zig:15 |  231028 |       0 |   0.0 |     869 |       0 |   0.0
     Zig:16 |  188489 |     130 |   0.1 |     973 |       4 |   0.4
     Zig:17 |  276641 |       0 |   0.0 |     980 |       0 |   0.0
     Zig:18 |  384192 |       0 |   0.0 |     852 |       8 |   0.9
     Zig:19 |  358683 |    2315 |   0.6 |     944 |       4 |   0.4
     Zig:20 |  351986 |    2696 |   0.8 |    1065 |       4 |   0.4
     Zig:21 |  415412 |    2279 |   0.5 |     996 |       8 |   0.8
     Zig:22 |  380091 |       0 |   0.0 |    1294 |       4 |   0.3
     Zig:23 |  423458 |       0 |   0.0 |    1154 |       0 |   0.0
     Zig:24 |  558680 |       0 |   0.0 |     962 |       0 |   0.0
     Zig:25 |  434292 |       0 |   0.0 |    1155 |       0 |   0.0
     Zig:26 |  299607 |     192 |   0.1 |    1143 |       8 |   0.7
     Zig:27 |  454008 |       0 |   0.0 |    1241 |       0 |   0.0
     Bailey |       0 |     899 | 100.0 |       0 |      16 | 100.0
      IceCv |       0 |    9724 | 100.0 |       0 |      28 | 100.0
     WizLab |   11817 |    5393 |  31.3 |      29 |       5 |  14.7
   Gauntlet |       0 |    3370 | 100.0 |       0 |       5 | 100.0
            +---------+---------+-------+---------+---------+-------
